Workbook

Sheet GESTIÓN
G2: DIRECCIONAMIENTO ESTRATÉGICO
G3: Formato: Programación, Actualización y Seguimiento del Plan de Acción - Componente de gestión
G4: Código: PE01-PR02-F2 | ET4: Versión : 14
A5: DEPENDENCIA: | G5: DIRECCIÓN DE GESTIÓN CORPORATIVA
A6: CÓDIGO Y NOMBRE PROYECTO: | G6: 7816- Construcción de Espacios de calidad para el Sector Ambiental Bogotá
A7: Propósito Plan de Desarrollo | G7: 5-Construir Bogotá Región con gobierno abierto, transparente y ciudadanía consciente.
A8: Programa Plan de Desarrollo | G8: 56-Gestión Pública Efectiva
A10: 1. ESTRUCTURA DEL PLAN DE DESARROLLO | J10: 2. PROGRAMACIÓN Y EJECUCIÓN | ET10: 3, % CUMPLIMIENTO (En el periodo) | EU10: 4, % CUMPLIMIENTO ACUMULADO (al periodo) | EV10: 5, % CUMPLIMIENTO ACUMULADO (Vigencia) SEGPLAN | EW10: 6, % CUMPLIMIENTO ACUMULADO (al periodo) cuatrienio | EX10: 7 ,% DE AVANCE CUATRIENIO | EY10: 8, DESCRIPCIÓN DE LOS AVANCES Y LOGROS ALCANZADOS | EZ10: 9, RETRASOS | FA10: 10, SOLUCIONES PLANTEADAS | FB10: 11, BENEFICIOS O RESULTADOS A LA POBLACIÓN | FC10: 12, FUENTE DE EVIDENCIAS
A11: 1.1. META PLAN DE DESARROLLO | J11: AÑO 2020 | AD11: AÑO 2021 | BH11: AÑO 2022 | CL11: AÑO 2023 | DP11: AÑO 2024
A12: 1.1.1. Propósito | B12: 1.1.2. Programa | C12: 1.1.3. COD. | D12: 1.1.4. META PLAN DE DESARROLLO | E12: 1.1.5. COD. | F12: 1.1.6. INDICADOR | G12: 1.1.7.UNIDAD DE MEDIDA | H12: 1.1.8. TIPOLOGÍA | I12: 1.1.9. MAGNITUD PD | J12: REPROGRAMACIÓN VIGENCIA (VALOR INICIAL) | K12: PROGRAMADO JUN. | L12: EJECUTADO JUN. | M12: PROGRAMADO JUL. | N12: EJECUTADO JUL. | O12: PROGRAMADO AGO. | P12: EJECUTADO AGO. | Q12: PROGRAMADO SEP. | R12: EJECUTADO SEP. | S12: PROGRAMADO OCT. | T12: EJECUTADO OCT. | U12: PROGRAMADO NOV. | V12: EJECUTADO NOV. | W12: PROGRAMADO DIC. | X12: EJECUTADO DIC. | Y12: PROGRAMADO VALOR ABSOLUTO VIGENCIA | Z12: PROGRAMADO ACUMULADO AL PERIODO AÑO 2020 | AA12: EJECUTADO ACUMUALDO AL PERIODO AÑO 2020 | AB12: PROGRAMADO ACUMULADO SEGPLAN AÑO 2020 | AC12: EJECUTADO ACUMUALDO SEGPLAN AÑO 2020 | AD12: REPROGRAMACIÓN VIGENCIA (VALOR INICIAL) | AE12: PROGRAMADO ENE. | AF12: EJECUTADO ENE. | AG12: PROGRAMADO FEB. | AH12: EJECUTADO FEB. | AI12: PROGRAMADO MAR. | AJ12: EJECUTADO MAR. | AK12: PROGRAMADO ABR. | AL12: EJECUTADO ABR. | AM12: PROGRAMADO MAY. | AN12: EJECUTADO MAY. | AO12: PROGRAMADO JUN. | AP12: EJECUTADO JUN. | AQ12: PROGRAMADO JUL. | AR12: EJECUTADO JUL. | AS12: PROGRAMADO AGO. | AT12: EJECUTADO AGO. | AU12: PROGRAMADO SEP. | AV12: EJECUTADO SEP. | AW12: PROGRAMADO OCT. | AX12: EJECUTADO OCT. | AY12: PROGRAMADO NOV. | AZ12: EJECUTADO NOV. | BA12: PROGRAMADO DIC. | BB12: EJECUTADO DIC. | BC12: PROGRAMADO VALOR ABSOLUTO VIGENCIA | BD12: PROGRAMADO ACUMULADO AL PERIODO AÑO 2021 | BE12: EJECUTADO ACUMUALDO AL PERIODO AÑO 2021 | BF12: PROGRAMADO ACUMULADO SEGPLAN AÑO 2021 | BG12: EJECUTADO ACUMUALDO SEGPLAN AÑO 2021 | BH12: REPROGRAMACIÓN VIGENCIA (VALOR INICIAL) | BI12: PROGRAMADO ENE. | BJ12: EJECUTADO ENE. | BK12: PROGRAMADO FEB. | BL12: EJECUTADO FEB. | BM12: PROGRAMADO MAR. | BN12: EJECUTADO MAR. | BO12: PROGRAMADO ABR. | BP12: EJECUTADO ABR. | BQ12: PROGRAMADO MAY. | BR12: EJECUTADO MAY. | BS12: PROGRAMADO JUN. | BT12: EJECUTADO JUN. | BU12: PROGRAMADO JUL. | BV12: EJECUTADO JUL. | BW12: PROGRAMADO AGO. | BX12: EJECUTADO AGO. | BY12: PROGRAMADO SEP. | BZ12: EJECUTADO SEP. | CA12: PROGRAMADO OCT. | CB12: EJECUTADO OCT. | CC12: PROGRAMADO NOV. | CD12: EJECUTADO NOV. | CE12: PROGRAMADO DIC. | CF12: EJECUTADO DIC. | CG12: PROGRAMADO VALOR ABSOLUTO VIGENCIA | CH12: PROGRAMADO ACUMULADO AL PERIODO AÑO 2022 | CI12: EJECUTADO ACUMUALDO AL PERIODO AÑO 2022 | CJ12: PROGRAMADO ACUMULADO SEGPLAN AÑO 2022 | CK12: EJECUTADO ACUMUALDO SEGPLAN AÑO 2022 | CL12: REPROGRAMACIÓN VIGENCIA (VALOR INICIAL) | CM12: PROGRAMADO ENE. | CN12: EJECUTADO ENE. | CO12: PROGRAMADO FEB. | CP12: EJECUTADO FEB. | CQ12: PROGRAMADO MAR. | CR12: EJECUTADO MAR. | CS12: PROGRAMADO ABR. | CT12: EJECUTADO ABR. | CU12: PROGRAMADO MAY. | CV12: EJECUTADO MAY. | CW12: PROGRAMADO JUN. | CX12: EJECUTADO JUN. | CY12: PROGRAMADO JUL. | CZ12: EJECUTADO JUL. | DA12: PROGRAMADO AGO. | DB12: EJECUTADO AGO. | DC12: PROGRAMADO SEP. | DD12: EJECUTADO SEP. | DE12: PROGRAMADO OCT. | DF12: EJECUTADO OCT. | DG12: PROGRAMADO NOV. | DH12: EJECUTADO NOV. | DI12: PROGRAMADO DIC. | DJ12: EJECUTADO DIC. | DK12: PROGRAMADO VALOR ABSOLUTO VIGENCIA | DL12: PROGRAMADO ACUMULADO AL PERIODO AÑO 2023 | DM12: EJECUTADO ACUMUALDO AL PERIODO AÑO 2023 | DN12: PROGRAMADO ACUMULADO SEGPLAN AÑO 2023 | DO12: EJECUTADO ACUMUALDO SEGPLAN AÑO 2023 | DP12: REPROGRAMACIÓN VIGENCIA (VALOR INICIAL) | DQ12: PROGRAMADO ENE. | DR12: EJECUTADO ENE. | DS12: PROGRAMADO FEB. | DT12: EJECUTADO FEB. | DU12: PROGRAMADO MAR. | DV12: EJECUTADO MAR. | DW12: PROGRAMADO ABR. | DX12: EJECUTADO ABR. | DY12: PROGRAMADO MAY. | DZ12: EJECUTADO MAY. | EA12: PROGRAMADO JUN. | EB12: EJECUTADO JUN. | EC12: PROGRAMADO JUL. | ED12: EJECUTADO JUL. | EE12: PROGRAMADO AGO. | EF12: EJECUTADO AGO. | EG12: PROGRAMADO SEP. | EH12: EJECUTADO SEP. | EI12: PROGRAMADO OCT. | EJ12: EJECUTADO OCT. | EK12: PROGRAMADO NOV. | EL12: EJECUTADO NOV. | EM12: PROGRAMADO DIC. | EN12: EJECUTADO DIC. | EO12: PROGRAMADO VALOR ABSOLUTO VIGENCIA | EP12: PROGRAMADO ACUMULADO AL PERIODO AÑO 2024 | EQ12: EJECUTADO ACUMUALDO AL PERIODO AÑO 2024 | ER12: PROGRAMADO ACUMULADO SEGPLAN AÑO 2024 | ES12: EJECUTADO ACUMUALDO SEGPLAN AÑO 2024
A13: 5 | B13: 56 | C13: 538 | D13: Realizar el 100% de las acciones de mejoramiento de la infraestructura física de la SDA y JBB | E13: 587 | F13: Porcentaje de avance en las acciones de mejoramiento la infraestructura física | G13: Porcentaje | H13: suma | I13: 1 | J13: 0.4 | M13: 0.4 | N13: 0 | O13: 0.4 | P13: 0.03 | Q13: 0.4 | R13: 0.09 | S13: 0.4 | T13: 0.13 | U13: 0.4 | V13: 0.14 | W13: 0.4 | X13: 0.35579769 | Y13: =+W13 -> 0.4 | Z13: =+Y13 -> 0.4 | AA13: =+X13 -> 0.35579769 | AB13: =+Z13 -> 0.4 | AC13: =+AA13 -> 0.35579769 | AD13: =39%+4.42% -> 0.4342 | AE13: 0 | AF13: 0 | AG13: 0.0004 | AH13: 0.0004 | AI13: 0.0105 | AJ13: 0.0105 | AK13: 0.0047 | AL13: 0.0047 | AM13: 0.0149 | AN13: 0.0111 | AO13: 0.0161 | AP13: 0.0102 | AQ13: 0.01732338 | AR13: 0.0108 | AS13: 0.0309 | AT13: 0.0227 | AU13: 0.0426 | AV13: 0.015 | AW13: =11.61%+7.98% -> 0.1959 | AX13: 0.1188 | AY13: 0.0553 | AZ13: 0.0122 | BA13: 0.0456 | BB13: 0.0317 | BC13: =+AE13+AG13+AI13+AK13+AM13+AO13+AQ13+AS13+AU13+AW13+AY13+BA13 -> 0.43422338 | BD13: =+AE13+AG13+AI13+AK13+AM13+AO13+AQ13+AS13+AU13+AW13+AY13+BA13 -> 0.43422338 | BE13: =+AF13+AH13+AJ13+AL13+AN13+AP13+AR13+AT13+AV13+AX13+AZ13+BB13 -> 0.2481 | BF13: =BC13 -> 0.43422338 | BG13: =AF13+AH13+AJ13+AL13+AN13+AP13+AR13+AT13+AV13+AX13+AZ13+BB13 -> 0.2481 | BH13: 0.3061 | BI13: 0 | BJ13: 0 | BK13: 0.0154 | BL13: 0.0058 | BM13: 0.0173 | BN13: 0.0108 | BO13: 0.0195 | BP13: 0.0044 | BQ13: 0.0252 | BR13: 0.0039 | BS13: 0.0252 | BT13: 0.0097 | BU13: 0.034 | BV13: 0.0107 | BW13: 0.034 | BX13: 0.0206 | BY13: 0.034 | BZ13: 0.0015 | CA13: 0.0316 | CB13: 0.0015 | CC13: 0.0362 | CD13: 0.0077 | CE13: 0.0337 | CF13: 0.0047 | CG13: =+BI13+BK13+BM13+BO13+BQ13+BS13+BU13+BW13+BY13+CA13+CC13+CE13 -> 0.3061 | CH13: =BI13+BK13+BM13+BO13+BQ13+BS13+BU13+BW13+BY13+CA13+CC13+CE13 -> 0.3061 | CI13: =BJ13+BL13+BN13+BP13+BR13+BT13+BV13+BX13+BZ13+CB13+CD13+CF13 -> 0.0813 | CJ13: =BI13+BK13+BM13+BO13+BQ13+BS13+BU13+BW13+BY13+CA13+CC13+CE13 -> 0.3061 | CK13: =BJ13+BL13+BN13+BP13+BR13+BT13+BV13+BX13+BZ13+CB13+CD13+CF13 -> 0.0813 | CL13: 0.3048 | CM13: 0 | CN13: 0 | CO13: 0.0001 | CP13: 0.0001 | CQ13: 0.0001 | CR13: 0.0001 | CS13: 0.0076 | CT13: 0.0005 | CU13: 0.0076 | CV13: 0.0005 | CW13: 0.0196 | CX13: 0.0194 | CY13: 0.0419 | CZ13: =2.47%-2.06% -> 0.0041 | DA13: 0.0419 | DB13: 0.0018 | DC13: 0.0465 | DD13: 0.0024 | DE13: 0.0465 | DG13: 0.0465 | DI13: 0.0417 | DK13: =+CM13+CO13+CQ13+CS13+CU13+CW13+CY13+DA13+DC13+DE13+DG13+DI13 -> 0.3 | DL13: =CM13+CO13+CQ13+CS13+CU13+CW13+CY13+DA13 -> 0.1188 | DM13: =CN13+CP13+CR13+CT13+CV13+CX13+CZ13+DB13+DD13+DF13+DH13 -> 0.0289 | DN13: =CM13+CO13+CQ13+CS13+CU13+CW13+CY13+DA13+DC13+DE13+DG13+DI13 -> 0.3 | DO13: =CN13+CP13+CR13+CT13+CV13+CX13+CZ13+DB13+DD13+DF13+DH13+DJ13 -> 0.0289 | DP13: 0.0148 | ET13: =DD13/DC13 -> 0.051612903 | EU13: =DM13/DL13 -> 0.24326599 | EV13: =DO13/DN13 -> 0.096333333 | EW13: =(AC13+BG13+CK13+DM13)/(AB13+BF13+CJ13+DL13) -> 0.56713877 | EX13: =(AC13+BG13+CK13+DO13)/I13 -> 0.71409769 | EY13: El avance acumulado al Plan de Desarrollo es 71,41%, el cual se detalla a continuación: En 2020 tuvo un avance del 35,58%, así: 1. Avance total acumulado del 57.76% en la obra de la Casa ecológica de los animales-CEA 2. Se culminó la obra Centro de Atención y Valoración de Flora y Fauna Silvestre-CAVFFS 3. Se culminaron las actividades de mantenimiento a la infraestructura priorizada. En la vigencia 2021 se avanzó en un 24,81%, así: 1. La obra CEA presentó un avance total de obra acumulado del 62,360%. 2. Se suscribe el acta de recibo final y de liquidación de la obra CAVFFS. 3. Se suscribió el contrato No. 20211595 para construir la Fase II del CAVFFS, por lo que se aprueba cronograma, manual operativo y se presenta para viabilidad los predios conforme a usos y normatividad. 4. Se suscribe el contrato de obra de mantenimiento a la firma Gestión Rural y Urbana SAS. 5. Se suscribe el contrato de obra de adecuaciones a la firma Consorcio Amarillo 2022. En la vigencia 2022 se avanza en un 8,13%, así: 1. Termina el contrato de obra CEA con un avance acumulado total del 62,926%, por lo que se suscribe contrato No. 20221996 para la asistencia técnica y financiera de la etapa final de la obra. 2. Se suscriben las actas de liquidación del contrato de obra e interventoría del CAVFFS. 3. II CAVFFS: Findeter realiza una revisión de más de 100 lotes, teniendo en cuenta su área, su ubicación, y la facilidad de acceso y la SDP envía respuesta por concepto de uso del suelo donde reiteran la viabilidad y se aprueba un predio por parte del DADEP. Por lo que, se inicia con el proceso de consultoría y obra. 4. Se ejecutan total las obras de mantenimiento de Infraestructura programadas. 5. Se termina el contrato de adecuaciones de infraestructura sin concluir las actividades programadas, por lo que se inicia proceso de incumplimiento al contratista de obra. En la vigencia 2023 se avanza en un 2,89%, así: 1. La obra del CEA presenta un avance de obra del 6,81% 2. El contratista de la primera etapa de la construcción de la II Fase del CAVFFS avanza un 87% | EZ13: -Concepto no favorable de la Curaduría urbana para el uso del suelo, después de que la SDP expidió concepto favorable el 18/07/2022 sobre el cual se adelantaron los procesos de contratación de la II Fase del CAVFFS, por lo cual, el contrato actualmente se encuentra suspendido -Retraso en la estructuración del proceso de contratación de mantenimiento y adecuaciones, debido a la complejidad en la consolidacion de los requirimientos tecnicos conforme al estado actual de las sedes de la SDA. | FA13: Radicación de requerimientos a la Secretaria de Planeacion Distrital en el mes de octubre, como seguimiento al concepto favorable de uso del suelo para la obra II Fase CAVFFS. - Agilizar el proceso precontractual y una vez se suscriba el contrato de mantenimiento y adecuaciones, ajustar los cronogramas de obra con el fin de cumplir con la totalidad de las actividades programadas. | FB13: Casa Ecológica de los animales – CEA: Con la construcción de este centro, la SDA contribuirá a los objetivos estratégicos y de calidad, relacionados con el incremento de la capacidad técnica, administrativa y el conocimiento, permitiendo asegurar el éxito de procesos de recepción, atención, alojamiento, etología, adopción o reintegro de los animales objeto de este proyecto. Centro de Recepción y Rehabilitación de Flora y Fauna Silvestre - CRRFFS: Los avances registrados en el cumplimiento de la meta permiten a la ciudad contar con un Centro integral con el medio ambiente, buscando ser el primer referente del país en materia de manejo, recepción y rehabilitación de fauna silvestre, con instalaciones de vanguardia, con tecnologías aplicadas que permiten asegurar el éxito de procesos de rehabilitación y manejo, optimización del recurso no renovable del suelo y un aporte ambiental utilizando conceptos de eco-urbanismo. Obra nueva de Infraestructura: Con la ejecución de las actividades se da inicio al proceso de construcción de un espacio para la guarda y custodia de las maderas aprehendidas o decomisadas por la Secretaria Distrital de Ambiente, acción adelantada para proteger y conservar el recurso flora, buscando su comercialización legal, disminuyendo así la presión sobre el recurso, permitiendo a la comunidad el goce y disfrute de los ecosistemas en las condiciones adecuadas. Mantenimiento de la Infraestructura Ambiental Priorizada en la Secretaría Distrital de Ambiente: Prevención y corrección a deterioros en la infraestructura de la Secretaría Distrital de Ambiente, brindando así espacios seguros y de calidad para los servidores y usuarios de la SDA. | FC13: Drive: https://drive.google.com/drive/folders/11QXDuCJrB3c846ikSuTK5AynVxt_hNO5?usp=share_link _ Acta de adjudicación del contrato de consultoría y obra. _ Acta de adjudicación del contrato de interventoría. _ Acta de reunión del 15 de febrero de 2023.
A14: 5 | B14: 56 | C14: 538 | D14: Realizar el 100% de las acciones de mejoramiento de la infraestructura física de la SDA y JBB | E14: 703 | F14: Porcentaje de avance físico del proyecto financiado con regalías denominado "Centro de Flora y Fauna" | G14: Porcentaje | H14: suma | I14: 0.168 | Y14: =+W14 -> 0 | Z14: =+Y14 -> 0 | AA14: =+X14 -> 0 | AB14: =+Z14 -> 0 | AC14: =+AA14 -> 0 | AD14: 0.168 | AE14: 0 | AF14: 0 | AG14: 0 | AH14: 0 | AI14: 0 | AJ14: 0 | AK14: 0 | AL14: 0 | AM14: 0 | AN14: 0 | AO14: 0 | AP14: 0 | AQ14: 0 | AR14: 0 | AS14: 0 | AT14: 0 | AU14: 0 | AV14: 0 | AW14: 0 | AX14: 0 | AY14: 0 | AZ14: 0 | BA14: 0.168 | BB14: 0.1512 | BC14: =+AE14+AG14+AI14+AK14+AM14+AO14+AQ14+AS14+AU14+AW14+AY14+BA14 -> 0.168 | BD14: =+AE14+AG14+AI14+AK14+AM14+AO14+AQ14+AS14+AU14+AW14+AY14+BA14 -> 0.168 | BE14: =+AF14+AH14+AJ14+AL14+AN14+AP14+AR14+AT14+AV14+AX14+AZ14+BB14 -> 0.1512 | BF14: =BC14 -> 0.168 | BG14: =AF14+AH14+AJ14+AL14+AN14+AP14+AR14+AT14+AV14+AX14+AZ14+BB14 -> 0.1512 | BH14: =+BD14-BE14 -> 0.0168 | BI14: 0 | BJ14: 0 | BK14: 0.008 | BL14: 0.008 | BM14: 0.0088 | BN14: 0.0044 | BO14: 0 | BP14: 0.004 | BQ14: 0 | BR14: 0.0004 | BS14: 0 | BT14: 0 | BU14: 0 | BV14: 0 | BW14: 0 | BX14: 0 | BY14: 0 | BZ14: 0 | CA14: 0 | CC14: 0 | CD14: 0 | CE14: 0 | CF14: 0 | CG14: =+BI14+BK14+BM14+BO14+BQ14+BS14+BU14+BW14+BY14+CA14+CC14+CE14 -> 0.0168 | CH14: =BI14+BK14+BM14+BO14+BQ14+BS14+BU14+BW14+BY14+CA14+CC14 -> 0.0168 | CI14: =BJ14+BL14+BN14+BP14+BR14+BT14+BV14+BX14+BZ14+CB14+CD14 -> 0.0168 | CJ14: =BI14+BK14+BM14+BO14+BQ14+BS14+BU14+BW14+BY14+CA14+CC14+CE14 -> 0.0168 | CK14: =BJ14+BL14+BN14+BP14+BR14+BT14+BV14+BX14+BZ14+CB14+CD14+CF14 -> 0.0168 | CL14: 0 | CM14: 0 | CN14: 0 | CO14: 0 | CP14: 0 | CQ14: 0 | CR14: 0 | CS14: 0 | CT14: 0 | CU14: 0 | CV14: 0 | CW14: 0 | CX14: 0 | CY14: 0 | CZ14: 0 | DA14: 0 | DB14: 0 | DC14: 0 | DD14: 0 | DE14: 0 | DF14: 0 | DG14: 0 | DH14: 0 | DI14: 0 | DJ14: 0 | DK14: =+CM14+CO14+CQ14+CS14+CU14+CW14+CY14+DA14+DC14+DE14+DG14+DI14 -> 0 | DL14: =CM14+CO14+CQ14+CS14+CU14+CW14+CY14+DA14+DC14+DE14+DG14 -> 0 | DM14: =CN14+CP14+CR14+CT14+CV14+CX14+CZ14+DB14+DD14+DF14+DH14 -> 0 | DN14: =CM14+CO14+CQ14+CS14+CU14+CW14+CY14+DA14+DC14+DE14+DG14+DI14 -> 0 | DO14: =CN14+CP14+CR14+CT14+CV14+CX14+CZ14+DD14+DF14+DH14+DJ14 -> 0 | DP14: 0 | ET14: =IFERROR(DD14/DC14,0) -> 0 | EU14: =IFERROR(DM14/DL14,0) -> 0 | EV14: =IFERROR(DO14/DN14,0) -> 0 | EW14: =(BG14+CK14)/I14 -> 1 | EX14: =(AC14+BG14+CK14+DO14)/I14 -> 1 | EY14: "El avance acumulado al Plan de Desarrollo es 100%, el cual se detalla a continuación: En la vigencia 2021 se avanzó en un 15,12% en el cumplimiento del indicador, con la ejecución de las siguientes actividades: CENTRO DE ATENCION Y VALORACION DE FLORA Y FAUNA SILVESTRE - CAVFFS: Construir y dotar el Centro de Recepción y Rehabilitación de Flora y Fauna Silvestre, esta obra proporcionara en primera instancia que se dé cumplimiento a los dispuesto en el Decreto 2064 de 2010 referente a la idoneidad de las instalaciones y a su capacidad de atención, lo que garantizara un mejor cobertura de servicios para la fauna silvestre, con el fin de que los tratamientos y demás procesos que en esta se desarrollen contribuyan al completo restablecimiento de las especies que acá lleguen. La Secretaría Distrital de Ambiente suscribió el contrato de obra No. SDA-20171399 con el CONSORCIO REHABILITACIÓN 2017 el 29 de diciembre de 2017 por un plazo total de Dos (2) años, cuatro (4) meses y diez (10) días. Por lo que, en el mes de octubre de 2021 se suscribió el acta de recibo final de la obra CAVFFS con el 100% de ejecución de la obra. En el mes de diciembre de 2021 se suscribió el acta de liquidación de mutuo acuerdo con el Consorcio Rehabilitación 2017 (Contratista de Obra). Por lo que, quedó pendiente el pago final condicionada a la liquidacion del contrato, el cual se realizara en la vigencia 2022. En el mes de febrero y marzo de 2022 se realizan los tramites de liquidacion del contrato de interventoria SDA-CM-20171398 y los traslados presupuestales necesarios para garantizar el cumplimiento de la obligacion por parte de la SDA. En el mes de mayo se realiza giro al contratista de obra conforme a los porcentajes estipulados en la forma de pago del contrato y en la liquidacion. | EZ14: N/A | FA14: N/A | FB14: CENTRO DE ATENCION Y VALORACION DE FLORA Y FAUNA SILVESTRE - CAVFFS: Construir y dotar el Centro de Recepción y Rehabilitación de Flora y Fauna Silvestre, esta obra proporcionara en primera instancia que se dé cumplimiento a los dispuesto en el Decreto 2064 de 2010 referente a la idoneidad de las instalaciones y a su capacidad de atención, lo que garantizara un mejor cobertura de servicios para la fauna silvestre, con el fin de que los tratamientos y demás procesos que en esta se desarrollen contribuyan al completo restablecimiento de las especies que acá lleguen. | FC14: Actas de recibo y liquidacion Link de consulta: https://drive.google.com/drive/folders/1iomgu3hY97WraRp2Sq7UlLSMAoLvh8Kt?usp=sharing
D16: CONTROL DE CAMBIOS
D17: Versión | E17: Descripción de la Modificación | K17: No. Acto Administrativo y fecha
D18: 13 | E18: Se crea hoja de SPI | K18: Radicado 2020IE191541 del 29 de octubre de 2020
D19: 14 | E19: Se agregan en el componente de gestión y de inversión nuevas columnas para establecer más patrones de medición

Sheet INVERSIÓN
F1: DIRECCIONAMIENTO ESTRATÉGICO
F2: Formato: Programación, Actualización y Seguimiento del Plan de Acción - Componente de Inversión
F3: Código: PE01-PR02-F2 | ER3: Versión : 14
A4: DEPENDENCIA: | F4: DIRECCIÓN DE GESTIÓN CORPORATIVA
A5: CÓDIGO Y NOMBRE PROYECTO: | F5: 7816- Construcción de Espacios de calidad para el Sector Ambiental Bogotá
A7: 1, INFORMACIÓN META DE PROYECTO | H7: 2, PROGRAMACIÓN Y EJECUCIÓN | ER7: 3, % CUMPLIMIENTO (En el periodo) | ES7: 4, % CUMPLIMIENTO ACUMULADO (al periodo) | ET7: 5, % CUMPLIMIENTO ACUMULADO (Vigencia) SEGPLAN | EU7: 6, % CUMPLIMIENTO ACUMULADO (al periodo)DEL CUATRIENIO | EV7: 7 ,% DE AVANCE CUATRIENIO | EW7: 8, DESCRIPCIÓN DE LOS AVANCES Y LOGROS ALCANZADOS | EX7: 9, RETRASOS | EY7: 10, SOLUCIONES PLANTEADAS | EZ7: 11, BENEFICIOS O RESULTADOS A LA POBLACIÓN | FA7: 12, FUENTE DE EVIDENCIAS
H8: AÑO 2020 | AB8: AÑO 2021 | BF8: AÑO 2022 | CJ8: AÑO 2023 | DN8: AÑO 2024
A9: 1,1 LÍNEA DE ACCIÓN | B9: 1,2 COD. | C9: 1,3 META | D9: 1,4 TIPOLOGÍA | E9: 1,5 COD. META PDD A QUE SE ASOCIA META PROY | F9: 1,6, VARIABLE REQUERIDA | G9: 1,7, VALOR CUATRIENIO | H9: REPROGRAMACIÓN VIGENCIA (VALOR INICIAL) | I9: PROGRAMADO JUN. | J9: EJECUTADO JUN. | K9: PROGRAMADO JUL. | L9: EJECUTADO JUL. | M9: PROGRAMADO AGO. | N9: EJECUTADO AGO. | O9: PROGRAMADO SEP. | P9: EJECUTADO SEP. | Q9: PROGRAMADO OCT. | R9: EJECUTADO OCT. | S9: PROGRAMADO NOV. | T9: EJECUTADO NOV. | U9: PROGRAMADO DIC. | V9: EJECUTADO DIC. | W9: PROGRAMADO VALOR ABSOLUTO VIGENCIA | X9: PROGRAMADO ACUMULADO AL PERIODO AÑO 2020 | Y9: EJECUTADO ACUMULADO AL PERIODO AÑO 2020 | Z9: PROGRAMADO ACUMULADO SEGPLAN AÑO 2020 | AA9: EJECUTADO ACUMULADO SEGPLAN AÑO 2020 | AB9: REPROGRAMACIÓN VIGENCIA (VALOR INICIAL) | AC9: PROGRAMADO ENE. | AD9: EJECUTADO ENE. | AE9: PROGRAMADO FEB. | AF9: EJECUTADO FEB. | AG9: PROGRAMADO MAR. | AH9: EJECUTADO MAR. | AI9: PROGRAMADO ABR. | AJ9: EJECUTADO ABR. | AK9: PROGRAMADO MAY. | AL9: EJECUTADO MAY. | AM9: PROGRAMADO JUN. | AN9: EJECUTADO JUN. | AO9: PROGRAMADO JUL. | AP9: EJECUTADO JUL. | AQ9: PROGRAMADO AGO. | AR9: EJECUTADO AGO. | AS9: PROGRAMADO SEP. | AT9: EJECUTADO SEP. | AU9: PROGRAMADO OCT. | AV9: EJECUTADO OCT. | AW9: PROGRAMADO NOV. | AX9: EJECUTADO NOV. | AY9: PROGRAMADO DIC. | AZ9: EJECUTADO DIC. | BA9: PROGRAMADO VALOR ABSOLUTO VIGENCIA | BB9: PROGRAMADO ACUMULADO AL PERIODO AÑO 2021 | BC9: EJECUTADO ACUMULADO AL PERIODO AÑO 2021 | BD9: PROGRAMADO ACUMULADO SEGPLAN AÑO 2021 | BE9: EJECUTADO ACUMULADO SEGPLAN AÑO 2021 | BF9: REPROGRAMACIÓN VIGENCIA (VALOR INICIAL) | BG9: PROGRAMADO ENE. | BH9: EJECUTADO ENE. | BI9: PROGRAMADO FEB. | BJ9: EJECUTADO FEB. | BK9: PROGRAMADO MAR. | BL9: EJECUTADO MAR. | BM9: PROGRAMADO ABR. | BN9: EJECUTADO ABR. | BO9: PROGRAMADO MAY. | BP9: EJECUTADO MAY. | BQ9: PROGRAMADO JUN. | BR9: EJECUTADO JUN. | BS9: PROGRAMADO JUL. | BT9: EJECUTADO JUL. | BU9: PROGRAMADO AGO. | BV9: EJECUTADO AGO. | BW9: PROGRAMADO SEP. | BX9: EJECUTADO SEP. | BY9: PROGRAMADO OCT. | BZ9: EJECUTADO OCT. | CA9: PROGRAMADO NOV. | CB9: EJECUTADO NOV. | CC9: PROGRAMADO DIC. | CD9: EJECUTADO DIC. | CE9: PROGRAMADO VALOR ABSOLUTO VIGENCIA | CF9: PROGRAMADO ACUMULADO AL PERIODO AÑO 2022 | CG9: EJECUTADO ACUMULADO AL PERIODO AÑO 2022 | CH9: PROGRAMADO ACUMULADO SEGPLAN AÑO 2022 | CI9: EJECUTADO ACUMULADO SEGPLAN AÑO 2022 | CJ9: REPROGRAMACIÓN VIGENCIA (VALOR INICIAL) | CK9: PROGRAMADO ENE. | CL9: EJECUTADO ENE. | CM9: PROGRAMADO FEB. | CN9: EJECUTADO FEB. | CO9: PROGRAMADO MAR. | CP9: EJECUTADO MAR. | CQ9: PROGRAMADO ABR. | CR9: EJECUTADO ABR. | CS9: PROGRAMADO MAY. | CT9: EJECUTADO MAY. | CU9: PROGRAMADO JUN. | CV9: EJECUTADO JUN. | CW9: PROGRAMADO JUL. | CX9: EJECUTADO JUL. | CY9: PROGRAMADO AGO. | CZ9: EJECUTADO AGO. | DA9: PROGRAMADO SEP. | DB9: EJECUTADO SEP. | DC9: PROGRAMADO OCT. | DD9: EJECUTADO OCT. | DE9: PROGRAMADO NOV. | DF9: EJECUTADO NOV. | DG9: PROGRAMADO DIC. | DH9: EJECUTADO DIC. | DI9: PROGRAMADO VALOR ABSOLUTO VIGENCIA | DJ9: PROGRAMADO ACUMULADO AL PERIODO AÑO 2023 | DK9: EJECUTADO ACUMULADO AL PERIODO AÑO 2023 | DL9: PROGRAMADO ACUMULADO SEGPLAN AÑO 2023 | DM9: EJECUTADO ACUMULADO SEGPLAN AÑO 2023 | DN9: REPROGRAMACIÓN VIGENCIA (VALOR INICIAL) | DO9: PROGRAMADO ENE. | DP9: EJECUTADO ENE. | DQ9: PROGRAMADO FEB. | DR9: EJECUTADO FEB. | DS9: PROGRAMADO MAR. | DT9: EJECUTADO MAR. | DU9: PROGRAMADO ABR. | DV9: EJECUTADO ABR. | DW9: PROGRAMADO MAY. | DX9: EJECUTADO MAY. | DY9: PROGRAMADO JUN. | DZ9: EJECUTADO JUN. | EA9: PROGRAMADO JUL. | EB9: EJECUTADO JUL. | EC9: PROGRAMADO AGO. | ED9: EJECUTADO AGO. | EE9: PROGRAMADO SEP. | EF9: EJECUTADO SEP. | EG9: PROGRAMADO OCT. | EH9: EJECUTADO OCT. | EI9: PROGRAMADO NOV. | EJ9: EJECUTADO NOV. | EK9: PROGRAMADO DIC. | EL9: EJECUTADO DIC. | EM9: PROGRAMADO VALOR ABSOLUTO VIGENCIA | EN9: PROGRAMADO ACUMULADO AL PERIODO AÑO 2024 | EO9: EJECUTADO ACUMULADO AL PERIODO AÑO 2024 | EP9: PROGRAMADO ACUMULADO SEGPLAN AÑO 2024 | EQ9: EJECUTADO ACUMULADO SEGPLAN AÑO 2024
A10: Infraestructura física | B10: 1 | C10: Construir el 32% del Centro de Protección y Bienestar Animal - Casa ecológica de los animales | D10: suma | E10: 538 | F10: MAGNITUD FÍSICA | G10: =AA10+BE10+CI10+DL10+DN10 -> 0.3049 | H10: 0.32 | K10: 0.32 | L10: 0,002% | M10: 0.32 | N10: 0,015% | O10: 0.32 | P10: 0.03 | Q10: 0.32 | R10: 0.03 | S10: 0.32 | T10: 0.03 | U10: 0.24 | V10: 0.24 | W10: =+U10 -> 0.24 | X10: =+U10 -> 0.24 | Y10: =+V10 -> 0.24 | Z10: =+X10 -> 0.24 | AA10: =+Y10 -> 0.24 | AB10: 0 | AC10: 0 | AD10: 0 | AE10: 0 | AF10: 0 | AG10: 0 | AH10: 0 | AI10: 0 | AJ10: 0 | AK10: 0 | AL10: 0 | AM10: 0 | AN10: 0 | AO10: 0 | AP10: 0 | AQ10: 0 | AR10: 0 | AS10: 0 | AT10: 0 | AU10: 0 | AV10: 0 | AW10: 0 | AX10: 0 | AY10: 0 | AZ10: 0 | BA10: =+AC10+AE10+AG10+AI10+AK10+AM10+AO10+AQ10+AS10+AU10+AW10+AY10 -> 0 | BB10: =+AC10+AE10+AG10+AI10+AK10+AM10+AO10+AQ10+AS10+AU10+AW10+AY10 -> 0 | BC10: =+AD10+AF10+AH10+AJ10+AL10+AN10+AP10+AR10+AT10+AV10+AX10+AZ10 -> 0 | BD10: =+AC10+AE10+AG10+AI10+AK10+AM10+AO10+AQ10+AS10+AU10+AW10+AY10 -> 0 | BE10: =+AD10+AF10+AH10+AJ10+AL10+AN10+AP10+AR10+AT10+AV10+AX10+AZ10 -> 0 | BF10: 0 | BG10: 0 | BH10: 0 | BI10: 0 | BJ10: 0 | BK10: 0 | BL10: 0 | BM10: 0 | BN10: 0 | BO10: 0 | BP10: 0 | BQ10: 0 | BR10: 0 | BS10: 0 | BT10: 0 | BU10: 0 | BV10: 0 | BW10: 0 | BX10: 0 | BY10: 0 | BZ10: 0 | CA10: 0 | CB10: 0 | CC10: 0 | CD10: 0 | CE10: =+BG10+BI10+BK10+BM10+BO10+BQ10+BS10+BU10+BW10+BY10+CA10+CC10 -> 0 | CF10: =BG10+BI10+BK10+BM10+BO10+BQ10+BS10+BU10+BW10+BY10+CA10+CC10 -> 0 | CG10: =BH10+BJ10+BL10+BN10+BP10+BR10+BT10+BV10+BX10+BZ10+CB10+CD10 -> 0 | CH10: =BG10+BI10+BK10+BM10+BO10+BQ10+BS10+BU10+BW10+BY10+CA10+CC10 -> 0 | CI10: =BH10+BJ10+BL10+BN10+BP10+BR10+BT10+BV10+BX10+BZ10+CB10+CD10 -> 0 | CJ10: 0.0649 | CK10: 0 | CL10: 0 | CM10: 0 | CN10: 0 | CO10: 0 | CP10: 0 | CQ10: 0 | CR10: 0 | CS10: 0 | CT10: 0 | CU10: 0 | CV10: 0 | CW10: 0.0108 | CX10: 0 | CY10: 0.0108 | CZ10: 0.0063 | DA10: 0.0108 | DB10: 0.0079 | DC10: 0.0108 | DE10: 0.0108 | DG10: 0.007 | DI10: =+CK10+CM10+CO10+CQ10+CS10+CU10+CW10+CY10+DA10+DC10+DE10+DG10 -> 0.061 | DJ10: =CK10+CM10+CO10+CQ10+CS10+CU10+CW10+CY10+DA10 -> 0.0324 | DK10: =CL10+CN10+CP10+CR10+CT10+CV10+CX10+CZ10+DB10+DD10+DF10+DH10 -> 0.0142 | DL10: =CK10+CM10+CO10+CQ10+CS10+CU10+CW10+CY10+DA10+DC10+DE10+DG10 -> 0.061 | DM10: =CL10+CN10+CP10+CR10+CT10+CV10+CX10+CZ10+DB10+DD10+DF10+DH10 -> 0.0142 | DN10: 0.0039 | ER10: =DB10/DA10 -> 0.73148148 | ES10: =IFERROR(DK10/DJ10,0) -> 0.4382716 | ET10: =DM10/DL10 -> 0.23278689 | EU10: =(AA10+BE10+CI10+DK10)/(Z10+BD10+CH10+DJ10) -> 0.93318649 | EV10: =(AA10+BE10+CI10+DM10)/G10 -> 0.83371597 | EW10: El avance acumulado del plan de desarrollo es del 84% (26,93%) y corresponde al avance físico ponderado de la obra; Casa Ecológica de los Animales - CEA. A la fecha presenta una ejecución física del 6,81% de la obra. A continuación, se presenta la gestión realizada en el marco de la ejecución del contrato interadministrativo No. SDA-20221996, con las siguientes actividades: - Findeter adelantó la convocatoria pública No. PAF-ATSDA-O-021-2023, cuyo cierre se estableció para el 21 de abril. En esta ocasión, se contó con la participación de 4 proponentes. El 27 de abril, se publicó informe de evaluación de requisitos habilitantes. -El 12 de mayo, se llevó a cabo Comité Fiduciario Extraordinario para adjudicar los procesos, en los siguientes términos: Adjudicación de la obra al CONSORCIO JFIGC FUNZA, por un valor de $16.197.359.020; Adjudicación de la interventoría CONSORCIO GC 012 $542.306.560. -El 24 de mayo se adelantó visita al CAV, con participación de los adjudicatarios, IDIPYBA, Findeter y la SDA, con el propósito de realizar presentación formal. -El 14 de junio se suscribieron los contratos No.111259-001-2023 (obra) y No.111259-002-2023 (interventoria) y el 20 de junio su respectiva acta de inicio. -El 20 de julio se dio por terminada la etapa de diagnóstico y se socializo el 21 de julio con participación de la interventoría, el contratista de obra, Findeter, IDPYBA y la SDA. -El 28 de julio se realizó reunión de socialización del presupuesto de actividades preliminares. -El 1 de agosto, se dio inicio a las actividades preliminares, cuyo desarrollo se extendió hasta el 31/08/2023. -El 4, 17, 24, 29 de agosto de 2023, se llevó a cabo reunión de socialización del presupuesto general definitivo de la obra, incluyendo obras de urbanismo con los ajustes solicitados por la entidad. -Los avances se encuentran materializados en los módulos de acceso, aislamientos de perros y gatos, etología, alojamientos de perros y gatos y actividades generales en obra. | EX10: Producto de la etapa de diagnóstico, se identificó la necesidad de realizar ensayos y pruebas a las estructuras existentes y a las redes eléctricas, hidráulicas y sanitarias, con el fin de determinar su funcionalidad y poder proceder con la intervención de los módulos, lo que generó retraso en todo el cronograma. | EY10: Seguimiento a los compromisos adquiridos y al cronograma mediante comites de obra o reuniones o visitas de inspeccion. | EZ10: La construcción de la Casa Ecológica de los Animales, es un proyecto que busca reivindicar el espacio ideal para los animales domésticos que sufren alguna condición de maltrato en el Distrito Capital, en el cual se les brinde los escenarios apropiados para que los animales puedan realizar su proceso de recuperación en óptimas circunstancias, garantizándoles calidad de vida. | FA10: Drive: https://drive.google.com/drive/folders/11QXDuCJrB3c846ikSuTK5AynVxt_hNO5?usp=share_link 1. Acta de cierre convocatoria pública No. PAF-ATSDA-O-017-2023 (Desierta) 2. Términos de Referencia PAF-ATSDA-O-021-2023. 3. Adenda 3. Modificación "SUBCAPÍTULO III CRONOGRAMA". 4. Acta de cierre Convocatoria Pública No. PAF-ATSDA-O-021-2023. 5. Informe preliminar verificación requisitos habilitantes. 6. Actas de comite de obra
F11: PRESUPUESTO VIGENCIA | G11: =AA11+BE11+CI11+DL11+DN11 -> 30090732647 | H11: 11308000000 | K11: 11308000000 | L11: 30690000 | M11: 11308000000 | N11: 180817068 | O11: 11308000000 | P11: 1040836780 | Q11: 11308000000 | R11: 1040836780 | S11: 11308000000 | T11: 1040836780 | U11: 11308000000 | V11: 9964964565 | W11: =+U11 -> 11308000000 | X11: =+U11 -> 11308000000 | Y11: =+V11 -> 9964964565 | Z11: =+X11 -> 11308000000 | AA11: =+Y11 -> 9964964565 | AB11: 0 | AC11: 0 | AD11: 0 | AE11: 0 | AF11: 0 | AG11: 992773 | AH11: 992773 | AI11: 0 | AJ11: 0 | AK11: 0 | AL11: 0 | AM11: 208007227 | AN11: 0 | AO11: =209661094-209000000 -> 661094 | AP11: 208668321 | AQ11: 0 | AR11: 0 | AS11: 250000000 | AT11: 235186245 | AU11: 840971838 | AV11: 840971838 | AW11: 0 | AX11: 0 | AY11: =1969386711-1300632932 -> 668753779 | AZ11: =1954572956-1285819177 -> 668753779 | BA11: =+AC11+AE11+AG11+AI11+AK11+AM11+AO11+AQ11+AS11+AU11+AW11+AY11 -> 1969386711 | BB11: =+AC11+AE11+AG11+AI11+AK11+AM11+AO11+AQ11+AS11+AU11+AW11+AY11 -> 1969386711 | BC11: =+AD11+AF11+AH11+AJ11+AL11+AN11+AP11+AR11+AT11+AV11+AX11+AZ11 -> 1954572956 | BD11: =+AC11+AE11+AG11+AI11+AK11+AM11+AO11+AQ11+AS11+AU11+AW11+AY11 -> 1969386711 | BE11: =+AD11+AF11+AH11+AJ11+AL11+AN11+AP11+AR11+AT11+AV11+AX11+AZ11 -> 1954572956 | BF11: 0 | BG11: 0 | BH11: 0 | BI11: 0 | BJ11: 0 | BK11: 29875010 | BL11: 29875010 | BM11: 307400572 | BN11: 307400572 | BO11: 0 | BP11: 0 | BQ11: 0 | BR11: 17797878 | BS11: 324000000 | BT11: 0 | BU11: -187377922 | BV11: 0 | BW11: 0 | BX11: 0 | BY11: 0 | BZ11: 0 | CA11: 0 | CB11: 112376903 | CC11: 2589731033 | CD11: 2596177853 | CE11: =+BG11+BI11+BK11+BM11+BO11+BQ11+BS11+BU11+BW11+BY11+CA11+CC11 -> 3063628693 | CF11: =BG11+BI11+BK11+BM11+BO11+BQ11+BS11+BU11+BW11+BY11+CA11+CC11 -> 3063628693 | CG11: =BH11+BJ11+BL11+BN11+BP11+BR11+BT11+BV11+BX11+BZ11+CB11+CD11 -> 3063628216 | CH11: =+BG11+BI11+BK11+BM11+BO11+BQ11+BS11+BU11+BW11+BY11+CA11+CC11 -> 3063628693 | CI11: =+BH11+BJ11+BL11+BN11+BP11+BR11+BT11+BV11+BX11+BZ11+CB11+CD11 -> 3063628216 | CJ11: 17228190000 | CK11: 15029697910 | CL11: 15029697910 | CM11: 70790000 | CN11: 70790000 | CO11: 0 | CP11: 0 | CQ11: 0 | CR11: 0 | CT11: 0 | CV11: 0 | CX11: 0 | CZ11: 0 | DB11: 0 | DG11: 7079000 | DI11: =+CK11+CM11+CO11+CQ11+CS11+CU11+CW11+CY11+DA11+DC11+DE11+DG11 -> 15107566910 | DJ11: =CK11+CM11+CO11+CQ11+CS11+CU11+CW11+CY11+DA11 -> 15100487910 | DK11: =CL11+CN11+CP11+CR11+CT11+CV11+CX11+CZ11+DB11+DD11+DF11+DH11 -> 15100487910 | DL11: =+CK11+CM11+CO11+CQ11+CS11+CU11+CW11+CY11+DA11+DC11+DE11+DG11 -> 15107566910 | DM11: =+CL11+CN11+CP11+CR11+CT11+CV11+CX11+CZ11+DB11+DD11+DF11+DH11 -> 15100487910 | DN11: 0 | ER11: =IFERROR(DB11/DA11,0) -> 0 | ES11: =IFERROR(DK11/DJ11,0) -> 1 | ET11: =DM11/DL11 -> 0.99953143 | EU11: =(AA11+BE11+CI11+DK11)/(Z11+BD11+CH11+DJ11) -> 0.95681346 | EV11: =(Y11+BE11+CI11+DM11)/G11 -> 0.99976474
F12: GIRO VIGENCIA | AC12: 0 | AD12: 0 | AE12: 0 | AF12: 0 | AG12: 992773 | AH12: 992773 | AI12: 0 | AJ12: 0 | AK12: 0 | AL12: 0 | AM12: 208007227 | AN12: 0 | AO12: =209661094-209000000 -> 661094 | AP12: 208668321 | AR12: 0 | AS12: 0 | AT12: 0 | AU12: 1090971838 | AV12: 318471743 | AW12: 0 | AX12: 522500095 | AY12: =1969386711-1300632932 -> 668753779 | AZ12: =1703369626-1050632932 -> 652736694 | BA12: =+AC12+AE12+AG12+AI12+AK12+AM12+AO12+AQ12+AS12+AU12+AW12+AY12 -> 1969386711 | BB12: =+AC12+AE12+AG12+AI12+AK12+AM12+AO12+AQ12+AS12+AU12+AW12+AY12 -> 1969386711 | BC12: =+AD12+AF12+AH12+AJ12+AL12+AN12+AP12+AR12+AT12+AV12+AX12+AZ12 -> 1703369626 | BD12: =+AC12+AE12+AG12+AI12+AK12+AM12+AO12+AQ12+AS12+AU12+AW12+AY12 -> 1969386711 | BE12: =+AD12+AF12+AH12+AJ12+AL12+AN12+AP12+AR12+AT12+AV12+AX12+AZ12 -> 1703369626 | BF12: 0 | BG12: 0 | BH12: 0 | BI12: 0 | BJ12: 0 | BK12: 0 | BL12: 0 | BM12: 172296572 | BN12: 172296572 | BO12: 29875010 | BP12: 0 | BQ12: 37531247 | BR12: 17797878 | BS12: 0 | BT12: 0 | BU12: =473897660-277234078 -> 196663582 | BV12: 0 | BW12: 37531249 | BX12: 0 | BY12: 0 | BZ12: 0 | CA12: 0 | CB12: 111245380 | CC12: 2589731033 | CD12: 2597309376 | CE12: =+BG12+BI12+BK12+BM12+BO12+BQ12+BS12+BU12+BW12+BY12+CA12+CC12 -> 3063628693 | CF12: =BG12+BI12+BK12+BM12+BO12+BQ12+BS12+BU12+BW12+BY12+CA12+CC12 -> 3063628693 | CG12: =BH12+BJ12+BL12+BN12+BP12+BR12+BT12+BV12+BX12+BZ12+CB12+CD12 -> 2898649206 | CH12: =+BG12+BI12+BK12+BM12+BO12+BQ12+BS12+BU12+BW12+BY12+CA12+CC12 -> 3063628693 | CI12: =+BH12+BJ12+BL12+BN12+BP12+BR12+BT12+BV12+BX12+BZ12+CB12+CD12 -> 2898649206 | CJ12: 17228190000 | CK12: 0 | CL12: 0 | CM12: 0 | CN12: 0 | CO12: 15033237410 | CP12: 15033237410 | CQ12: 7079000 | CR12: 7079000 | CS12: 7079000 | CT12: 7079000 | CU12: 7079000 | CV12: 7079000 | CW12: 7079000 | CX12: 7079000 | CY12: 7079000 | CZ12: 7079000 | DA12: 7079000 | DB12: 7079000 | DC12: 7079000 | DE12: 7079000 | DG12: 17697500 | DI12: =+CK12+CM12+CO12+CQ12+CS12+CU12+CW12+CY12+DA12+DC12+DE12+DG12 -> 15107566910 | DJ12: =CK12+CM12+CO12+CQ12+CS12+CU12+CW12+CY12+DA12 -> 15075711410 | DK12: =CL12+CN12+CP12+CR12+CT12+CV12+CX12+CZ12+DB12+DD12+DF12+DH12 -> 15075711410 | DL12: =+CK12+CM12+CO12+CQ12+CS12+CU12+CW12+CY12+DA12+DC12+DE12+DG12 -> 15107566910 | DM12: =+CL12+CN12+CP12+CR12+CT12+CV12+CX12+CZ12+DB12+DD12+DF12+DH12 -> 15075711410 | ER12: =IFERROR(DB12/DA12,0) -> 1 | ES12: =IFERROR(DK12/DJ12,0) -> 1 | ET12: =DM12/DL12 -> 0.99789142 | EU12: =(AA12+BE12+CI12+DK12)/(Z12+BD12+CH12+DJ12) -> 0.97856669 | EV12: =IFERROR((Y12+BE12+CI12+DM12)/G12,0) -> 0
F13: MAGNITUD FÍSICA RESERVAS | G13: =AA13+BE13+CI13+DL13+DN13 -> 0.015133613 | AB13: 0.08 | AC13: 0 | AD13: 0 | AE13: 0 | AF13: 0 | AG13: 0.0001 | AH13: 0.0001 | AI13: 0 | AJ13: 0 | AK13: 0 | AL13: 0 | AM13: 0 | AN13: 0 | AO13: 0.0001 | AP13: 0 | AQ13: 0.0015 | AR13: 0 | AS13: 0.0018 | AT13: =+(AT14/AS14)*AS13 -> 3.3613116e-05 | AU13: 0.0242 | AV13: 0 | AW13: 0.0242 | AX13: 0 | AY13: 0.0281 | AZ13: 0 | BA13: =+AC13+AE13+AG13+AI13+AK13+AM13+AO13+AQ13+AS13+AU13+AW13+AY13 -> 0.08 | BB13: =+AC13+AE13+AG13+AI13+AK13+AM13+AO13+AQ13+AS13+AU13+AW13+AY13 -> 0.08 | BC13: =+AD13+AF13+AH13+AJ13+AL13+AN13+AP13+AR13+AT13+AV13+AX13+AZ13 -> 0.00013361312 | BD13: =+AC13+AE13+AG13+AI13+AK13+AM13+AO13+AQ13+AS13+AU13+AW13+AY13 -> 0.08 | BE13: =+AD13+AF13+AH13+AJ13+AL13+AN13+AP13+AR13+AT13+AV13+AX13+AZ13 -> 0.00013361312 | BF13: 0.0799 | BG13: 0 | BH13: 0 | BI13: 0.008 | BJ13: 0.0057 | BK13: 0.0089 | BL13: 0.0042 | BM13: 0.0089 | BN13: 0.0001 | BO13: 0.0089 | BP13: 0.005 | BQ13: 0.0089 | BR13: 0 | BS13: 0.0089 | BT13: 0 | BU13: 0.0089 | BV13: 0 | BW13: -0.0464 | BX13: 0 | BY13: 0 | BZ13: 0 | CA13: 0 | CB13: 0 | CC13: 0 | CD13: 0 | CE13: =+BG13+BI13+BK13+BM13+BO13+BQ13+BS13+BU13+BW13+BY13+CA13+CC13 -> 0.015 | CF13: =BG13+BI13+BK13+BM13+BO13+BQ13+BS13+BU13+BW13+BY13+CA13+CC13 -> 0.015 | CG13: =BH13+BJ13+BL13+BN13+BP13+BR13+BT13+BV13+BX13+BZ13+CB13+CD13 -> 0.015 | CH13: =BG13+BI13+BK13+BM13+BO13+BQ13+BS13+BU13+BW13+BY13+CA13+CC13 -> 0.015 | CI13: =BH13+BJ13+BL13+BN13+BP13+BR13+BT13+BV13+BX13+BZ13+CB13+CD13 -> 0.015 | CJ13: 0 | CK13: 0 | CL13: 0 | CM13: 0 | CN13: 0 | CO13: 0 | CP13: 0 | CQ13: 0 | CR13: 0 | CT13: 0 | CV13: 0 | CX13: 0 | DB13: 0 | DI13: =+CK13+CM13+CO13+CQ13+CS13+CU13+CW13+CY13+DA13+DC13+DE13+DG13 -> 0 | DJ13: =CK13+CM13+CP1+CO13+CQ13+CS13+CU13+CW13+CY13+DA13 -> 0 | DK13: =CL13+CN13+CP13+CR13+CT13+CV13+CX13+CZ13+DB13+DD13+DF13+DH13 -> 0 | DL13: =CK13+CM13+CO13+CQ13+CS13+CU13+CW13+CY13+DA13+DC13+DE13+DG13 -> 0 | DM13: =CL13+CN13+CP13+CR13+CT13+CV13+CX13+CZ13+DB13+DD13+DF13+DH13 -> 0 | ER13: =IFERROR(DB13/DA13,0) -> 0 | ES13: =IFERROR(DK13/DJ13,0) -> 0 | ET13: =IFERROR(DM13/DL13,0) -> 0 | EU13: =(AA13+BE13+CI13+DK13)/(Z13+BD13+CH13+DJ13) -> 0.15930119 | EV13: =(Y13+BE13+CI13+DM13)/G13 -> 1
F14: RESERVA PRESUPUESTAL | G14: =AA14+BE14+CI14+DL14+DN14 -> 238916606 | AB14: 8318246009 | AC14: 0 | AD14: 0 | AE14: 6138000 | AF14: 6138000 | AG14: 5319600 | AH14: 5319600 | AI14: 0 | AJ14: 0 | AK14: 0 | AL14: 0 | AM14: 0 | AN14: 6319300 | AO14: 9722000 | AP14: 0 | AQ14: 152586468 | AR14: 0 | AS14: 182216370 | AT14: 3402700 | AU14: 2519897507 | AV14: 0 | AW14: 2519897507 | AX14: 0 | AY14: 2920009157 | AZ14: 0 | BA14: =+AC14+AE14+AG14+AI14+AK14+AM14+AO14+AQ14+AS14+AU14+AW14+AY14 -> 8315786609 | BB14: =+AC14+AE14+AG14+AI14+AK14+AM14+AO14+AQ14+AS14+AU14+AW14+AY14 -> 8315786609 | BC14: =+AD14+AF14+AH14+AJ14+AL14+AN14+AP14+AR14+AT14+AV14+AX14+AZ14 -> 21179600 | BD14: =+AC14+AE14+AG14+AI14+AK14+AM14+AO14+AQ14+AS14+AU14+AW14+AY14 -> 8315786609 | BE14: =+AD14+AF14+AH14+AJ14+AL14+AN14+AP14+AR14+AT14+AV14+AX14+AZ14 -> 21179600 | BF14: 235186245 | BG14: 0 | BH14: 0 | BI14: 0 | BJ14: 0 | BK14: 0 | BL14: 0 | BM14: 0 | BN14: 0 | BO14: 0 | BQ14: 235186245 | BR14: 0 | BS14: 0 | BT14: 0 | BU14: 0 | BV14: 52757996 | BW14: 0 | BX14: 0 | BY14: 0 | BZ14: 0 | CA14: 0 | CB14: 0 | CC14: 0 | CD14: 0 | CE14: =+BG14+BI14+BK14+BM14+BO14+BQ14+BS14+BU14+BW14+BY14+CA14+CC14 -> 235186245 | CF14: =BG14+BI14+BK14+BM14+BO14+BQ14+BS14+BU14+BW14+BY14+CA14+CC14 -> 235186245 | CG14: =BH14+BJ14+BL14+BN14+BP14+BR14+BT14+BV14+BX14+BZ14+CB14+CD14 -> 52757996 | CH14: =+BG14+BI14+BK14+BM14+BO14+BQ14+BS14+BU14+BW14+BY14+CA14+CC14 -> 235186245 | CI14: =+BH14+BJ14+BL14+BN14+BP14+BR14+BT14+BV14+BX14+BZ14+CB14+CD14 -> 52757996 | CJ14: 164979010 | CK14: 0 | CL14: 0 | CM14: 0 | CN14: 0 | CO14: 0 | CP14: 0 | CQ14: 0 | CR14: 0 | CT14: 57207465 | CU14: 164979010 | CV14: 0 | CX14: 0 | CZ14: 0 | DB14: 0 | DI14: =+CK14+CM14+CO14+CQ14+CS14+CU14+CW14+CY14+DA14+DC14+DE14+DG14 -> 164979010 | DJ14: =CK14+CM14+CO14+CQ14+CS14+CU14+CW14+CY14+DA14 -> 164979010 | DK14: =CL14+CN14+CP14+CR14+CT14+CV14+CX14+CZ14+DB14+DD14+DF14+DH14 -> 57207465 | DL14: =+CK14+CM14+CO14+CQ14+CS14+CU14+CW14+CY14+DA14+DC14+DE14+DG14 -> 164979010 | DM14: =+CL14+CN14+CP14+CR14+CT14+CV14+CX14+CZ14+DB14+DD14+DF14+DH14 -> 57207465 | ER14: =IFERROR(DB14/DA14,0) -> 0 | ES14: =IFERROR(DK14/DJ14,0) -> 0.34675602 | ET14: =DM14/DL14 -> 0.34675602 | EU14: =(AA14+BE14+CI14+DK14)/(Z14+BD14+CH14+DJ14) -> 0.015046556 | EV14: =(Y14+BE14+CI14+DM14)/G14 -> 0.54891564
F15: TOTAL MAGNITUD FÍSICA | G15: =+G10+G13 -> 0.32003361 | H15: =H10+H13 -> 0.32 | I15: =I10+I13 -> 0 | J15: =J10+J13 -> 0 | K15: =K10+K13 -> 0.32 | L15: =L10+L13 -> 2e-05 | M15: =M10+M13 -> 0.32 | N15: =N10+N13 -> 0.00015 | O15: =O10+O13 -> 0.32 | ... V15: =V10+V13 -> 0.24 | W15: =+W10 -> 0.24 | X15: =+X10 -> 0.24 | Y15: =+Y10 -> 0.24 | Z15: =+Z10 -> 0.24 | AA15: =+AA10 -> 0.24 | AB15: =+AB10+AB13 -> 0.08 | AC15: =+AC10+AC13 -> 0 | AD15: =+AD10+AD13 -> 0 | AE15: =+AE10+AE13 -> 0 | AF15: =+AF10+AF13 -> 0 | AG15: =+AG10+AG13 -> 0.0001 | AH15: =+AH10+AH13 -> 0.0001 | AI15: =+AI10+AI13 -> 0 | ... AZ15: =+AZ10+AZ13 -> 0 | BA15: =+AC15+AE15+AG15+AI15+AK15+AM15+AO15+AQ15+AS15+AU15+AW15+AY15 -> 0.08 | BB15: =+AC15+AE15+AG15+AI15+AK15+AM15+AO15+AQ15+AS15+AU15+AW15+AY15 -> 0.08 | BC15: =+AD15+AF15+AH15+AJ15+AL15+AN15+AP15+AR15+AT15+AV15+AX15+AZ15 -> 0.00013361312 | BD15: =+AC15+AE15+AG15+AI15+AK15+AM15+AO15+AQ15+AS15+AU15+AW15+AY15 -> 0.08 | BE15: =+AD15+AF15+AH15+AJ15+AL15+AN15+AP15+AR15+AT15+AV15+AX15+AZ15 -> 0.00013361312 | BF15: =+BF10+BF13 -> 0.0799 | BG15: =+BG10+BG13 -> 0 | BH15: =+BH10+BH13 -> 0 | BI15: =+BI10+BI13 -> 0.008 | BJ15: =+BJ10+BJ13 -> 0.0057 | BK15: =+BK10+BK13 -> 0.0089 | BL15: =+BL10+BL13 -> 0.0042 | BM15: =+BM10+BM13 -> 0.0089 | ... CC15: =+CC10+CC13 -> 0 | CD15: 0 | CE15: =+BG15+BI15+BK15+BM15+BO15+BQ15+BS15+BU15+BW15+BY15+CA15+CC15 -> 0.015 | CF15: =BG15+BI15+BK15+BM15+BO15+BQ15+BS15+BU15+BW15+BY15+CA15+CC15 -> 0.015 | CG15: =BH15+BJ15+BL15+BN15+BP15+BR15+BT15+BV15+BX15+BZ15+CB15+CD15 -> 0.015 | CH15: =+BG15+BI15+BK15+BM15+BO15+BQ15+BS15+BU15+BW15+BY15+CA15+CC15 -> 0.015 | CI15: =+BH15+BJ15+BL15+BN15+BP15+BR15+BT15+BV15+BX15+BZ15+CB15+CD15 -> 0.015 | CJ15: =+CJ10+CJ13 -> 0.0649 | CK15: =+CK10+CK13 -> 0 | CL15: =+CL10+CL13 -> 0 | CM15: =+CM10+CM13 -> 0 | CN15: =+CN10+CN13 -> 0 | CO15: =+CO10+CO13 -> 0 | CP15: =+CP10+CP13 -> 0 | CQ15: =+CQ10+CQ13 -> 0 | ... DH15: =+DH10+DH13 -> 0 | DI15: =CK15+CM15+CO15+CQ15+CS15+CU15+CW15+CY15+DA15+DC15+DE15+DG15 -> 0.061 | DJ15: =IFERROR(CK15+CM15+CR14CO15+CO15+CQ15+CS15+CU15,0)+CW15+CY15+DA15 -> 0.0324 | DK15: =CL15+CN15+CP15+CR15+CT15+CV15+CX15+CZ15+DB15+DD15+DF15+DH15 -> 0.0142 | DL15: =+CK15+CM15+CO15+CQ15+CS15+CU15+CW15+CY15+DA15+DC15+DE15+DG15 -> 0.061 | DM15: =CL15+CN15+CP15+CR15+CT15+CV15+CX15+CZ15+DB15+DD15+DF15+DH15 -> 0.0142 | DN15: =DN10 -> 0.0039 | ER15: =IFERROR(DB15/DA15,0) -> 0.73148148 | ES15: =IFERROR(DK15/DJ15,0) -> 0.4382716 | ET15: =DM15/DL15 -> 0.23278689 | EU15: =(AA15+BE15+CI15+DK15)/(Z15+BD15+CH15+DJ15) -> 0.73308006 | EV15: =(Y15+BE15+CI15+DM15)/G15 -> 0.84157914
F16: TOTAL PRESUPUESTO DE LA META | G16: =+G11+G14 -> 30329649253 | H16: =+H11+H14 -> 11308000000 | I16: =+I11+I14 -> 0 | J16: =+J11+J14 -> 0 | K16: =+K11+K14 -> 11308000000 | L16: =+L11+L14 -> 30690000 | M16: =+M11+M14 -> 11308000000 | N16: =+N11+N14 -> 180817068 | ... DN16: =+DN11+DN14 -> 0 | ER16: =IFERROR(DB16/DA16,0) -> 0 | ES16: =IFERROR(DK16/DJ16,0) -> 0.99294017 | ET16: =DM16/DL16 -> 0.99247993 | EU16: =(AA16+BE16+CI16+DK16)/(Z16+BD16+CH16+DJ16) -> 0.7524082 | EV16: =(Y16+BE16+CI16+DM16)/G16 -> 0.99621326
A17: Infraestructura física | B17: 2 | C17: Construir y dotar el 6% del Centro de Recepción y Rehabilitación de Flora y Fauna Silvestre. | D17: suma | E17: 538 | F17: MAGNITUD FÍSICA | G17: =AA17+BE17+CI17+DL17+DN17 -> 0.0575 | H17: 0.06 | K17: 0.06 | L17: 0 | M17: 0.06 | N17: 0 | O17: 0.06 | P17: 0.04 | Q17: 0.06 | R17: 0.04 | S17: 0.06 | T17: 0.04 | U17: 0.0575 | V17: 0.0575 | W17: =+U17 -> 0.0575 | X17: =+U17 -> 0.0575 | Y17: =+V17 -> 0.0575 | Z17: =+X17 -> 0.0575 | AA17: =+Y17 -> 0.0575 | AB17: 0 | AC17: 0 | AD17: 0 | AE17: 0 | AF17: 0 | AG17: 0 | AH17: 0 | AI17: 0 | AJ17: 0 | AK17: 0 | AL17: 0 | AM17: 0 | AN17: 0 | AO17: 0 | AP17: 0 | AR17: 0 | AS17: 0 | AT17: 0 | AU17: 0 | AV17: 0 | AW17: 0 | AX17: 0 | AY17: 0 | AZ17: 0 | BA17: =+AC17+AE17+AG17+AI17+AK17+AM17+AO17+AQ17+AS17+AU17+AW17+AY17 -> 0 | BB17: =+AC17+AE17+AG17+AI17+AK17+AM17+AO17+AQ17+AS17+AU17+AW17+AY17 -> 0 | BC17: =+AD17+AF17+AH17+AJ17+AL17+AN17+AP17+AR17+AT17+AV17+AX17+AZ17 -> 0 | BD17: =+AC17+AE17+AG17+AI17+AK17+AM17+AO17+AQ17+AS17+AU17+AW17+AY17 -> 0 | BE17: =+AD17+AF17+AH17+AJ17+AL17+AN17+AP17+AR17+AT17+AV17+AX17+AZ17 -> 0 | BF17: 0 | BG17: 0 | BH17: 0 | BI17: 0 | BJ17: 0 | BK17: 0 | BL17: 0 | BM17: 0 | BN17: 0 | BO17: 0 | BP17: 0 | BQ17: 0 | BR17: 0 | BS17: 0 | BT17: 0 | BU17: 0 | BV17: 0 | BW17: 0 | BX17: 0 | BY17: 0 | BZ17: 0 | CA17: 0 | CB17: 0 | CC17: 0 | CD17: 0 | CE17: =+BG17+BI17+BK17+BM17+BO17+BQ17+BS17+BU17+BW17+BY17+CA17+CC17 -> 0 | CF17: =BG17+BI17+BK17+BM17+BO17+BQ17+BS17+BU17+BW17+BY17+CA17+CC17 -> 0 | CG17: =BH17+BJ17+BL17+BN17+BP17+BR17+BT17+BV17+BX17+BZ17+CB17+CD17 -> 0 | CH17: =BG17+BI17+BK17+BM17+BO17+BQ17+BS17+BU17+BW17+BY17+CA17+CC17 -> 0 | CI17: =BH17+BJ17+BL17+BN17+BP17+BR17+BT17+BV17+BX17+BZ17+CB17+CD17 -> 0 | CJ17: 0 | CK17: 0 | CL17: 0 | CM17: 0 | CN17: 0 | CO17: 0 | CP17: 0 | CQ17: 0 | CR17: 0 | CS17: 0 | CT17: 0 | CU17: 0 | CV17: 0 | CW17: 0 | CX17: 0 | CY17: 0 | CZ17: 0 | DA17: 0 | DB17: 0 | DC17: 0 | DE17: 0 | DG17: 0 | DI17: =+CK17+CM17+CO17+CQ17+CS17+CU17+CW17+CY17+DA17+DC17+DE17+DG17 -> 0 | DJ17: =CK17+CM17+CO17+CQ17+CS17+CU17+CW17+CY17 -> 0 | DK17: =CL17+CN17+CP17+CR17+CT17+CV17+CX17+CZ17+DB17+DD17+DF17+DH17 -> 0 | DL17: =CK17+CM17+CO17+CQ17+CS17+CU17+CW17+CY17+DA17+DC17+DE17+DG17 -> 0 | DM17: =CL17+CN17+CP17+CR17+CT17+CV17+CX17+CZ17+DB17+DD17+DF17+DH17 -> 0 | DN17: 0 | ER17: =IFERROR(DB17/DA17,0) -> 0 | ES17: =IFERROR(DK17/DJ17,0) -> 0 | ET17: =IFERROR(DM17/DL17,0) -> 0 | EU17: =(AA17+BE17+CI17+DK17)/(Z17+BD17+CH17+DJ17) -> 1 | EV17: =(Y17+BE17+CI17+DM17)/G17 -> 1 | EW17: El avance acumulado del plan de desarrollo es del 6% que corresponde al 100% del total de ejeuccion fisica de la obra Centro de Atencion y Valoracion de Flora y Fauna Silvestre-CAVFFS. Para el periodo objeto de seguimiento no se programó avance físico. | EX17: N/A | EY17: N/A | EZ17: Con la entrega y puesta en funcionamiento de los equipos especializados ubicados en el Centro de Atención y Valoración de Fauna y Flora Silvestre, se garantizan espacios de calidad para brindar un adecuado manejo a la fauna silvestre recuperada por la Secretaría Distrital de Ambiente mediante procesos de incautación, rescate y recepción externa, propendiendo así por su adecuado proceso de rehabilitación y posterior liberación en sus hábitats naturales. | FA17: Drive: https://drive.google.com/drive/folders/11QXDuCJrB3c846ikSuTK5AynVxt_hNO5?usp=share_link
F18: PRESUPUESTO VIGENCIA | G18: =AA18+BE18+CI18+DL18+DN18 -> 2483517430 | H18: 1123000000 | K18: 1123000000 | L18: 0 | M18: 1123000000 | N18: 0 | O18: 1123000000 | P18: 738312462 | Q18: 1123000000 | R18: =+P18 -> 738312462 | S18: 1123000000 | T18: =+R18 -> 738312462 | U18: 1123000000 | V18: 1075511046 | W18: =+U18 -> 1123000000 | X18: =+U18 -> 1123000000 | Y18: =+V18 -> 1075511046 | Z18: =+X18 -> 1123000000 | AA18: =+Y18 -> 1075511046 | AB18: 0 | AC18: 0 | AD18: 0 | AE18: 0 | AF18: 0 | AG18: 0 | AH18: 0 | AI18: 0 | AJ18: 0 | AK18: 0 | AL18: 0 | AM18: 0 | AN18: 0 | AO18: 0 | AP18: 0 | AR18: 0 | AS18: 0 | AT18: 0 | AU18: 0 | AV18: 0 | AW18: 0 | AX18: 0 | AY18: 239574280 | AZ18: 239574280 | BA18: =+AC18+AE18+AG18+AI18+AK18+AM18+AO18+AQ18+AS18+AU18+AW18+AY18 -> 239574280 | BB18: =+AC18+AE18+AG18+AI18+AK18+AM18+AO18+AQ18+AS18+AU18+AW18+AY18 -> 239574280 | BC18: =+AD18+AF18+AH18+AJ18+AL18+AN18+AP18+AR18+AT18+AV18+AX18+AZ18 -> 239574280 | BD18: =+AC18+AE18+AG18+AI18+AK18+AM18+AO18+AQ18+AS18+AU18+AW18+AY18 -> 239574280 | BE18: =+AD18+AF18+AH18+AJ18+AL18+AN18+AP18+AR18+AT18+AV18+AX18+AZ18 -> 239574280 | BF18: 0 | BG18: 0 | BH18: 0 | BI18: 0 | BJ18: 0 | BK18: 0 | BL18: 0 | BM18: 951420428 | BN18: 0 | BO18: 0 | BP18: 915694613 | BQ18: =933622550-951420428+31780000 -> 13982122 | BR18: 31780000 | BS18: 0 | BT18: 0 | BU18: 0 | BV18: 0 | BW18: =1185599340-965402550+850000 -> 221046790 | BX18: 220957491 | BY18: 0 | BZ18: 0 | CA18: 0 | CB18: 0 | CC18: =1168521403-1186449340 -> -17927937 | CD18: 0 | CE18: =+BG18+BI18+BK18+BM18+BO18+BQ18+BS18+BU18+BW18+BY18+CA18+CC18 -> 1168521403 | CF18: =BG18+BI18+BK18+BM18+BO18+BQ18+BS18+BU18+BW18+BY18+CA18+CC18 -> 1168521403 | CG18: =BH18+BJ18+BL18+BN18+BP18+BR18+BT18+BV18+BX18+BZ18+CB18+CD18 -> 1168432104 | CH18: =+BG18+BI18+BK18+BM18+BO18+BQ18+BS18+BU18+BW18+BY18+CA18+CC18 -> 1168521403 | CI18: =+BH18+BJ18+BL18+BN18+BP18+BR18+BT18+BV18+BX18+BZ18+CB18+CD18 -> 1168432104 | CJ18: 0 | CK18: 0 | CL18: 0 | CM18: 0 | CN18: 0 | CP18: 0 | CR18: 0 | CT18: 0 | CV18: 0 | CX18: 0 | CZ18: 0 | DB18: 0 | DI18: =+CK18+CM18+CO18+CQ18+CS18+CU18+CW18+CY18+DA18+DC18+DE18+DG18 -> 0 | DJ18: =CK18+CM18+CO18+CR18 -> 0 | DK18: =CL18+CN18+CP18+CR18+CT18+CV18+CX18+CZ18+DB18+DD18+DF18+DH18 -> 0 | DL18: =+CK18+CM18+CO18+CQ18+CS18+CU18+CW18+CY18+DA18+DC18+DE18+DG18 -> 0 | DM18: =+CL18+CN18+CP18+CR18+CT18+CV18+CX18+CZ18+DB18+DD18+DF18+DH18 -> 0 | DN18: 0 | ER18: =IFERROR(DB18/DA18,0) -> 0 | ES18: =IFERROR(DK18/DJ18,0) -> 0 | ET18: =IFERROR(DM18/DL18,0) -> 0 | EU18: =(AA18+BE18+CI18+DK18)/(Z18+BD18+CH18+DJ18) -> 0.98120251 | EV18: =(Y18+BE18+CI18+DM18)/G18 -> 1
F19: GIRO VIGENCIA | AC19: 0 | AD19: 0 | AE19: 0 | AF19: 0 | AG19: 0 | AH19: 0 | AI19: 0 | AJ19: 0 | AK19: 0 | AL19: 0 | AM19: 0 | AN19: 0 | AO19: 0 | AP19: 0 | AR19: 0 | AS19: 0 | AT19: 0 | AU19: 0 | AV19: 0 | AW19: 0 | AX19: 0 | AY19: 239574280 | AZ19: 239574280 | BA19: =+AC19+AE19+AG19+AI19+AK19+AM19+AO19+AQ19+AS19+AU19+AW19+AY19 -> 239574280 | BB19: =+AC19+AE19+AG19+AI19+AK19+AM19+AO19+AQ19+AS19+AU19+AW19+AY19 -> 239574280 | BC19: =+AD19+AF19+AH19+AJ19+AL19+AN19+AP19+AR19+AT19+AV19+AX19+AZ19 -> 239574280 | BD19: =+AC19+AE19+AG19+AI19+AK19+AM19+AO19+AQ19+AS19+AU19+AW19+AY19 -> 239574280 | BE19: =+AD19+AF19+AH19+AJ19+AL19+AN19+AP19+AR19+AT19+AV19+AX19+AZ19 -> 239574280 | BF19: 0 | BG19: 0 | BH19: 0 | BI19: 0 | BJ19: 0 | BK19: 0 | BL19: 0 | BM19: 0 | BN19: 0 | BO19: 933622550 | BP19: 915694613 | BQ19: 31780000 | BR19: 31780000 | BS19: 0 | BT19: 0 | BU19: 0 | BV19: 0 | BW19: =1185599340-965402550+850000 -> 221046790 | BX19: 220957491 | BY19: 0 | BZ19: 0 | CA19: 0 | CB19: 0 | CC19: -17927937 | CD19: 0 | CE19: =+BG19+BI19+BK19+BM19+BO19+BQ19+BS19+BU19+BW19+BY19+CA19+CC19 -> 1168521403 | CF19: =BG19+BI19+BK19+BM19+BO19+BQ19+BS19+BU19+BW19+BY19+CA19+CC19 -> 1168521403 | CG19: =BH19+BJ19+BL19+BN19+BP19+BR19+BT19+BV19+BX19+BZ19+CB19+CD19 -> 1168432104 | CH19: =+BG19+BI19+BK19+BM19+BO19+BQ19+BS19+BU19+BW19+BY19+CA19+CC19 -> 1168521403 | CI19: =+BH19+BJ19+BL19+BN19+BP19+BR19+BT19+BV19+BX19+BZ19+CB19+CD19 -> 1168432104 | CJ19: 0 | CK19: 0 | CL19: 0 | CM19: 0 | CN19: 0 | CP19: 0 | CR19: 0 | CT19: 0 | CV19: 0 | CX19: 0 | CZ19: 0 | DB19: 0 | DI19: =+CK19+CM19+CO19+CQ19+CS19+CU19+CW19+CY19+DA19+DC19+DE19+DG19 -> 0 | DJ19: =CK19+CM19+CO19+CR19 -> 0 | DK19: =CL19+CN19+CP19+CR19+CT19+CV19+CX19+CZ19+DB19+DD19+DF19+DH19 -> 0 | DL19: =+CK19+CM19+CO19+CQ19+CS19+CU19+CW19+CY19+DA19+DC19+DE19+DG19 -> 0 | DM19: =+CL19+CN19+CP19+CR19+CT19+CV19+CX19+CZ19+DB19+DD19+DF19+DH19 -> 0 | ER19: =IFERROR(DB19/DA19,0) -> 0 | ES19: =IFERROR(DK19/DJ19,0) -> 0 | ET19: =IFERROR(DM19/DL19,0) -> 0 | EU19: =(AA19+BE19+CI19+DK19)/(Z19+BD19+CH19+DJ19) -> 0.99993658 | EV19: =IFERROR((Y19+BE19+CI19+DM19)/G19,0) -> 0
F20: MAGNITUD FÍSICA RESERVAS | G20: =AA20+BE20+CI20+DL20+DN20 -> 0.0025 | AB20: 0.0025 | AC20: 0 | AD20: 0 | AE20: 0 | AF20: 0 | AG20: 0.0013 | AH20: 0.0013 | AI20: 0.0001 | AJ20: 0.0001 | AK20: 0.0003 | AL20: 0.0003 | AM20: 0 | AN20: 0 | AO20: 0.0004 | AP20: 0.0001 | AQ20: 0.0004 | AR20: 0.0003 | AS20: 0 | AT20: 0 | AU20: 0 | AV20: 0 | AW20: 0 | AX20: 0.0001 | AY20: 0 | AZ20: 0 | BA20: =+AC20+AE20+AG20+AI20+AK20+AM20+AO20+AQ20+AS20+AU20+AW20+AY20 -> 0.0025 | BB20: =+AC20+AE20+AG20+AI20+AK20+AM20+AO20+AQ20+AS20+AU20+AW20+AY20 -> 0.0025 | BC20: =+AD20+AF20+AH20+AJ20+AL20+AN20+AP20+AR20+AT20+AV20+AX20+AZ20 -> 0.0022 | BD20: =+AC20+AE20+AG20+AI20+AK20+AM20+AO20+AQ20+AS20+AU20+AW20+AY20 -> 0.0025 | BE20: =+AD20+AF20+AH20+AJ20+AL20+AN20+AP20+AR20+AT20+AV20+AX20+AZ20 -> 0.0022 | BF20: 0.0003 | BG20: 0 | BH20: 0 | BI20: 0 | BJ20: 0 | BK20: 0.0003 | BL20: 0.0001 | BM20: 0 | BN20: 0 | BO20: 0 | BP20: 0.0002 | BQ20: 0 | BR20: 0 | BS20: 0 | BT20: 0 | BU20: 0 | BV20: 0 | BW20: 0 | BX20: 0 | BY20: 0 | BZ20: 0 | CA20: 0 | CB20: 0 | CC20: 0 | CD20: 0 | CE20: =+BG20+BI20+BK20+BM20+BO20+BQ20+BS20+BU20+BW20+BY20+CA20+CC20 -> 0.0003 | CF20: =BG20+BI20+BK20+BM20+BO20+BQ20+BS20+BU20+BW20+BY20+CA20+CC20 -> 0.0003 | CG20: =BH20+BJ20+BL20+BN20+BP20+BR20+BT20+BV20+BX20+BZ20+CB20+CD20 -> 0.0003 | CH20: =BG20+BI20+BK20+BM20+BO20+BQ20+BS20+BU20+BW20+BY20+CA20+CC20 -> 0.0003 | CI20: =BH20+BJ20+BL20+BN20+BP20+BR20+BT20+BV20+BX20+BZ20+CB20+CD20 -> 0.0003 | CJ20: 0 | CK20: 0 | CL20: 0 | CM20: 0 | CN20: 0 | CP20: 0 | CR20: 0 | CT20: 0 | CV20: 0 | CX20: 0 | CZ20: 0 | DB20: 0 | DI20: =+CK20+CM20+CO20+CQ20+CS20+CU20+CW20+CY20+DA20+DC20+DE20+DG20 -> 0 | DJ20: =CK20+CM20+CP20+CR20 -> 0 | DK20: =CL20+CN20+CP20+CR20+CT20+CV20+CX20+CZ20+DB20+DD20+DF20+DH20 -> 0 | DL20: =CK20+CM20+CO20+CQ20+CS20+CU20+CW20+CY20+DA20+DC20+DE20+DG20 -> 0 | DM20: =CL20+CN20+CP20+CR20+CT20+CV20+CX20+CZ20+DB20+DD20+DF20+DH20 -> 0 | ER20: =IFERROR(DB20/DA20,0) -> 0 | ES20: =IFERROR(DK20/DJ20,0) -> 0 | ET20: =IFERROR(DM20/DL20,0) -> 0 | EU20: =(AA20+BE20+CI20+DK20)/(Z20+BD20+CH20+DJ20) -> 0.89285714 | EV20: =(Y20+BE20+CI20+DM20)/G20 -> 1
F21: RESERVA PRESUPUESTAL | G21: =AA21+BE21+CI21+DL21+DN21 -> 332717856 | AB21: 523171596 | AC21: 0 | AD21: 0 | AE21: 0 | AF21: 0 | AG21: 49233020 | AH21: 49233020 | AI21: 21264125 | AJ21: 21264125 | AK21: 72119329 | AL21: 72119329 | AM21: 10000006 | AN21: 0 | AO21: 174582110 | AP21: 22686569 | AQ21: =195973006-6 -> 195973000 | AR21: =165316394 -> 165316394 | AS21: 0 | AT21: 0 | AU21: 0 | AV21: 0 | AW21: 0 | AX21: 1835720 | AY21: 0 | AZ21: 262699 | BA21: =+AC21+AE21+AG21+AI21+AK21+AM21+AO21+AQ21+AS21+AU21+AW21+AY21 -> 523171590 | BB21: =+AC21+AE21+AG21+AI21+AK21+AM21+AO21+AQ21+AS21+AU21+AW21+AY21 -> 523171590 | BC21: =+AD21+AF21+AH21+AJ21+AL21+AN21+AP21+AR21+AT21+AV21+AX21+AZ21 -> 332717856 | BD21: =+AC21+AE21+AG21+AI21+AK21+AM21+AO21+AQ21+AS21+AU21+AW21+AY21 -> 523171590 | BE21: =+AD21+AF21+AH21+AJ21+AL21+AN21+AP21+AR21+AT21+AV21+AX21+AZ21 -> 332717856 | BF21: 0 | BG21: 0 | BH21: 0 | BI21: 0 | BJ21: 0 | BK21: 0 | BL21: 0 | BM21: 0 | BN21: 0 | BO21: 0 | BP21: 0 | BR21: 0 | BS21: 0 | BT21: 0 | BU21: 0 | BV21: 0 | BW21: 0 | BX21: 0 | BY21: 0 | BZ21: 0 | CA21: 0 | CB21: 0 | CC21: 0 | CD21: 0 | CE21: =+BG21+BI21+BK21+BM21+BO21+BQ21+BS21+BU21+BW21+BY21+CA21+CC21 -> 0 | CF21: =BG21+BI21+BK21+BM21+BO21+BQ21+BS21+BU21+BW21+BY21+CA21+CC21 -> 0 | CG21: =BH21+BJ21+BL21+BN21+BP21+BR21+BT21+BV21+BX21+BZ21+CB21+CD21 -> 0 | CI21: =+BH21+BJ21+BL21+BN21+BP21+BR21+BT21+BV21+BX21+BZ21+CB21+CD21 -> 0 | CJ21: 0 | CK21: 0 | CL21: 0 | CM21: 0 | CN21: 0 | CP21: 0 | CR21: 0 | CT21: 0 | CV21: 0 | CX21: 0 | CZ21: 0 | DB21: 0 | DI21: =+CK21+CM21+CO21+CQ21+CS21+CU21+CW21+CY21+DA21+DC21+DE21+DG21 -> 0 | DJ21: =CK21+CM21+CO21+CR21 -> 0 | DK21: =CL21+CN21+CP21+CR21+CT21+CV21+CX21+CZ21+DB21+DD21+DF21+DH21 -> 0 | DM21: =+CL21+CN21+CP21+CR21+CT21+CV21+CX21+CZ21+DB21+DD21+DF21+DH21 -> 0 | ER21: =IFERROR(DB21/DA21,0) -> 0 | ES21: =IFERROR(DK21/DJ21,0) -> 0 | ET21: =IFERROR(DM21/DL21,0) -> 0 | EU21: =(AA21+BE21+CI21+DK21)/(Z21+BD21+CH21+DJ21) -> 0.63596316 | EV21: =(Y21+BE21+CI21+DM21)/G21 -> 1
F22: TOTAL MAGNITUD FÍSICA | G22: =+G17+G20 -> 0.06 | H22: 0 | K22: 0 | L22: 0 | M22: 0 | N22: 0 | O22: 0 | P22: 0 | Q22: 0 | R22: =+R17 -> 0.04 | S22: 0 | T22: =+T17 -> 0.04 | U22: 0 | V22: 0 | W22: =+W17 -> 0.0575 | X22: =+X17 -> 0.0575 | Y22: =+Y17 -> 0.0575 | Z22: =+Z17 -> 0.0575 | AA22: =+AA17 -> 0.0575 | AB22: 0 | AC22: =+AC17+AC20 -> 0 | AD22: =+AD17+AD20 -> 0 | AE22: =+AE17+AE20 -> 0 | AF22: =+AF17+AF20 -> 0 | AG22: =+AG17+AG20 -> 0.0013 | AH22: =+AH17+AH20 -> 0.0013 | AI22: =+AI17+AI20 -> 0.0001 | AJ22: =+AJ17+AJ20 -> 0.0001 | ... AZ22: =+AZ17+AZ20 -> 0 | BA22: =+AC22+AE22+AG22+AI22+AK22+AM22+AO22+AQ22+AS22+AU22+AW22+AY22 -> 0.0025 | BB22: =+AC22+AE22+AG22+AI22+AK22+AM22+AO22+AQ22+AS22+AU22+AW22+AY22 -> 0.0025 | BC22: =+AD22+AF22+AH22+AJ22+AL22+AN22+AP22+AR22+AT22+AV22+AX22+AZ22 -> 0.0022 | BD22: =+AC22+AE22+AG22+AI22+AK22+AM22+AO22+AQ22+AS22+AU22+AW22+AY22 -> 0.0025 | BE22: =+AD22+AF22+AH22+AJ22+AL22+AN22+AP22+AR22+AT22+AV22+AX22+AZ22 -> 0.0022 | BF22: =+BF17+BF20 -> 0.0003 | BG22: =+BG17+BG20 -> 0 | BH22: =+BH17+BH20 -> 0 | BI22: =+BI17+BI20 -> 0 | BJ22: =+BJ17+BJ20 -> 0 | BK22: =+BK17+BK20 -> 0.0003 | BL22: =+BL17+BL20 -> 0.0001 | BM22: =+BM17+BM20 -> 0 | ... CC22: =+CC17+CC20 -> 0 | CD22: 0 | CE22: =+BG22+BI22+BK22+BM22+BO22+BQ22+BS22+BU22+BW22+BY22+CA22+CC22 -> 0.0003 | CF22: =BG22+BI22+BK22+BM22+BO22+BQ22+BS22+BU22+BW22+BY22+CA22+CC22 -> 0.0003 | CG22: =BH22+BJ22+BL22+BN22+BP22+BR22+BT22+BV22+BX22+BZ22+CB22+CD22 -> 0.0003 | CH22: =+BG22+BI22+BK22+BM22+BO22+BQ22+BS22+BU22+BW22+BY22+CA22+CC22 -> 0.0003 | CI22: =+BH22+BJ22+BL22+BN22+BP22+BR22+BT22+BV22+BX22+BZ22+CB22+CD22 -> 0.0003 | CJ22: =+CJ17+CJ20 -> 0 | CK22: 0 | CL22: =+CL17+CL20 -> 0 | CM22: =+CM17+CM20 -> 0 | CN22: =+CN17+CN20 -> 0 | CO22: =+CO17+CO20 -> 0 | CP22: 0 | CQ22: =+CQ17+CQ20 -> 0 | CR22: =+CR17+CR20 -> 0 | CS22: =+CS17+CS20 -> 0 | CT22: =+CT17+CT20 -> 0 | CU22: =+CU17+CU20 -> 0 | CV22: =+CV17+CV20 -> 0 | CW22: =+CW17+CW20 -> 0 | CX22: =+CX17+CX20 -> 0 | ... DH22: =+DH17+DH20 -> 0 | DI22: =+CK22+CM22+CO22+CQ22+CS22+CU22+CW22+CY22+DA22+DC22+DE22+DG22 -> 0 | DJ22: =CK22+CM22+CO22+CR22 -> 0 | DK22: =CL22+CN22+CP22+CR22+CT22+CV22+CX22+CZ22+DB22+DD22+DF22+DH22 -> 0 | DL22: =+CK22+CM22+CO22+CQ22+CS22+CU22+CW22+CY22+DA22+DC22+DE22+DG22 -> 0 | DM22: =+CL22+CN22+CP22+CR22+CT22+CV22+CX22+CZ22+DB22+DD22+DF22+DH22 -> 0 | DN22: =+DN17 -> 0 | ER22: =IFERROR(DB22/DA22,0) -> 0 | ES22: =IFERROR(DK22/DJ22,0) -> 0 | ET22: =IFERROR(DM22/DL22,0) -> 0 | EU22: =(AA22+BE22+CI22+DK22)/(Z22+BD22+CH22+DJ22) -> 0.99502488 | EV22: =(Y22+BE22+CI22+DM22)/G22 -> 1
F23: TOTAL PRESUPUESTO DE LA META | G23: =+G18+G21 -> 2816235286 | H23: =+H18+H21 -> 1123000000 | I23: =+I18+I21 -> 0 | J23: =+J18+J21 -> 0 | K23: =+K18+K21 -> 1123000000 | L23: =+L18+L21 -> 0 | M23: =+M18+M21 -> 1123000000 | N23: =+N18+N21 -> 0 | ... DN23: =+DN18+DN21 -> 0 | ER23: =IFERROR(DB23/DA23,0) -> 0 | ES23: =IFERROR(DK23/DJ23,0) -> 0 | ET23: =IFERROR(DM23/DL23,0) -> 0 | EU23: =(AA23+BE23+CI23+DK23)/(Z23+BD23+CH23+DJ23) -> 0.92206576 | EV23: =(Y23+BE23+CI23+DM23)/G23 -> 1
A24: Infraestructura física | B24: 3 | C24: Construir (1) una obra nueva de infraestructura | D24: suma | E24: 538 | F24: MAGNITUD FÍSICA | G24: =AA24+BE24+CI24+DL24+DN24 -> 0.34 | W24: =+U24 -> 0 | X24: =+U24 -> 0 | Y24: =+V24 -> 0 | Z24: =+X24 -> 0 | AA24: =+Y24 -> 0 | AB24: 0.19 | AC24: 0 | AD24: 0 | AE24: 0 | AF24: 0 | AG24: 0.02 | AH24: 0.02 | AI24: 0.03 | AJ24: 0.03 | AK24: 0.01 | AL24: 0.01 | AM24: 0.01 | AN24: 0.01 | AO24: 0.02 | AP24: 0.02 | AQ24: 0.01 | AR24: 0.01 | AS24: 0.02 | AT24: 0.02 | AU24: 0.02 | AV24: 0.08 | AW24: =0.62-0.17 -> 0.45 | AX24: 0.03 | AY24: 0.23 | AZ24: 0.03 | BA24: =+AC24+AE24+AG24+AI24+AK24+AM24+AO24+AQ24+AS24+AU24+AW24+AY24 -> 0.82 | BB24: =+AC24+AE24+AG24+AI24+AK24+AM24+AO24+AQ24+AS24+AU24+AW24+AY24 -> 0.82 | BC24: =+AD24+AF24+AH24+AJ24+AL24+AN24+AP24+AR24+AT24+AV24+AX24+AZ24 -> 0.26 | BD24: =+AC24+AE24+AG24+AI24+AK24+AM24+AO24+AQ24+AS24+AU24+AW24+AY24 -> 0.82 | BE24: =+AD24+AF24+AH24+AJ24+AL24+AN24+AP24+AR24+AT24+AV24+AX24+AZ24 -> 0.26 | BF24: 0.18 | BG24: 0 | BH24: 0 | BI24: 0.01 | BJ24: 0.01 | BK24: 0.01 | BL24: 0 | BM24: 0.01 | BN24: 0.01 | BO24: 0.01 | BP24: 0.01 | BQ24: 0.02 | BR24: 0.02 | BS24: 0.02 | BT24: 0 | BU24: 0.02 | BV24: 0 | BW24: 0 | BX24: 0 | BY24: 0.01 | BZ24: 0 | CA24: 0.02 | CB24: 0 | CC24: 0.02 | CD24: 0 | CE24: =+BG24+BI24+BK24+BM24+BO24+BQ24+BS24+BU24+BW24+BY24+CA24+CC24 -> 0.15 | CF24: =BG24+BI24+BK24+BM24+BO24+BQ24+BS24+BU24+BW24+BY24+CA24+CC24 -> 0.15 | CG24: =BH24+BJ24+BL24+BN24+BP24+BR24+BT24+BV24+BX24+BZ24+CB24+CD24 -> 0.05 | CH24: =BG24+BI24+BK24+BM24+BO24+BQ24+BS24+BU24+BW24+BY24+CA24+CC24 -> 0.15 | CI24: =BH24+BJ24+BL24+BN24+BP24+BR24+BT24+BV24+BX24+BZ24+CB24+CD24 -> 0.05 | CJ24: 0.03 | CK24: 0 | CL24: 0 | CM24: 0 | CN24: 0 | CO24: 0 | CP24: 0 | CQ24: 0 | CR24: 0 | CS24: 0 | CT24: 0 | CU24: 0 | CV24: 0 | CW24: 0 | CX24: 0 | CY24: 0 | CZ24: 0 | DA24: 0 | DB24: 0 | DC24: 0.01 | DE24: 0.01 | DG24: 0 | DI24: =+CK24+CM24+CO24+CQ24+CS24+CU24+CW24+CY24+DA24+DC24+DE24+DG24 -> 0.02 | DJ24: =CK24+CM24+CO24+CR2+CQ24+CS24+CU24+CW24+CY24+DA24 -> 0 | DK24: =CL24+CN24+CP24+CR24+CT24+CV24+CX24+CZ24+DB24+DD24+DF24+DH24 -> 0 | DL24: =CK24+CM24+CO24+CQ24+CS24+CU24+CW24+CY24+DA24+DC24+DE24+DG24 -> 0.02 | DM24: =CL24+CN24+CP24+CR24+CT24+CV24+CX24+CZ24+DB24+DD24+DF24+DH24 -> 0 | DN24: 0.01 | ER24: =IFERROR(DB24/DA24,0) -> 0 | ES24: =IFERROR(DK24/DJ24,0) -> 0 | ET24: =DM24/DL24 -> 0 | EU24: =(AA24+BE24+CI24+DK24)/(Z24+BD24+CH24+DJ24) -> 0.31958763 | EV24: =(Y24+BE24+CI24+DM24)/G24 -> 0.91176471 | EW24: El avance acumulado del plan de desarrollo es del 44% que corresponde a los avances del proyecto "II Fase del CAVFFS". De los cuales el (0,08) corresponde al reporte de la ejecución de la reserva en la vigencia 2023 con la siguiente gestión: RESERVAS: En el marco del contrato No. 20211595, de enero a septiembre, se ejecutaron las siguientes actividades: - Se seleccionaron los contratistas de obra e interventoría y se suscribieron los contratos derivados. - Se llevó a cabo mesa de trabajo interinstitucional (SDA, FINDETER, DADEP y Constructora Urbansa) para fijar la entrega formal del predio. - El contratista presenta propuesta de diseños arquitectónicos de la bodega de maderables y sede administrativa de la II fase del CAVFFS. - Aprobación de pago por asistencia técnica, en cumplimiento de los hitos 1 y 2 establecidos en el contrato interadministrativo. -El contratista logró ingresar al predio desde el pasado 08/06/2023, adelantando los estudios de suelos y eléctricos. -La Curaduría urbana 4 emitió concepto no favorable para el uso del suelo, en tal sentido, el 04/07/2023, el contratista requirió a la Dirección de Planes Maestros y Complementarios-SDP, aclaración del concepto favorable que emitió el 18/07/2022 y sobre el cual se adelantaron los procesos de contratación de la obra y la interventoría. -La SDA se emitió oficio de la SDP No.1-2023-68982 del 31/08/2023, mediante el cual se solicita concepto jurídico para el uso del suelo. -Teniendo en cuenta el concepto no favorable de la Curaduría, el contrato se suspende hasta tanto puedan seguir con las actividades. -El 28 de septiembre, mediante radicado No. 2023ER226678, la SDP allegó concepto favorable para el uso del suelo, el cual fue trasladado a Findeter, con el fin de adelantar las gestiones tendientes al reinicio de los contratos de obra e interventoría. VIGENCIA: De enero a septiembre de 2023 se dio seguimiento a las obligaciones pactadas en el contrato No. 20211595. | EX24: Inconvenientes con el acceso al predio donde se realizará la obra, hasta el mes de junio el contratista pudo ingresar al predio y por tanto no pudo avanzar conforme con el cronograma establecido. Los inconvenientes obedecieron a que el predio en el que se implantará el proyecto no fue entregado materialmente por el urbanizador - Urbansa a el DADEP. La Curaduría urbana 4 emitió concepto no favorable para el uso del suelo, aun teniendo aprobación por la SDP, y sobre el cual se adelantaron los procesos de contratación. | EY24: -Hacer seguimiento a la reanudación de la obra y contrato de interventoría al igual que a la ejecucion y cumplimiento del cronograma de diseño y obra | EZ24: Con la ejecución de las actividades se da inicio al proceso de construcción de un espacio para la guarda y custodia de las maderas aprehendidas o decomisadas por la Secretaria Distrital de Ambiente, acción adelantada para proteger y conservar el recurso flora, buscando su comercialización legal, disminuyendo así la presión sobre el recurso, permitiendo a la comunidad el goce y disfrute de los ecosistemas en las condiciones adecuadas. | FA24: Drive: https://drive.google.com/drive/folders/11QXDuCJrB3c846ikSuTK5AynVxt_hNO5?usp=share_link _ Acta de adjudicación del contrato de consultoría y obra. _ Acta de adjudicación del contrato de interventoría. _ Acta de reunión del 15 de febrero de 2023. _ Acta de aprobación de esquema básico de implantación, presentado por el contratista consultor.
F25: PRESUPUESTO VIGENCIA | G25: =AA25+BE25+CI25+DL25+DN25 -> 8466067644 | W25: =+U25 -> 0 | X25: =+U25 -> 0 | Y25: =+V25 -> 0 | Z25: =+X25 -> 0 | AA25: =+Y25 -> 0 | AB25: 8791000000 | AC25: 0 | AD25: 0 | AE25: 0 | AF25: 0 | AG25: 80516000 | AH25: 80516000 | AI25: 64664000 | AJ25: 64664000 | AK25: 0 | AL25: 0 | AM25: 0 | AN25: 0 | AO25: 0 | AP25: 0 | AQ25: 0 | AR25: 0 | AS25: 0 | AT25: 0 | AU25: 0 | AV25: 6062916184 | AW25: 7792038805 | AX25: 0 | AY25: -1657253059 | AZ25: =6275132784-6208096184 -> 67036600 | BA25: =+AC25+AE25+AG25+AI25+AK25+AM25+AO25+AQ25+AS25+AU25+AW25+AY25 -> 6279965746 | BB25: =+AC25+AE25+AG25+AI25+AK25+AM25+AO25+AQ25+AS25+AU25+AW25+AY25 -> 6279965746 | BC25: =+AD25+AF25+AH25+AJ25+AL25+AN25+AP25+AR25+AT25+AV25+AX25+AZ25 -> 6275132784 | BD25: =+AC25+AE25+AG25+AI25+AK25+AM25+AO25+AQ25+AS25+AU25+AW25+AY25 -> 6279965746 | BE25: =+AD25+AF25+AH25+AJ25+AL25+AN25+AP25+AR25+AT25+AV25+AX25+AZ25 -> 6275132784 | BF25: 2109818000 | BG25: 2050347816 | BH25: 2050347816 | BI25: 0 | BJ25: 0 | BK25: 0 | BL25: 0 | BM25: 0 | BO25: 0 | BP25: 0 | BQ25: 0 | BR25: 0 | BS25: 0 | BT25: 0 | BU25: =2143512000-2057512000 -> 86000000 | BV25: 0 | BW25: 0 | BX25: 0 | BY25: 0 | BZ25: 0 | CA25: 7164184 | CB25: 10618500 | CC25: =2075026816-2143512000 -> -68485184 | CD25: 0 | CE25: =+BG25+BI25+BK25+BM25+BO25+BQ25+BS25+BU25+BW25+BY25+CA25+CC25 -> 2075026816 | CF25: =BG25+BI25+BK25+BM25+BO25+BQ25+BS25+BU25+BW25+BY25+CA25+CC25 -> 2075026816 | CG25: =BH25+BJ25+BL25+BN25+BP25+BR25+BT25+BV25+BX25+BZ25+CB25+CD25 -> 2060966316 | CH25: =+BG25+BI25+BK25+BM25+BO25+BQ25+BS25+BU25+BW25+BY25+CA25+CC25 -> 2075026816 | CI25: =+BH25+BJ25+BL25+BN25+BP25+BR25+BT25+BV25+BX25+BZ25+CB25+CD25 -> 2060966316 | CJ25: 154564000 | CK25: 78692534 | CL25: 78692534 | CM25: 0 | CN25: 0 | CO25: 0 | CP25: 0 | CQ25: 40624000 | CR25: 35272000 | CT25: 0 | CV25: 0 | CX25: 0 | CZ25: 0 | DB25: 0 | DG25: 10652010 | DI25: =+CK25+CM25+CO25+CQ25+CS25+CU25+CW25+CY25+DA25+DC25+DE25+DG25 -> 129968544 | DJ25: =CK25+CM25+CO25+CQ25+CS25+CU25+CW25+CY25+DA25 -> 119316534 | DK25: =CL25+CN25+CP25+CR25+CT25+CV25+CX25+CZ25+DB25+DD25+DF25+DH25 -> 113964534 | DL25: =+CK25+CM25+CO25+CQ25+CS25+CU25+CW25+CY25+DA25+DC25+DE25+DG25 -> 129968544 | DM25: =+CL25+CN25+CP25+CR25+CT25+CV25+CX25+CZ25+DB25+DD25+DF25+DH25 -> 113964534 | DN25: 0 | ER25: =IFERROR(DB25/DA25,0) -> 0 | ES25: =IFERROR(DK25/DJ25,0) -> 0.95514452 | ET25: =DM25/DL25 -> 0.87686244 | EU25: =(AA25+BE25+CI25+DK25)/(Z25+BD25+CH25+DJ25) -> 0.99713895 | EV25: =(Y25+BE25+CI25+DM25)/G25 -> 0.99810963
F26: GIRO VIGENCIA | AC26: 0 | AD26: 0 | AE26: 0 | AF26: 0 | AG26: 0 | AH26: 0 | AI26: 8724000 | AJ26: 7851600 | AK26: 16807000 | AL26: 6735833 | AM26: 17307000 | AN26: 26016800 | AO26: =17307000-16812447 -> 494553 | AP26: 16807000 | AQ26: =17307000-661094 -> 16645906 | AR26: 17293600 | AS26: 17307000 | AT26: 17049900 | AU26: 16807000 | AV26: 17049100 | AW26: 1741509862 | AX26: 17049900 | AY26: =6279965746-1835602321 -> 4444363425 | AZ26: =6205303633-125853733 -> 6079449900 | BA26: =+AC26+AE26+AG26+AI26+AK26+AM26+AO26+AQ26+AS26+AU26+AW26+AY26 -> 6279965746 | BB26: =+AC26+AE26+AG26+AI26+AK26+AM26+AO26+AQ26+AS26+AU26+AW26+AY26 -> 6279965746 | BC26: =+AD26+AF26+AH26+AJ26+AL26+AN26+AP26+AR26+AT26+AV26+AX26+AZ26 -> 6205303633 | BD26: =+AC26+AE26+AG26+AI26+AK26+AM26+AO26+AQ26+AS26+AU26+AW26+AY26 -> 6279965746 | BE26: =+AD26+AF26+AH26+AJ26+AL26+AN26+AP26+AR26+AT26+AV26+AX26+AZ26 -> 6205303633 | BF26: 2109818000 | BG26: 0 | BH26: 0 | BI26: 15324000 | BJ26: 2595633 | BK26: 15324000 | BL26: 13450100 | BM26: 984124000 | BN26: 10618500 | BO26: 15324000 | BP26: 14158000 | BQ26: 15324000 | BR26: 14158000 | BS26: 824124000 | BT26: 14158000 | BU26: =15324000+86000000 -> 101324000 | BV26: 11090433 | BW26: 15324000 | BX26: 7079000 | BY26: 15324000 | BZ26: 7079000 | CA26: 15324000 | CB26: 7079000 | CC26: =2075026816-2016840000 -> 58186816 | CD26: 1791241816 | CE26: =+BG26+BI26+BK26+BM26+BO26+BQ26+BS26+BU26+BW26+BY26+CA26+CC26 -> 2075026816 | CF26: =BG26+BI26+BK26+BM26+BO26+BQ26+BS26+BU26+BW26+BY26+CA26+CC26 -> 2075026816 | CG26: =BH26+BJ26+BL26+BN26+BP26+BR26+BT26+BV26+BX26+BZ26+CB26+CD26 -> 1892707482 | CH26: =+BG26+BI26+BK26+BM26+BO26+BQ26+BS26+BU26+BW26+BY26+CA26+CC26 -> 2075026816 | CI26: =+BH26+BJ26+BL26+BN26+BP26+BR26+BT26+BV26+BX26+BZ26+CB26+CD26 -> 1892707482 | CJ26: 154564000 | CK26: 0 | CL26: 0 | CM26: 2783000 | CN26: 2783000 | CO26: 14904967 | CP26: 14904967 | CQ26: 11129500 | CR26: 10657567 | CS26: 12668000 | CT26: 9647533 | CU26: 12668000 | CV26: 11999000 | CW26: 12668000 | CX26: 11999000 | CY26: 12668000 | CZ26: 11999000 | DA26: 12668000 | DB26: 11999000 | DC26: 12668000 | DE26: 12668000 | DG26: 12475077 | DI26: =+CK26+CM26+CO26+CQ26+CS26+CU26+CW26+CY26+DA26+DC26+DE26+DG26 -> 129968544 | DJ26: =CK26+CM26+CO26+CQ26+CS26+CU26+CW26+CY26+DA26 -> 92157467 | DK26: =CL26+CN26+CP26+CR26+CT26+CV26+CX26+CZ26+DB26+DD26+DF26+DH26 -> 85989067 | DL26: =+CK26+CM26+CO26+CQ26+CS26+CU26+CW26+CY26+DA26+DC26+DE26+DG26 -> 129968544 | DM26: =+CL26+CN26+CP26+CR26+CT26+CV26+CX26+CZ26+DB26+DD26+DF26+DH26 -> 85989067 | ER26: =IFERROR(DB26/DA26,0) -> 0.94718977 | ES26: =IFERROR(DK26/DJ26,0) -> 0.93306674 | ET26: =DM26/DL26 -> 0.66161445 | EU26: =(AA26+BE26+CI26+DK26)/(Z26+BD26+CH26+DJ26) -> 0.9688475 | EV26: =IFERROR((Y26+BE26+CI26+DM26)/G26,0) -> 0
F27: MAGNITUD FÍSICA RESERVAS | G27: =AA27+BE27+CI27+DL27+DN27 -> 0.66 | AB27: 0 | AC27: 0 | AD27: 0 | AE27: 0 | AF27: 0 | AG27: 0 | AH27: 0 | AI27: 0 | AJ27: 0 | AK27: 0 | AL27: 0 | AM27: 0 | AN27: 0 | AO27: 0 | AP27: 0 | AR27: 0 | AS27: 0 | AT27: 0 | AV27: 0 | AW27: 0 | AX27: 0 | AY27: 0 | AZ27: 0 | BA27: =+AC27+AE27+AG27+AI27+AK27+AM27+AO27+AQ27+AS27+AU27+AW27+AY27 -> 0 | BB27: =+AC27+AE27+AG27+AI27+AK27+AM27+AO27+AQ27+AS27+AU27+AW27+AY27 -> 0 | BC27: =+AD27+AF27+AH27+AJ27+AL27+AN27+AP27+AR27+AT27+AV27+AX27+AZ27 -> 0 | BD27: =+AC27+AE27+AG27+AI27+AK27+AM27+AO27+AQ27+AS27+AU27+AW27+AY27 -> 0 | BE27: =+AD27+AF27+AH27+AJ27+AL27+AN27+AP27+AR27+AT27+AV27+AX27+AZ27 -> 0 | BF27: 0.56 | BG27: 0 | BH27: 0 | BI27: 0.02 | BJ27: 0.02 | BK27: 0.02 | BL27: 0.02 | BM27: 0.05 | BN27: 0 | BO27: 0.05 | BP27: 0.01 | BQ27: 0.05 | BR27: 0 | BS27: 0.05 | BT27: 0 | BU27: 0.05 | BV27: 0 | BW27: 0.05 | BX27: 0 | BY27: 0.05 | BZ27: 0 | CA27: 0.08 | CB27: 0 | CC27: 0.09 | CD27: 0 | CE27: =+BG27+BI27+BK27+BM27+BO27+BQ27+BS27+BU27+BW27+BY27+CA27+CC27 -> 0.56 | CF27: =BG27+BI27+BK27+BM27+BO27+BQ27+BS27+BU27+BW27+BY27+CA27+CC27 -> 0.56 | CG27: =BH27+BJ27+BL27+BN27+BP27+BR27+BT27+BV27+BX27+BZ27+CB27+CD27 -> 0.05 | CH27: =BG27+BI27+BK27+BM27+BO27+BQ27+BS27+BU27+BW27+BY27+CA27+CC27 -> 0.56 | CI27: =BH27+BJ27+BL27+BN27+BP27+BR27+BT27+BV27+BX27+BZ27+CB27+CD27 -> 0.05 | CJ27: 0.61 | CK27: 0 | CL27: 0 | CM27: 0 | CN27: 0 | CO27: 0 | CP27: 0 | CQ27: 0.04 | CR27: 0.04 | CS27: 0.04 | CT27: 0 | CU27: 0.08 | CV27: 0.02 | CW27: 0.08 | CX27: 0.02 | CY27: 0.08 | CZ27: 0 | DA27: 0.08 | DB27: 0 | DC27: 0.07 | DE27: 0.07 | DG27: 0.07 | DI27: =+CK27+CM27+CO27+CQ27+CS27+CU27+CW27+CY27+DA27+DC27+DE27+DG27 -> 0.61 | DJ27: =CK27+CM27+CO27+CQ27+CS27+CU27+CW27+CY27+DA27 -> 0.4 | DK27: =CL27+CN27+CP27+CR27+CT27+CV27+CX27+CZ27+DB27+DD27+DF27+DH27 -> 0.08 | DL27: =CK27+CM27+CO27+CQ27+CS27+CU27+CW27+CY27+DA27+DC27+DE27+DG27 -> 0.61 | DM27: =CL27+CN27+CP27+CR27+CT27+CV27+CX27+CZ27+DB27+DD27+DF27+DH27 -> 0.08 | ER27: =IFERROR(DB27/DA27,0) -> 0 | ES27: =IFERROR(DK27/DJ27,0) -> 0.2 | ET27: =DM27/DL27 -> 0.13114754 | EU27: =(AA27+BE27+CI27+DK27)/(Z27+BD27+CH27+DJ27) -> 0.13541667 | EV27: =(Y27+BE27+CI27+DM27)/G27 -> 0.1969697
F28: RESERVA PRESUPUESTAL | G28: =AA28+BE28+CI28+DL28+DN28 -> 238087985 | AB28: 0 | AC28: 0 | AD28: 0 | AE28: 0 | AF28: 0 | AG28: 0 | AH28: 0 | AI28: 0 | AJ28: 0 | AK28: 0 | AL28: 0 | AM28: 0 | AN28: 0 | AO28: 0 | AP28: 0 | AR28: 0 | AS28: 0 | AT28: 0 | AV28: 0 | AW28: 0 | AX28: 0 | AY28: 0 | AZ28: 0 | BA28: =+AC28+AE28+AG28+AI28+AK28+AM28+AO28+AQ28+AS28+AU28+AW28+AY28 -> 0 | BB28: =+AC28+AE28+AG28+AI28+AK28+AM28+AO28+AQ28+AS28+AU28+AW28+AY28 -> 0 | BC28: =+AD28+AF28+AH28+AJ28+AL28+AN28+AP28+AR28+AT28+AV28+AX28+AZ28 -> 0 | BD28: =+AC28+AE28+AG28+AI28+AK28+AM28+AO28+AQ28+AS28+AU28+AW28+AY28 -> 0 | BE28: =+AD28+AF28+AH28+AJ28+AL28+AN28+AP28+AR28+AT28+AV28+AX28+AZ28 -> 0 | BF28: 69829151 | BG28: 16177500 | BH28: 16177500 | BI28: 53651651 | BJ28: 11172000 | BK28: 0 | BL28: 12174400 | BM28: 0 | BN28: 6940000 | BO28: 0 | BP28: 6940000 | BQ28: 0 | BR28: 6940000 | BS28: 0 | BT28: 8096667 | BU28: 0 | BV28: 0 | BW28: 0 | BX28: 872400 | BY28: 0 | BZ28: 0 | CA28: 0 | CB28: 0 | CC28: 0 | CD28: 516184 | CE28: =+BG28+BI28+BK28+BM28+BO28+BQ28+BS28+BU28+BW28+BY28+CA28+CC28 -> 69829151 | CF28: =BG28+BI28+BK28+BM28+BO28+BQ28+BS28+BU28+BW28+BY28+CA28+CC28 -> 69829151 | CG28: =BH28+BJ28+BL28+BN28+BP28+BR28+BT28+BV28+BX28+BZ28+CB28+CD28 -> 69829151 | CH28: =+BG28+BI28+BK28+BM28+BO28+BQ28+BS28+BU28+BW28+BY28+CA28+CC28 -> 69829151 | CI28: =+BH28+BJ28+BL28+BN28+BP28+BR28+BT28+BV28+BX28+BZ28+CB28+CD28 -> 69829151 | CJ28: 168258834 | CK28: 0 | CL28: 0 | CM28: 8258834 | CN28: 8258834 | CO28: 0 | CP28: 0 | CR28: 0 | CT28: 0 | CV28: 0 | CX28: 0 | CZ28: 0 | DB28: 0 | DG28: 160000000 | DI28: =+CK28+CM28+CO28+CQ28+CS28+CU28+CW28+CY28+DA28+DC28+DE28+DG28 -> 168258834 | DJ28: =CK28+CM28+CO28+CQ28+CS28+CU28+CW28+CY28+DA28 -> 8258834 | DK28: =CL28+CN28+CP28+CR28+CT28+CV28+CX28+CZ28+DB28+DD28+DF28+DH28 -> 8258834 | DL28: =+CK28+CM28+CO28+CQ28+CS28+CU28+CW28+CY28+DA28+DC28+DE28+DG28 -> 168258834 | DM28: =+CL28+CN28+CP28+CR28+CT28+CV28+CX28+CZ28+DB28+DD28+DF28+DH28 -> 8258834 | ER28: =IFERROR(DB28/DA28,0) -> 0 | ES28: =IFERROR(DK28/DJ28,0) -> 1 | ET28: =DM28/DL28 -> 0.049084103 | EU28: =(AA28+BE28+CI28+DK28)/(Z28+BD28+CH28+DJ28) -> 1 | EV28: =(Y28+BE28+CI28+DM28)/G28 -> 0.32797953
F29: TOTAL MAGNITUD FÍSICA | G29: =+G24+G27 -> 1 | H29: 0 | K29: 0 | L29: 0 | M29: 0 | N29: 0 | O29: 0 | P29: 0 | Q29: 0 | R29: =+R24 -> 0 | S29: 0 | T29: =+T24 -> 0 | U29: 0 | V29: 0 | W29: =+W24 -> 0 | X29: =+X24 -> 0 | Y29: =+Y24 -> 0 | Z29: =+Z24 -> 0 | AA29: =+AA24 -> 0 | AB29: =+AB24+AB27 -> 0.19 | AC29: =+AC24+AC27 -> 0 | AD29: =+AD24+AD27 -> 0 | AE29: =+AE24+AE27 -> 0 | AF29: =+AF24+AF27 -> 0 | AG29: =+AG24+AG27 -> 0.02 | AH29: =+AH24+AH27 -> 0.02 | AI29: =+AI24+AI27 -> 0.03 | ... AZ29: =+AZ24+AZ27 -> 0.03 | BA29: =+AC29+AE29+AG29+AI29+AK29+AM29+AO29+AQ29+AS29+AU29+AW29+AY29 -> 0.82 | BB29: =+AC29+AE29+AG29+AI29+AK29+AM29+AO29+AQ29+AS29+AU29+AW29+AY29 -> 0.82 | BC29: =+AD29+AF29+AH29+AJ29+AL29+AN29+AP29+AR29+AT29+AV29+AX29+AZ29 -> 0.26 | BD29: =+AC29+AE29+AG29+AI29+AK29+AM29+AO29+AQ29+AS29+AU29+AW29+AY29 -> 0.82 | BE29: =+AD29+AF29+AH29+AJ29+AL29+AN29+AP29+AR29+AT29+AV29+AX29+AZ29 -> 0.26 | BF29: =+BF24+BF27 -> 0.74 | BG29: =+BG24+BG27 -> 0 | BH29: =+BH24+BH27 -> 0 | BI29: =+BI24+BI27 -> 0.03 | BJ29: =+BJ24+BJ27 -> 0.03 | BK29: =+BK24+BK27 -> 0.03 | BL29: =+BL24+BL27 -> 0.02 | BM29: =+BM24+BM27 -> 0.06 | ... CC29: =+CC24+CC27 -> 0.11 | CD29: 0 | CE29: =+BG29+BI29+BK29+BM29+BO29+BQ29+BS29+BU29+BW29+BY29+CA29+CC29 -> 0.71 | CF29: =BG29+BI29+BK29+BM29+BO29+BQ29+BS29+BU29+BW29+BY29+CA29+CC29 -> 0.71 | CG29: =BH29+BJ29+BL29+BN29+BP29+BR29+BT29+BV29+BX29+BZ29+CB29+CD29 -> 0.1 | CH29: =+BG29+BI29+BK29+BM29+BO29+BQ29+BS29+BU29+BW29+BY29+CA29+CC29 -> 0.71 | CI29: =CI24+CI27 -> 0.1 | CJ29: =+CJ24+CJ27 -> 0.64 | CK29: =+CK24+CK27 -> 0 | CL29: 0 | CM29: =+CM24+CM27 -> 0 | CN29: =+CN24+CN27 -> 0 | CO29: =+CO24+CO27 -> 0 | CP29: =+CP24+CP27 -> 0 | CQ29: =+CQ24+CQ27 -> 0.04 | CR29: =+CR24+CR27 -> 0.04 | CS29: =+CS24+CS27 -> 0.04 | CT29: 0 | CU29: =+CU24+CU27 -> 0.08 | CV29: =+CV24+CV27 -> 0.02 | CW29: =+CW24+CW27 -> 0.08 | CX29: 0.02 | CY29: =+CY24+CY27 -> 0.08 | CZ29: =+CZ24+CZ27 -> 0 | DA29: =+DA24+DA27 -> 0.08 | DB29: =+DB24+DB27 -> 0 | DC29: =+DC24+DC27 -> 0.08 | DD29: =+DD24+DD27 -> 0 | DE29: =+DE24+DE27 -> 0.08 | DF29: =+DF24+DF27 -> 0 | ... DH29: =+DH24+DH27 -> 0 | DI29: =+CK29+CM29+CO29+CQ29+CS29+CU29+CW29+CY29+DA29+DC29+DE29+DG29 -> 0.63 | DJ29: =CK29+CM29+CO29+CQ29+CS29+CU29+CW29+CY29+DA29 -> 0.4 | DK29: =CL29+CN29+CP29+CR29+CT29+CV29+CX29+CZ29+DB29+DD29+DF29+DH29 -> 0.08 | DL29: =+CK29+CM29+CO29+CQ29+CS29+CU29+CW29+CY29+DA29+DC29+DE29+DG29 -> 0.63 | DM29: =+CL29+CN29+CP29+CR29+CT28+CV29+CX29+CZ29+DB29+DD29+DF29+DH29 -> 0.08 | DN29: =+DN24+DN27 -> 0.01 | ER29: =IFERROR(DB29/DA29,0) -> 0 | ES29: =IFERROR(DK29/DJ29,0) -> 0.2 | ET29: =DM29/DL29 -> 0.12698413 | EU29: =(AA29+BE29+CI29+DK29)/(Z29+BD29+CH29+DJ29) -> 0.22797927 | EV29: =(Y29+BE29+CI29+DM29)/G29 -> 0.44
F30: TOTAL PRESUPUESTO DE LA META | G30: =+G25+G28 -> 8704155629 | H30: =+H25+H28 -> 0 | I30: =+I25+I28 -> 0 | J30: =+J25+J28 -> 0 | K30: =+K25+K28 -> 0 | L30: =+L25+L28 -> 0 | M30: =+M25+M28 -> 0 | N30: =+N25+N28 -> 0 | ... DN30: =+DN25+DN28 -> 0 | ER30: =IFERROR(DB30/DA30,0) -> 0 | ES30: =IFERROR(DK30/DJ30,0) -> 0.95804833 | ET30: =DM30/DL30 -> 0.40983282 | EU30: =(AA30+BE30+CI30+DK30)/(Z30+BD30+CH30+DJ30) -> 0.99716507 | EV30: =(Y30+BE30+CI30+DM30)/G30 -> 0.97977931
A31: Mantenimiento de infraestructura | B31: 4 | C31: Realizar el 100% del mantenimiento de la Infraestructura Ambiental priorizada. | D31: suma | E31: 538 | F31: MAGNITUD FÍSICA | G31: =AA31+BE31+CI31+DL31+DN31 -> 0.6997 | H31: 0.19 | K31: 0.19 | L31: 0 | M31: 0.19 | N31: 0 | O31: 0.19 | P31: 0 | Q31: 0.19 | R31: 0 | S31: 0.19 | T31: 0.19 | U31: 0.06 | V31: 0.06 | W31: =+U31 -> 0.06 | X31: =+U31 -> 0.06 | Y31: =+V31 -> 0.06 | Z31: =+X31 -> 0.06 | AA31: =+Y31 -> 0.06 | AB31: 0.233 | AC31: 0 | AD31: 0 | AE31: 0 | AF31: 0 | AG31: 0 | AH31: 0 | AI31: 0 | AJ31: 0 | AK31: 0 | AL31: 0 | AM31: 0 | AN31: 0 | AO31: 0.0384 | AP31: 0.001 | AQ31: 0.0384 | AR31: 0 | AS31: 0.0384 | AT31: 0 | AU31: 0.0384 | AV31: =+BA31*10% -> 0.0233 | AW31: 0.0384 | AX31: 0.0384 | AY31: 0.041 | AZ31: 0 | BA31: =+AC31+AE31+AG31+AI31+AK31+AM31+AO31+AQ31+AS31+AU31+AW31+AY31 -> 0.233 | BB31: =+AC31+AE31+AG31+AI31+AK31+AM31+AO31+AQ31+AS31+AU31+AW31+AY31 -> 0.233 | BC31: =+AD31+AF31+AH31+AJ31+AL31+AN31+AP31+AR31+AT31+AV31+AX31+AZ31 -> 0.0627 | BD31: =+AC31+AE31+AG31+AI31+AK31+AM31+AO31+AQ31+AS31+AU31+AW31+AY31 -> 0.233 | BE31: =+AD31+AF31+AH31+AJ31+AL31+AN31+AP31+AR31+AT31+AV31+AX31+AZ31 -> 0.0627 | BF31: 0.25 | BG31: 0 | BH31: 0 | BI31: 0 | BJ31: 0 | BK31: 0 | BL31: 0 | BM31: 0.02 | BN31: 0 | BO31: 0.02 | BP31: 0 | BQ31: 0.03 | BR31: 0 | BS31: 0.03 | BT31: 0 | BU31: 0.03 | BV31: 0 | BW31: 0.03 | BX31: 0 | BY31: 0.03 | BZ31: 0 | CA31: 0.03 | CB31: =+CE31*0.9168 -> 0.2292 | CC31: 0.03 | CD31: 0.0208 | CE31: =+BG31+BI31+BK31+BM31+BO31+BQ31+BS31+BU31+BW31+BY31+CA31+CC31 -> 0.25 | CF31: =BG31+BI31+BK31+BM31+BO31+BQ31+BS31+BU31+BW31+BY31+CA31+CC31 -> 0.25 | CG31: =BH31+BJ31+BL31+BN31+BP31+BR31+BT31+BV31+BX31+BZ31+CB31+CD31 -> 0.25 | CH31: =BG31+BI31+BK31+BM31+BO31+BQ31+BS31+BU31+BW31+BY31+CA31+CC31 -> 0.25 | CI31: =BH31+BJ31+BL31+BN31+BP31+BR31+BT31+BV31+BX31+BZ31+CB31+CD31 -> 0.25 | CJ31: 0.25 | CK31: 0 | CL31: 0 | CM31: 0 | CN31: 0 | CO31: 0 | CP31: 0 | CQ31: 0 | CS31: 0 | CT31: 0 | CU31: 0.0357 | CV31: 0 | CW31: 0.0357 | CX31: 0 | CY31: 0.0357 | CZ31: 0 | DA31: 0.0357 | DB31: 0 | DC31: 0.0357 | DE31: 0.0357 | DG31: 0.0358 | DI31: =+CK31+CM31+CO31+CQ31+CS31+CU31+CW31+CY31+DA31+DC31+DE31+DG31 -> 0.25 | DJ31: =CK31+CM31+CO31+CQ31+CS31+CU31+CW31+CY31+DA31 -> 0.1428 | DK31: =CL31+CN31+CP31+CR31+CT31+CV31+CX31+CZ31+DB31+DD31+DF31+DH31 -> 0 | DL31: =CK31+CM31+CO31+CQ31+CS31+CU31+CW31+CY31+DA31+DC31+DE31+DG31 -> 0.25 | DM31: =CL31+CN31+CP31+CR31+CT31+CV31+CX31+CZ31+DB31+DD31+DF31+DH31 -> 0 | DN31: 0.077 | ER31: =IFERROR(DB31/DA31,0) -> 0 | ES31: =IFERROR(DK31/DJ31,0) -> 0 | ET31: =DM31/DL31 -> 0 | EU31: =(AA31+BE31+CI31+DK31)/(Z31+BD31+CH31+DJ31) -> 0.5434529 | EV31: =(Y31+BE31+CI31+DM31)/G31 -> 0.53265685 | EW31: El avance acumulado del plan de desarrollo es del 67,30% y corresponde al avance de los mantenimientos de la infraestructura a cargo de la SDA. La Dirección de Gestión Corporativa se encuentra estructurando los documentos precontractuales conforme a las necesidades identificadas en la infraestructura de la Entidad. Con el fin de disminuir el costo administrativo y optimizar los recursos públicos, se decidió unir el proceso de obra de mantenimiento y de adecuaciones. | EX31: -Retraso en la estructuración del proceso de contratación de mantenimiento y adecuaciones, debido a la complejidad en la consolidacion de los requirimientos tecnicos conforme al estado actual de las sedes de la SDA. | EY31: Una vez se suscriba el contrato, se ajustarán los cronogramas para cumplir con el total de las actividades programadas. | EZ31: Prevención y corrección a deterioros en la infraestructura de la Secretaría Distrital de Ambiente, brindando así espacios seguros y de calidad para los servidores y usuarios de la SDA. | FA31: Drive: https://drive.google.com/drive/folders/11QXDuCJrB3c846ikSuTK5AynVxt_hNO5?usp=share_link
F32: PRESUPUESTO VIGENCIA | G32: =AA32+BE32+CI32+DL32+DN32 -> 2198529196 | H32: 200000000 | K32: 200000000 | L32: 0 | M32: 200000000 | N32: 0 | O32: 200000000 | P32: 0 | Q32: 200000000 | R32: 0 | S32: 200000000 | T32: 200000000 | U32: 200000000 | V32: 194725921 | W32: =+U32 -> 200000000 | X32: =+U32 -> 200000000 | Y32: =+V32 -> 194725921 | Z32: =+X32 -> 200000000 | AA32: =+Y32 -> 194725921 | AB32: 700000000 | AC32: 0 | AD32: 0 | AE32: 0 | AF32: 0 | AG32: 0 | AH32: 0 | AI32: 49157119 | AJ32: 49157119 | AK32: 0 | AL32: 0 | AM32: 0 | AN32: 0 | AO32: =650842881+16812447 -> 667655328 | AP32: 16812447 | AQ32: 0 | AR32: 0 | AS32: 0 | AT32: 0 | AU32: 0 | AV32: 0 | AW32: 0 | AX32: 591500000 | AY32: =725737447-716812447 -> 8925000 | AZ32: =725737447-657469566 -> 68267881 | BA32: =+AC32+AE32+AG32+AI32+AK32+AM32+AO32+AQ32+AS32+AU32+AW32+AY32 -> 725737447 | BB32: =+AC32+AE32+AG32+AI32+AK32+AM32+AO32+AQ32+AS32+AU32+AW32+AY32 -> 725737447 | BC32: =+AD32+AF32+AH32+AJ32+AL32+AN32+AP32+AR32+AT32+AV32+AX32+AZ32 -> 725737447 | BD32: =+AC32+AE32+AG32+AI32+AK32+AM32+AO32+AQ32+AS32+AU32+AW32+AY32 -> 725737447 | BE32: =+AD32+AF32+AH32+AJ32+AL32+AN32+AP32+AR32+AT32+AV32+AX32+AZ32 -> 725737447 | BF32: 450000000 | BG32: 0 | BH32: 0 | BI32: 0 | BJ32: 0 | BK32: 0 | BL32: 0 | BM32: 290000000 | BN32: 0 | BO32: 0 | BP32: 0 | BQ32: 0 | BR32: 0 | BS32: =160000000 -> 160000000 | BT32: 0 | BU32: 0 | BV32: 0 | BW32: 0 | BX32: 200227372 | BY32: 0 | BZ32: 0 | CA32: 0 | CB32: 40000000 | CC32: -180117828 | CD32: 0 | CE32: =+BG32+BI32+BK32+BM32+BO32+BQ32+BS32+BU32+BW32+BY32+CA32+CC32 -> 269882172 | CF32: =BG32+BI32+BK32+BM32+BO32+BQ32+BS32+BU32+BW32+BY32+CA32+CC32 -> 269882172 | CG32: =BH32+BJ32+BL32+BN32+BP32+BR32+BT32+BV32+BX32+BZ32+CB32+CD32 -> 240227372 | CH32: =+BG32+BI32+BK32+BM32+BO32+BQ32+BS32+BU32+BW32+BY32+CA32+CC32 -> 269882172 | CI32: =+BH32+BJ32+BL32+BN32+BP32+BR32+BT32+BV32+BX32+BZ32+CB32+CD32 -> 240227372 | CJ32: 639048000 | CK32: 38577000 | CL32: 38577000 | CM32: 0 | CN32: 0 | CO32: 0 | CP32: 0 | CR32: 0 | CS32: 11200000 | CT32: 11085000 | CU32: 600471000 | CV32: 0 | CX32: 0 | CZ32: 0 | DB32: 22770000 | DG32: 87590456 | DI32: =+CK32+CM32+CO32+CQ32+CS32+CU32+CW32+CY32+DA32+DC32+DE32+DG32 -> 737838456 | DJ32: =CK32+CM32+CO32+CQ32+CS32+CU32+CW32+CY32+DA32 -> 650248000 | DK32: =CL32+CN32+CP32+CR32+CT32+CV32+CX32+CZ32+DB32+DD32+DF32+DH32 -> 72432000 | DL32: =+CK32+CM32+CO32+CQ32+CS32+CU32+CW32+CY32+DA32+DC32+DE32+DG32 -> 737838456 | DM32: =+CL32+CN32+CP32+CR32+CT32+CV32+CX32+CZ32+DB32+DD32+DF32+DH32 -> 72432000 | DN32: 300000000 | ER32: =IFERROR(DB32/DA32,0) -> 0 | ES32: =IFERROR(DK32/DJ32,0) -> 0.11139135 | ET32: =DM32/DL32 -> 0.09816783 | EU32: =(AA32+BE32+CI32+DK32)/(Z32+BD32+CH32+DJ32) -> 0.66804506 | EV32: =(Y32+BE32+CI32+DM32)/G32 -> 0.56088531
F33: GIRO VIGENCIA | AC33: 0 | AD33: 0 | AE33: 0 | AF33: 0 | AG33: 0 | AH33: 0 | AI33: 0 | AJ33: 0 | AK33: 0 | AL33: 0 | AM33: =49157119 -> 49157119 | AN33: 0 | AO33: 16812447 | AP33: =49157119+16812447 -> 65969566 | AR33: 0 | AS33: =195252864 -> 195252864 | AT33: 0 | AU33: 151863339 | AV33: 0 | AW33: 151863339 | AX33: 0 | AY33: =725737447-564949108 -> 160788339 | AZ33: 8925000 | BA33: =+AC33+AE33+AG33+AI33+AK33+AM33+AO33+AQ33+AS33+AU33+AW33+AY33 -> 725737447 | BB33: =+AC33+AE33+AG33+AI33+AK33+AM33+AO33+AQ33+AS33+AU33+AW33+AY33 -> 725737447 | BC33: =+AD33+AF33+AH33+AJ33+AL33+AN33+AP33+AR33+AT33+AV33+AX33+AZ33 -> 74894566 | BD33: =+AC33+AE33+AG33+AI33+AK33+AM33+AO33+AQ33+AS33+AU33+AW33+AY33 -> 725737447 | BE33: =+AD33+AF33+AH33+AJ33+AL33+AN33+AP33+AR33+AT33+AV33+AX33+AZ33 -> 74894566 | BF33: 450000000 | BG33: 0 | BH33: 0 | BI33: 0 | BJ33: 0 | BK33: 0 | BL33: 0 | BM33: 56250000 | BN33: 0 | BO33: 56250000 | BP33: 0 | BQ33: =56250000 -> 56250000 | BR33: 0 | BS33: 56250000 | BT33: 0 | BU33: 56250000 | BV33: 0 | BW33: 56250000 | BX33: 0 | BY33: 56250000 | BZ33: 0 | CA33: 56250000 | CB33: 0 | CC33: -180117828 | CD33: 98617552 | CE33: =+BG33+BI33+BK33+BM33+BO33+BQ33+BS33+BU33+BW33+BY33+CA33+CC33 -> 269882172 | CF33: =BG33+BI33+BK33+BM33+BO33+BQ33+BS33+BU33+BW33+BY33+CA33+CC33 -> 269882172 | CG33: =BH33+BJ33+BL33+BN33+BP33+BR33+BT33+BV33+BX33+BZ33+CB33+CD33 -> 98617552 | CH33: =+BG33+BI33+BK33+BM33+BO33+BQ33+BS33+BU33+BW33+BY33+CA33+CC33 -> 269882172 | CI33: =+BH33+BJ33+BL33+BN33+BP33+BR33+BT33+BV33+BX33+BZ33+CB33+CD33 -> 98617552 | CJ33: 639048000 | CK33: 0 | CL33: 0 | CM33: 1285900 | CN33: 1285900 | CO33: 3507000 | CP33: 3507000 | CQ33: 3507000 | CR33: 3507000 | CS33: 14707000 | CT33: 14592000 | CU33: 3507000 | CV33: 3507000 | CW33: 103293250 | CX33: 3507000 | CY33: 103293250 | CZ33: 3507000 | DA33: 103293250 | DB33: 3507000 | DC33: 103293250 | DE33: 103293250 | DG33: 194858306 | DI33: =+CK33+CM33+CO33+CQ33+CS33+CU33+CW33+CY33+DA33+DC33+DE33+DG33 -> 737838456 | DJ33: =CK33+CM33+CO33+CQ33+CS33+CU33+CW33+CY33+DA33 -> 336393650 | DK33: =CL33+CN33+CP33+CR33+CT33+CV33+CX33+CZ33+DB33+DD33+DF33+DH33 -> 36919900 | DL33: =+CK33+CM33+CO33+CQ33+CS33+CU33+CW33+CY33+DA33+DC33+DE33+DG33 -> 737838456 | DM33: =+CL33+CN33+CP33+CR33+CT33+CV33+CX33+CZ33+DB33+DD33+DF33+DH33 -> 36919900 | ER33: =IFERROR(DB33/DA33,0) -> 0.03395188 | ES33: =IFERROR(DK33/DJ33,0) -> 0.10975207 | ET33: =DM33/DL33 -> 0.050037918 | EU33: =(AA33+BE33+CI33+DK33)/(Z33+BD33+CH33+DJ33) -> 0.15798042 | EV33: =IFERROR((Y33+BE33+CI33+DM33)/G33,0) -> 0
F34: MAGNITUD FÍSICA RESERVAS | G34: =AA34+BE34+CI34+DL34+DN34 -> 0.30032892 | AB34: 0.13 | AC34: 0 | AD34: 0 | AE34: 0.012 | AF34: 0.012 | AG34: 0.0818 | AH34: 0.0818 | AI34: 0.0232 | AJ34: 0.0232 | AK34: 0 | AL34: 0 | AM34: 0.013 | AN34: 0.0117 | AO34: 0 | AP34: 0.0013 | AR34: 0 | AS34: 0 | AT34: 0 | AV34: 0 | AW34: 0 | AX34: 0 | AY34: 0 | AZ34: 0 | BA34: =+AC34+AE34+AG34+AI34+AK34+AM34+AO34+AQ34+AS34+AU34+AW34+AY34 -> 0.13 | BB34: =+AC34+AE34+AG34+AI34+AK34+AM34+AO34+AQ34+AS34+AU34+AW34+AY34 -> 0.13 | BC34: =+AD34+AF34+AH34+AJ34+AL34+AN34+AP34+AR34+AT34+AV34+AX34+AZ34 -> 0.13 | BD34: =+AC34+AE34+AG34+AI34+AK34+AM34+AO34+AQ34+AS34+AU34+AW34+AY34 -> 0.13 | BE34: =+AD34+AF34+AH34+AJ34+AL34+AN34+AP34+AR34+AT34+AV34+AX34+AZ34 -> 0.13 | BF34: =+BB31-BC31 -> 0.1703 | BG34: 0 | BH34: 0 | BI34: 0.0053 | BJ34: 0.0015327 | BK34: 0.0053 | BL34: 0.0111 | BM34: 0.0177 | BN34: 0.011 | BO34: 0.0177 | BP34: 0.0095 | BQ34: 0.0177 | BR34: 0.0207 | BS34: 0.0177 | BT34: 0.024 | BU34: 0.0177 | BV34: 0.0629 | BW34: 0.0177 | BX34: 0.0014 | BY34: 0.0177 | BZ34: 0.0014 | CA34: 0.0177 | CB34: 0.02169622 | CC34: 0.0181 | CD34: 0.0051 | CE34: =+BG34+BI34+BK34+BM34+BO34+BQ34+BS34+BU34+BW34+BY34+CA34+CC34 -> 0.1703 | CF34: =BG34+BI34+BK34+BM34+BO34+BQ34+BS34+BU34+BW34+BY34+CA34+CC34 -> 0.1703 | CG34: =BH34+BJ34+BL34+BN34+BP34+BR34+BT34+BV34+BX34+BZ34+CB34+CD34 -> 0.17032892 | CH34: =BG34+BI34+BK34+BM34+BO34+BQ34+BS34+BU34+BW34+BY34+CA34+CC34 -> 0.1703 | CI34: =BH34+BJ34+BL34+BN34+BP34+BR34+BT34+BV34+BX34+BZ34+CB34+CD34 -> 0.17032892 | CJ34: 0 | CK34: 0 | CL34: 0 | CM34: 0 | CN34: 0 | CP34: 0 | CT34: 0 | CV34: 0 | CX34: 0 | CZ34: 0 | DB34: 0 | DI34: =+CK34+CM34+CO34+CQ34+CS34+CU34+CW34+CY34+DA34+DC34+DE34+DG34 -> 0 | DJ34: =CK34+CM34+CO34+CQ34+CS34+CU34+CW34+CY34+DA34 -> 0 | DK34: =CL34+CN34+CP34+CR34+CT34+CV34+CX34+CZ34+DB34+DD34+DF34+DH34 -> 0 | DL34: =CK34+CM34+CO34+CQ34+CS34+CU34+CW34+CY34+DA34+DC34+DE34+DG34 -> 0 | DM34: =CL34+CN34+CP34+CR34+CT34+CV34+CX34+CZ34+DB34+DD34+DF34+DH34 -> 0 | ER34: =IFERROR(DB34/DA34,0) -> 0 | ES34: =IFERROR(DK34/DJ34,0) -> 0 | ET34: =IFERROR(DM34/DL34,0) -> 0 | EU34: =(AA34+BE34+CI34+DK34)/(Z34+BD34+CH34+DJ34) -> 1.0000963 | EV34: =(Y34+BE34+CI34+DM34)/G34 -> 1
F35: RESERVA PRESUPUESTAL | G35: =AA35+BE35+CI35+DL35+DN35 -> 926399568 | AB35: 194725921 | AC35: 0 | AD35: 0 | AE35: 0 | AF35: 0 | AG35: 0 | AH35: 0 | AI35: 0 | AJ35: 0 | AK35: 0 | AL35: 0 | AM35: 194725921 | AN35: 175103621 | AO35: 0 | AP35: 19622300 | AR35: 0 | AS35: 0 | AT35: 0 | AV35: 0 | AW35: 0 | AX35: 0 | AY35: 0 | AZ35: 0 | BA35: =+AC35+AE35+AG35+AI35+AK35+AM35+AO35+AQ35+AS35+AU35+AW35+AY35 -> 194725921 | BB35: =+AC35+AE35+AG35+AI35+AK35+AM35+AO35+AQ35+AS35+AU35+AW35+AY35 -> 194725921 | BC35: =+AD35+AF35+AH35+AJ35+AL35+AN35+AP35+AR35+AT35+AV35+AX35+AZ35 -> 194725921 | BD35: =+AC35+AE35+AG35+AI35+AK35+AM35+AO35+AQ35+AS35+AU35+AW35+AY35 -> 194725921 | BE35: =+AD35+AF35+AH35+AJ35+AL35+AN35+AP35+AR35+AT35+AV35+AX35+AZ35 -> 194725921 | BF35: 650842881 | BG35: =+$BF$35*BG34 -> 0 | BH35: 0 | BI35: 59167535 | BJ35: 0 | BK35: 59167535 | BL35: 177450000 | BM35: 59167535 | BN35: 0 | BO35: 59167535 | BP35: 2967144 | BQ35: 59167535 | BR35: 0 | BS35: 59167535 | BT35: 0 | BU35: 59167535 | BV35: 1762961 | BW35: 59167535 | BX35: 0 | BY35: =59167535 -> 59167535 | BZ35: =261279288-10274964 -> 251004324 | CA35: 59167535 | CB35: 115534201 | CC35: 59167531 | CD35: 59744310 | CE35: =+BG35+BI35+BK35+BM35+BO35+BQ35+BS35+BU35+BW35+BY35+CA35+CC35 -> 650842881 | CF35: =BG35+BI35+BK35+BM35+BO35+BQ35+BS35+BU35+BW35+BY35+CA35+CC35 -> 650842881 | CG35: =BH35+BJ35+BL35+BN35+BP35+BR35+BT35+BV35+BX35+BZ35+CB35+CD35 -> 608462940 | CH35: =+BG35+BI35+BK35+BM35+BO35+BQ35+BS35+BU35+BW35+BY35+CA35+CC35 -> 650842881 | CI35: =+BH35+BJ35+BL35+BN35+BP35+BR35+BT35+BV35+BX35+BZ35+CB35+CD35 -> 608462940 | CJ35: 141609820 | CK35: 0 | CL35: 0 | CM35: 0 | CN35: 0 | CO35: 41877881 | CP35: 41877881 | CR35: 0 | CS35: 99731939 | CT35: 0 | CV35: 81332826 | CW35: -18399113 | CX35: 0 | CZ35: 0 | DB35: 0 | DI35: =+CK35+CM35+CO35+CQ35+CS35+CU35+CW35+CY35+DA35+DC35+DE35+DG35 -> 123210707 | DJ35: =CK35+CM35+CO35+CQ35+CS35+CU35+CW35+CY35+DA35 -> 123210707 | DK35: =CL35+CN35+CP35+CR35+CT35+CV35+CX35+CZ35+DB35+DD35+DF35+DH35 -> 123210707 | DL35: =+CK35+CM35+CO35+CQ35+CS35+CU35+CW35+CY35+DA35+DC35+DE35+DG35 -> 123210707 | DM35: =+CL35+CN35+CP35+CR35+CT35+CV35+CX35+CZ35+DB35+DD35+DF35+DH35 -> 123210707 | ER35: =IFERROR(DB35/DA35,0) -> 0 | ES35: =IFERROR(DK35/DJ35,0) -> 1 | ET35: =DM35/DL35 -> 1 | EU35: =(AA35+BE35+CI35+DK35)/(Z35+BD35+CH35+DJ35) -> 0.9562543 | EV35: =(Y35+BE35+CI35+DM35)/G35 -> 1
F36: TOTAL MAGNITUD FÍSICA | G36: =+G31+G34 -> 1.0000289 | H36: 0 | I36: =I31+I34 -> 0 | J36: =J31+J34 -> 0 | K36: =K31+K34 -> 0.19 | L36: =L31+L34 -> 0 | M36: =M31+M34 -> 0.19 | N36: =N31+N34 -> 0 | O36: =O31+O34 -> 0.19 | P36: =P31+P34 -> 0 | ... U36: =U31+U34 -> 0.06 | V36: 0 | W36: =+W31 -> 0.06 | X36: =+X31 -> 0.06 | Y36: =+Y31 -> 0.06 | Z36: =+Z31 -> 0.06 | AA36: =+AA31 -> 0.06 | AB36: =+AB31+AB34 -> 0.363 | AC36: =AC31+AC34 -> 0 | AD36: =AD31+AD34 -> 0 | AE36: =AE31+AE34 -> 0.012 | AF36: =AF31+AF34 -> 0.012 | AG36: =AG31+AG34 -> 0.0818 | AH36: =AH31+AH34 -> 0.0818 | AI36: =AI31+AI34 -> 0.0232 | AJ36: =AJ31+AJ34 -> 0.0232 | ... AY36: =AY31+AY34 -> 0.041 | AZ36: =+AZ31+AZ34 -> 0 | BA36: =+AC36+AE36+AG36+AI36+AK36+AM36+AO36+AQ36+AS36+AU36+AW36+AY36 -> 0.363 | BB36: =+AC36+AE36+AG36+AI36+AK36+AM36+AO36+AQ36+AS36+AU36+AW36+AY36 -> 0.363 | BC36: =+AD36+AF36+AH36+AJ36+AL36+AN36+AP36+AR36+AT36+AV36+AX36+AZ36 -> 0.1927 | BD36: =+AC36+AE36+AG36+AI36+AK36+AM36+AO36+AQ36+AS36+AU36+AW36+AY36 -> 0.363 | BE36: =+AD36+AF36+AH36+AJ36+AL36+AN36+AP36+AR36+AT36+AV36+AX36+AZ36 -> 0.1927 | BF36: =BF31+BF34 -> 0.4203 | BG36: =BG31+BG34 -> 0 | BH36: =BH31+BH34 -> 0 | BI36: =BI31+BI34 -> 0.0053 | BJ36: =BJ31+BJ34 -> 0.0015327 | BK36: =BK31+BK34 -> 0.0053 | BL36: =BL31+BL34 -> 0.0111 | BM36: =BM31+BM34 -> 0.0377 | ... CC36: =CC31+CC34 -> 0.0481 | CD36: 0.0259 | CE36: =+BG36+BI36+BK36+BM36+BO36+BQ36+BS36+BU36+BW36+BY36+CA36+CC36 -> 0.4203 | CF36: =BG36+BI36+BK36+BM36+BO36+BQ36+BS36+BU36+BW36+BY36+CA36+CC36 -> 0.4203 | CG36: =BH36+BJ36+BL36+BN36+BP36+BR36+BT36+BV36+BX36+BZ36+CB36+CD36 -> 0.42032892 | CH36: =+BG36+BI36+BK36+BM36+BO36+BQ36+BS36+BU36+BW36+BY36+CA36+CC36 -> 0.4203 | CI36: =+BH36+BJ36+BL36+BN36+BP36+BR36+BT36+BV36+BX36+BZ36+CB36+CD36 -> 0.42032892 | CJ36: =+CJ31+CJ34 -> 0.25 | CK36: =+CK31+CK34 -> 0 | CL36: =+CL31+CL34 -> 0 | CM36: =+CM31+CM34 -> 0 | CN36: =+CN31+CN34 -> 0 | CO36: =+CO31+CO34 -> 0 | CP36: =+CP31+CP34 -> 0 | CQ36: =+CQ31+CQ34 -> 0 | ... DH36: =+DH31+DH34 -> 0 | DI36: =+CK36+CM36+CO36+CQ36+CS36+CU36+CW36+CY36+DA36+DC36+DE36+DG36 -> 0.25 | DJ36: =CK36+CM36+CO36+CQ36+CS36+CU36+CW36+CY36+DA36 -> 0.1428 | DK36: =CL36+CN36+CP36+CR36+CT36+CV36+CX36+CZ36+DB36+DD36+DF36+DH36 -> 0 | DL36: =+CK36+CM36+CO36+CQ36+CS36+CU36+CW36+CY36+DA36+DC36+DE36+DG36 -> 0.25 | DM36: =+CL36+CN36+CP36+CR36+CT36+CV36+CX36+CZ36+DB36+DD36+DF36+DH36 -> 0 | DN36: =+DN31+DN34 -> 0.077 | ER36: =IFERROR(DB36/DA36,0) -> 0 | ES36: =IFERROR(DK36/DJ36,0) -> 0 | ET36: =DM36/DL36 -> 0 | EU36: =(AA36+BE36+CI36+DK36)/(Z36+BD36+CH36+DJ36) -> 0.68251589 | EV36: =(Y36+BE36+CI36+DM36)/G36 -> 0.67300946
F37: TOTAL PRESUPUESTO DE LA META | G37: =+G32+G35 -> 3124928764 | H37: =+H32+H35 -> 200000000 | I37: =+I32+I35 -> 0 | J37: =+J32+J35 -> 0 | K37: =+K32+K35 -> 200000000 | L37: =+L32+L35 -> 0 | M37: =+M32+M35 -> 200000000 | N37: =+N32+N35 -> 0 | ... AZ37: =+AZ32+AZ35 -> 68267881 | BA37: =+AC37+AE37+AG37+AI37+AK37+AM37+AO37+AQ37+AS37+AU37+AW37+AY37 -> 920463368 | BB37: =+AC37+AE37+AG37+AI37+AK37+AM37+AO37+AQ37+AS37+AU37+AW37 -> 911538368 | BC37: =+AD37+AF37+AH37+AJ37+AL37+AN37+AP37+AR37+AT37+AV37+AX37 -> 852195487 | BD37: =+AC37+AE37+AG37+AI37+AK37+AM37+AO37+AQ37+AS37+AU37+AW37+AY37 -> 920463368 | BE37: =+AD37+AF37+AH37+AJ37+AL37+AN37+AP37+AR37+AT37+AV37+AX37 -> 852195487 | BF37: =+BF32+BF35 -> 1100842881 | BG37: =+BG32+BG35 -> 0 | BH37: =+BH32+BH35 -> 0 | BI37: =+BI32+BI35 -> 59167535 | BJ37: =+BJ32+BJ35 -> 0 | BK37: =+BK32+BK35 -> 59167535 | BL37: =+BL32+BL35 -> 177450000 | BM37: =+BM32+BM35 -> 349167535 | ... CC37: =+CC32+CC35 -> -120950297 | CD37: 59744310 | CE37: =+BG37+BI37+BK37+BM37+BO37+BQ37+BS37+BU37+BW37+BY37+CA37+CC37 -> 920725053 | CF37: =BG37+BI37+BK37+BM37+BO37+BQ37+BS37+BU37+BW37+BY37+CA37+CC37 -> 920725053 | CG37: =BH37+BJ37+BL37+BN37+BP37+BR37+BT37+BV37+BX37+BZ37+CB37+CD37 -> 848690312 | CH37: =+BG37+BI37+BK37+BM37+BO37+BQ37+BS37+BU37+BW37+BY37+CA37+CC37 -> 920725053 | CI37: =+BH37+BJ37+BL37+BN37+BP37+BR37+BT37+BV37+BX37+BZ37+CB37 -> 788946002 | CJ37: =+CJ32+CJ35 -> 780657820 | CK37: =+CK32+CK35 -> 38577000 | CL37: =+CL32+CL35 -> 38577000 | CM37: =+CM32+CM35 -> 0 | CN37: =+CN32+CN35 -> 0 | CO37: =+CO32+CO35 -> 41877881 | CP37: =+CP32+CP35 -> 41877881 | CQ37: =+CQ32+CQ35 -> 0 | ... DH37: =+DH32+DH35 -> 0 | DI37: =+CK37+CM37+CO37+CQ37+CS37+CU37+CW37+CY37+DA37+DC37+DE37+DG37 -> 861049163 | DJ37: =CK37+CM37+CO37+CQ37+CS37+CU37+CW37+CY37 -> 773458707 | DK37: =CL37+CN37+CP37+CR37+CT37+CV37+CX37+CZ37+DB37+DD37+DF37 -> 195642707 | DL37: =+CK37+CM37+CO37+CQ37+CS37+CU37+CW37+CY37+DA37+DC37+DE37+DG37 -> 861049163 | DM37: =+CL37+CN37+CP37+CR37+CT37+CV37+CX37+CZ37+DB37+DD37+DF37 -> 195642707 | DN37: =+DN32+DN35 -> 300000000 | ER37: =IFERROR(DB37/DA37,0) -> 0 | ES37: =IFERROR(DK37/DJ37,0) -> 0.25294525 | ET37: =DM37/DL37 -> 0.22721433 | EU37: =(AA37+BE37+CI37+DK37)/(Z37+BD37+CH37+DJ37) -> 0.7217637 | EV37: =(Y37+BE37+CI37+DM37)/G37 -> 0.65009806
A38: Mantenimiento de infraestructura | B38: 5 | C38: Realizar el 100% de las adecuaciones y reparaciones locativas de la Infraestructura Ambiental priorizada | D38: suma | E38: 538 | F38: MAGNITUD FÍSICA | G38: =AA38+BE38+CI38+DL38+DN38 -> 0.1671 | I38: 0 | J38: 0 | K38: 0 | L38: 0 | M38: 0 | N38: 0 | O38: 0 | P38: 0 | Q38: 0 | R38: 0 | S38: 0 | T38: 0 | U38: 0 | V38: 0 | W38: =+U38 -> 0 | X38: =+U38 -> 0 | Y38: =+V38 -> 0 | Z38: =+X38 -> 0 | AA38: =+Y38 -> 0 | AB38: 0.495 | AC38: 0 | AD38: 0 | AE38: 0 | AF38: 0 | AG38: 0 | AH38: 0 | AI38: 0 | AJ38: 0 | AK38: 0 | AL38: 0 | AM38: 0 | AN38: 0 | AO38: 0 | AP38: 0 | AQ38: 0.0495 | AR38: 0 | AS38: 0.1114 | AT38: 0 | AU38: 0.1114 | AV38: 0 | AW38: 0.1114 | AX38: 0 | AY38: 0.1113 | AZ38: =+BA38*0.1 -> 0.0495 | BA38: =+AC38+AE38+AG38+AI38+AK38+AM38+AO38+AQ38+AS38+AU38+AW38+AY38 -> 0.495 | BB38: =+AC38+AE38+AG38+AI38+AK38+AM38+AO38+AQ38+AS38+AU38+AW38+AY38 -> 0.495 | BC38: =+AD38+AF38+AH38+AJ38+AL38+AN38+AP38+AR38+AT38+AV38+AX38+AZ38 -> 0.0495 | BD38: =+AC38+AE38+AG38+AI38+AK38+AM38+AO38+AQ38+AS38+AU38+AW38+AY38 -> 0.495 | BE38: =+AD38+AF38+AH38+AJ38+AL38+AN38+AP38+AR38+AT38+AV38+AX38+AZ38 -> 0.0495 | BF38: 0.404 | BG38: 0 | BH38: 0 | BI38: 0.0123 | BJ38: 0 | BK38: 0.0166 | BL38: 0.0166 | BM38: 0.0123 | BN38: 0 | BO38: 0.0123 | BP38: 0 | BQ38: 0.0123 | BR38: 0 | BS38: 0.0123 | BT38: 0 | BU38: 0.0123 | BV38: 0 | BW38: 0.0223 | BX38: 0 | BY38: 0.0985 | BZ38: 0 | CA38: 0.0985 | CB38: 0 | CC38: 0.0943 | CD38: 0 | CE38: =+BG38+BI38+BK38+BM38+BO38+BQ38+BS38+BU38+BW38+BY38+CA38+CC38 -> 0.404 | CF38: =BG38+BI38+BK38+BM38+BO38+BQ38+BS38+BU38+BW38+BY38+CA38+CC38 -> 0.404 | CG38: =BH38+BJ38+BL38+BN38+BP38+BR38+BT38+BV38+BX38+BZ38+CB38+CD38 -> 0.0166 | CH38: =BG38+BI38+BK38+BM38+BO38+BQ38+BS38+BU38+BW38+BY38+CA38+CC38 -> 0.404 | CI38: =BH38+BJ38+BL38+BN38+BP38+BR38+BT38+BV38+BX38+BZ38+CB38+CD38 -> 0.0166 | CJ38: 0.101 | CK38: 0 | CL38: 0 | CM38: 0 | CN38: 0 | CO38: 0 | CP38: 0 | CQ38: 0 | CR38: 0 | CS38: 0 | CT38: 0 | CU38: 0 | CV38: 0 | CW38: 0.0067 | CX38: 0 | CY38: 0.0067 | CZ38: 0 | DA38: 0.0219 | DB38: 0 | DC38: 0.0187 | DE38: 0 | DG38: 0 | DI38: =+CK38+CM38+CO38+CQ38+CS38+CU38+CW38+CY38+DA38+DC38+DE38+DG38 -> 0.054 | DJ38: =CK38+CM38+CO38+CQ38+CS38+CU38+CW38+CY38+DA38 -> 0.0353 | DK38: =CL38+CN38+CP38+CR38+CT38+CV38+CX38+CZ38+DB38+DD38+DF38+DH38 -> 0 | DL38: =CK38+CM38+CO38+CQ38+CS38+CU38+CW38+CY38+DA38+DC38+DE38+DG38 -> 0.054 | DM38: =CL38+CN38+CP38+CR38+CT38+CV38+CX38+CZ38+DB38+DD38+DF38+DH38 -> 0 | DN38: 0.047 | ER38: =IFERROR(DB38/DA38,0) -> 0 | ES38: =IFERROR(DK38/DJ38,0) -> 0 | ET38: =DM38/DL38 -> 0 | EU38: =(AA38+BE38+CI38+DK38)/(Z38+BD38+CH38+DJ38) -> 0.070748154 | EV38: =(Y38+BE38+CI38+DM38)/G38 -> 0.39557151 | EW38: El avance acumulado del plan de desarrollo es 13,35% y corresponde al avance en las adecuaciones de la infraestructura priorizada a cargo de la SDA. La Dirección de Gestión Corporativa se encuentra estructurando los documentos precontractuales conforme a las necesidades identificadas en la infraestructura de la Entidad. Con el fin de dismuir el costo administrativo y optimizar los recursos publicos, se decidio unir el proceso de obra de mantenimiento y de adecuaciones. | EX38: Se presenta retraso en la estructuación del proceso de contratación, teniendo en cuenta que la Entidad tuvo que realizar una valoracion de costo beneficio, en pro de determinar las opciones mas favorables en terminos de eficiencia para ejecutar la obra. Por lo que determinó, realizar los diseños in house, ahorrando recursos y tiempos en la ejecucion de la obra. | EY38: Una vez se suscriba el contrato, se ajustarán los cronogramas para cumplir con el total de las actividades programadas. | EZ38: Adaptación y/o eliminación de obstáculos y barreras de acceso frente a la población con discapacidad, enfocadas en la accesibilidad universal y al diseño para todos. Asi como se podrá migrar a una infraestructura ambiental sostenible, para garantizar el uso eficiente del agua y la energía. | FA38: Drive: https://drive.google.com/drive/folders/11QXDuCJrB3c846ikSuTK5AynVxt_hNO5?usp=share_link
F39: PRESUPUESTO VIGENCIA | G39: =AA39+BE39+CI39+DL39+DN39 -> 6227898493 | I39: 0 | J39: 0 | K39: 0 | L39: 0 | M39: 0 | N39: 0 | O39: 0 | P39: 0 | Q39: 0 | R39: 0 | S39: 0 | T39: 0 | U39: 0 | V39: 0 | W39: =+U39 -> 0 | X39: =+U39 -> 0 | Y39: =+V39 -> 0 | Z39: =+X39 -> 0 | AA39: =+Y39 -> 0 | AB39: 2446350000 | AC39: 0 | AD39: 0 | AE39: 0 | AF39: 0 | AG39: 0 | AH39: 0 | AI39: 0 | AJ39: 0 | AK39: 0 | AL39: 0 | AM39: 0 | AN39: 0 | AO39: 0 | AP39: 0 | AQ39: 2196350000 | AR39: 0 | AS39: 0 | AT39: 0 | AU39: 0 | AV39: 0 | AW39: 0 | AX39: 0 | AY39: 0 | AZ39: 2028072403 | BA39: =+AC39+AE39+AG39+AI39+AK39+AM39+AO39+AQ39+AS39+AU39+AW39+AY39 -> 2196350000 | BB39: =+AC39+AE39+AG39+AI39+AK39+AM39+AO39+AQ39+AS39+AU39+AW39+AY39 -> 2196350000 | BC39: =+AD39+AF39+AH39+AJ39+AL39+AN39+AP39+AR39+AT39+AV39+AX39+AZ39 -> 2028072403 | BD39: =+AC39+AE39+AG39+AI39+AK39+AM39+AO39+AQ39+AS39+AU39+AW39+AY39 -> 2196350000 | BE39: =+AD39+AF39+AH39+AJ39+AL39+AN39+AP39+AR39+AT39+AV39+AX39+AZ39 -> 2028072403 | BF39: 1903282000 | BG39: 1553398000 | BH39: 1553398000 | BI39: 0 | BJ39: 0 | BK39: 0 | BL39: 0 | BM39: 0 | BN39: 0 | BO39: =1651871000-1553398000-31780000 -> 66693000 | BP39: 0 | BQ39: 0 | BR39: 0 | BS39: 0 | BT39: 0 | BU39: 0 | BV39: 0 | BW39: =1619241000-1620091000 -> -850000 | BX39: 0 | BY39: 0 | BZ39: 0 | CA39: 0 | CB39: 0 | CC39: =1553398000-1619241000 -> -65843000 | CD39: 0 | CE39: =+BG39+BI39+BK39+BM39+BO39+BQ39+BS39+BU39+BW39+BY39+CA39+CC39 -> 1553398000 | CF39: =BG39+BI39+BK39+BM39+BO39+BQ39+BS39+BU39+BW39+BY39+CA39+CC39 -> 1553398000 | CG39: =BH39+BJ39+BL39+BN39+BP39+BR39+BT39+BV39+BX39+BZ39+CB39+CD39 -> 1553398000 | CH39: =+BG39+BI39+BK39+BM39+BO39+BQ39+BS39+BU39+BW39+BY39+CA39+CC39 -> 1553398000 | CI39: =+BH39+BJ39+BL39+BN39+BP39+BR39+BT39+BV39+BX39+BZ39+CB39+CD39 -> 1553398000 | CJ39: 600000000 | CK39: 0 | CL39: 0 | CM39: 0 | CN39: 0 | CP39: 0 | CR39: 0 | CT39: 0 | CV39: 0 | CW39: 2646428090 | CX39: 0 | CZ39: 14158000 | DB39: 0 | DI39: =+CK39+CM39+CO39+CQ39+CS39+CU39+CW39+CY39+DA39+DC39+DE39+DG39 -> 2646428090 | DJ39: =CK39+CM39+CO39+CQ39+CS39+CU39+CW39+CY39+DA39 -> 2646428090 | DK39: =CL39+CN39+CP39+CR39+CT39+CV39+CX39+CZ39+DB39+DD39+DF39+DH39 -> 14158000 | DL39: =+CK39+CM39+CO39+CQ39+CS39+CU39+CW39+CY39+DA39+DC39+DE39+DG39 -> 2646428090 | DM39: =+CL39+CN39+CP39+CR39+CT39+CV39+CX39+CZ39+DB39+DD39+DF39+DH39 -> 14158000 | ER39: =IFERROR(DB39/DA39,0) -> 0 | ES39: =IFERROR(DK39/DJ39,0) -> 0.0053498525 | ET39: =DM39/DL39 -> 0.0053498525 | EU39: =(AA39+BE39+CI39+DK39)/(Z39+BD39+CH39+DJ39) -> 0.56215282 | EV39: =(Y39+BE39+CI39+DM39)/G39 -> 0.57734217
F40: GIRO VIGENCIA | AC40: 0 | AD40: 0 | AE40: 0 | AF40: 0 | AG40: 0 | AH40: 0 | AI40: 0 | AJ40: 0 | AK40: 0 | AL40: 0 | AM40: 0 | AN40: 0 | AO40: 0 | AP40: 0 | AR40: 0 | AS40: 483905000 | AT40: 0 | AU40: 570815000 | AV40: 0 | AW40: 570815000 | AX40: 0 | AY40: 570815000 | AZ40: 0 | BA40: =+AC40+AE40+AG40+AI40+AK40+AM40+AO40+AQ40+AS40+AU40+AW40+AY40 -> 2196350000 | BB40: =+AC40+AE40+AG40+AI40+AK40+AM40+AO40+AQ40+AS40+AU40+AW40+AY40 -> 2196350000 | BC40: =+AD40+AF40+AH40+AJ40+AL40+AN40+AP40+AR40+AT40+AV40+AX40+AZ40 -> 0 | BD40: =+AC40+AE40+AG40+AI40+AK40+AM40+AO40+AQ40+AS40+AU40+AW40+AY40 -> 2196350000 | BE40: =+AD40+AF40+AH40+AJ40+AL40+AN40+AP40+AR40+AT40+AV40+AX40+AZ40 -> 0 | BF40: 1903282000 | BG40: 0 | BH40: 0 | BI40: 0 | BJ40: 0 | BK40: 0 | BL40: 0 | BM40: 0 | BN40: 0 | BO40: 194174750 | BP40: 0 | BQ40: =254192350-31780000 -> 222412350 | BR40: 0 | BS40: 254192350 | BT40: 0 | BU40: 254192350 | BV40: 0 | BW40: =254192350-850000 -> 253342350 | BX40: 0 | BY40: 194174750 | BZ40: 0 | CA40: 132076175 | CB40: 0 | CC40: =1553398000-1504565075 -> 48832925 | CD40: 0 | CE40: =+BG40+BI40+BK40+BM40+BO40+BQ40+BS40+BU40+BW40+BY40+CA40+CC40 -> 1553398000 | CF40: =BG40+BI40+BK40+BM40+BO40+BQ40+BS40+BU40+BW40+BY40+CA40+CC40 -> 1553398000 | CG40: =BH40+BJ40+BL40+BN40+BP40+BR40+BT40+BV40+BX40+BZ40+CB40+CD40 -> 0 | CH40: =+BG40+BI40+BK40+BM40+BO40+BQ40+BS40+BU40+BW40+BY40+CA40+CC40 -> 1553398000 | CI40: =+BH40+BJ40+BL40+BN40+BP40+BR40+BT40+BV40+BX40+BZ40+CB40+CD40 -> 0 | CJ40: 600000000 | CK40: 0 | CL40: 0 | CM40: 0 | CN40: 0 | CP40: 0 | CR40: 0 | CT40: 0 | CV40: 0 | CX40: 0 | CY40: 144000000 | CZ40: 0 | DA40: 300000000 | DB40: 3303533 | DC40: 380000000 | DE40: 500000000 | DG40: =+DI39-1324000000 -> 1322428090 | DI40: =+CK40+CM40+CO40+CQ40+CS40+CU40+CW40+CY40+DA40+DC40+DE40+DG40 -> 2646428090 | DJ40: =CK40+CM40+CO40+CQ40+CS40+CU40+CW40+CY40+DA40 -> 444000000 | DK40: =CL40+CN40+CP40+CR40+CT40+CV40+CX40+CZ40+DB40+DD40+DF40+DH40 -> 3303533 | DL40: =+CK40+CM40+CO40+CQ40+CS40+CU40+CW40+CY40+DA40+DC40+DE40+DG40 -> 2646428090 | ER40: =IFERROR(DB40/DA40,0) -> 0.011011777 | ES40: =IFERROR(DK40/DJ40,0) -> 0.0074403896 | ET40: =DM40/DL40 -> 0 | EU40: =(AA40+BE40+CI40+DK40)/(Z40+BD40+CH40+DJ40) -> 0.00078772807 | EV40: =IFERROR((Y40+BE40+CI40+DM40)/G40,0) -> 0
F41: MAGNITUD FÍSICA RESERVAS | G41: =AA41+BE41+CI41+DL41+DN41 -> 0.8329 | AB41: 0 | AC41: 0 | AD41: 0 | AE41: 0 | AF41: 0 | AG41: 0 | AH41: 0 | AI41: 0 | AJ41: 0 | AK41: 0 | AL41: 0 | AM41: 0 | AN41: 0 | AO41: 0 | AP41: 0 | AR41: 0 | AS41: 0 | AT41: 0 | AV41: 0 | AW41: 0 | AX41: 0 | AZ41: =+AJ41 -> 0 | BA41: =+AC41+AE41+AG41+AI41+AK41+AM41+AO41+AQ41+AS41+AU41+AW41+AY41 -> 0 | BB41: =+AC41+AE41+AG41+AI41+AK41+AM41+AO41+AQ41+AS41+AU41+AW41+AY41 -> 0 | BC41: =+AD41+AF41+AH41+AJ41+AL41+AN41+AP41+AR41+AT41+AV41+AX41+AZ41 -> 0 | BD41: =+AC41+AE41+AG41+AI41+AK41+AM41+AO41+AQ41+AS41+AU41+AW41+AY41 -> 0 | BE41: =+AD41+AF41+AH41+AJ41+AL41+AN41+AP41+AR41+AT41+AV41+AX41+AZ41 -> 0 | BF41: 0.4455 | BG41: 0 | BH41: 0 | BI41: 0.0101 | BJ41: 0.0101 | BK41: 0.0102 | BL41: 0.0183 | BM41: 0.0102 | BN41: 0.012 | BO41: 0.0102 | BP41: 0.0032 | BQ41: 0.0102 | BR41: 0.0034 | BS41: 0.0658 | BT41: 0.0034 | BU41: 0.0658 | BV41: 0.0034 | BW41: 0.0658 | BX41: 0.0034 | BY41: 0.0658 | BZ41: 0.0034 | CA41: 0.0658 | CB41: 0.0034 | CC41: 0.0656 | CD41: 0.0034 | CE41: =+BG41+BI41+BK41+BM41+BO41+BQ41+BS41+BU41+BW41+BY41+CA41+CC41 -> 0.4455 | CF41: =BG41+BI41+BK41+BM41+BO41+BQ41+BS41+BU41+BW41+BY41+CA41+CC41 -> 0.4455 | CG41: =BH41+BJ41+BL41+BN41+BP41+BR41+BT41+BV41+BX41+BZ41+CB41+CD41 -> 0.0674 | CH41: =BG41+BI41+BK41+BM41+BO41+BQ41+BS41+BU41+BW41+BY41+CA41+CC41 -> 0.4455 | CI41: =BH41+BJ41+BL41+BN41+BP41+BR41+BT41+BV41+BX41+BZ41+CB41+CD41 -> 0.0674 | CJ41: 0.7655 | CK41: 0 | CL41: 0 | CM41: 0 | CN41: 0 | CP41: 0 | CR41: 0 | CT41: 0 | CV41: 0 | CW41: 0.0511 | CX41: 0 | CY41: 0.0511 | CZ41: 0 | DA41: 0.1659 | DB41: 0 | DC41: 0.1659 | DE41: 0.1659 | DG41: 0.1656 | DI41: =+CK41+CM41+CO41+CQ41+CS41+CU41+CW41+CY41+DA41+DC41+DE41+DG41 -> 0.7655 | DJ41: =CK41+CM41+CO41+CQ41+CS41+CU41+CW41+CY41+DA41 -> 0.2681 | DK41: =CL41+CN41+CP41+CR41+CT41+CV41+CX41+CZ41+DB41+DD41+DF41+DH41 -> 0 | DL41: =CK41+CM41+CO41+CQ41+CS41+CU41+CW41+CY41+DA41+DC41+DE41+DG41 -> 0.7655 | DM41: =CL41+CN41+CP41+CR41+CT41+CV41+CX41+CZ41+DB41+DD41+DF41+DH41 -> 0 | ER41: =IFERROR(DB41/DA41,0) -> 0 | ES41: =IFERROR(DK41/DJ41,0) -> 0 | ET41: =DM41/DL41 -> 0 | EU41: =(AA41+BE41+CI41+DK41)/(Z41+BD41+CH41+DJ41) -> 0.094450673 | EV41: =(Y41+BE41+CI41+DM41)/G41 -> 0.080922079
F42: RESERVA PRESUPUESTAL | G42: =AA42+BE42+CI42+DL42+DN42 -> 1604152588 | AB42: 0 | AC42: 0 | AD42: 0 | AE42: 0 | AF42: 0 | AG42: 0 | AH42: 0 | AI42: 0 | AJ42: 0 | AK42: 0 | AL42: 0 | AM42: 0 | AN42: 0 | AO42: 0 | AP42: 0 | AR42: 0 | AS42: 0 | AT42: 0 | AV42: 0 | AW42: 0 | AX42: 0 | AZ42: =+AJ42 -> 0 | BA42: =+AC42+AE42+AG42+AI42+AK42+AM42+AO42+AQ42+AS42+AU42+AW42+AY42 -> 0 | BB42: =+AC42+AE42+AG42+AI42+AK42+AM42+AO42+AQ42+AS42+AU42+AW42+AY42 -> 0 | BC42: =+AD42+AF42+AH42+AJ42+AL42+AN42+AP42+AR42+AT42+AV42+AX42+AZ42 -> 0 | BD42: =+AC42+AE42+AG42+AI42+AK42+AM42+AO42+AQ42+AS42+AU42+AW42+AY42 -> 0 | BE42: =+AD42+AF42+AH42+AJ42+AL42+AN42+AP42+AR42+AT42+AV42+AX42+AZ42 -> 0 | BF42: 2028072403 | BG42: 0 | BH42: 0 | BI42: 166993223 | BJ42: 0 | BK42: 166993223 | BL42: 0 | BM42: 166993223 | BN42: 0 | BO42: 166993223 | BP42: 18136554 | BQ42: 166993223 | BR42: 0 | BS42: 166993223 | BT42: 0 | BU42: 166993223 | BV42: 10776030 | BW42: 166993223 | BX42: 0 | BY42: 250489834 | BZ42: 10274964 | CA42: 250489834 | CB42: 11567040 | CC42: 191146951 | CD42: 0 | CE42: =+BG42+BI42+BK42+BM42+BO42+BQ42+BS42+BU42+BW42+BY42+CA42+CC42 -> 2028072403 | CF42: =BG42+BI42+BK42+BM42+BO42+BQ42+BS42+BU42+BW42+BY42+CA42+CC42 -> 2028072403 | CG42: =BH42+BJ42+BL42+BN42+BP42+BR42+BT42+BV42+BX42+BZ42+CB42+CD42 -> 50754588 | CH42: =+BG42+BI42+BK42+BM42+BO42+BQ42+BS42+BU42+BW42+BY42+CA42+CC42 -> 2028072403 | CI42: =+BH42+BJ42+BL42+BN42+BP42+BR42+BT42+BV42+BX42+BZ42+CB42+CD42 -> 50754588 | CJ42: 1553398000 | CK42: 0 | CL42: 0 | CM42: 0 | CN42: 0 | CP42: 0 | CR42: 0 | CT42: 0 | CV42: 0 | CX42: 0 | CY42: 1553398000 | CZ42: 0 | DB42: 0 | DI42: =+CK42+CM42+CO42+CQ42+CS42+CU42+CW42+CY42+DA42+DC42+DE42+DG42 -> 1553398000 | DJ42: =CK42+CM42+CO42+CQ42+CS42+CU42+CW42+CY42+DA42 -> 1553398000 | DK42: =CL42+CN42+CP42+CR42+CT42+CV42+CX42+CZ42+DB42+DD42+DF42+DH42 -> 0 | DL42: =+CK42+CM42+CO42+CQ42+CS42+CU42+CW42+CY42+DA42+DC42+DE42+DG42 -> 1553398000 | DM42: =+CL42+CN42+CP42+CR42+CT42+CV42+CX42+CZ42+DB42+DD42+DF42+DH42 -> 0 | ER42: =IFERROR(DB42/DA42,0) -> 0 | ES42: =IFERROR(DK42/DJ42,0) -> 0 | ET42: =DM42/DL42 -> 0 | EU42: =(AA42+BE42+CI42+DK42)/(Z42+BD42+CH42+DJ42) -> 0.014171439 | EV42: =(Y42+BE42+CI42+DM42)/G42 -> 0.031639501
F43: TOTAL MAGNITUD FÍSICA | G43: =+G38+G41 -> 1 | H43: 0 | I43: =I38+I41 -> 0 | J43: =J38+J41 -> 0 | K43: =K38+K41 -> 0 | L43: =L38+L41 -> 0 | M43: =M38+M41 -> 0 | N43: =N38+N41 -> 0 | O43: =O38+O41 -> 0 | P43: =P38+P41 -> 0 | ... U43: =U38+U41 -> 0 | V43: 0 | W43: =+W38 -> 0 | X43: =+X38 -> 0 | Y43: =+Y38 -> 0 | Z43: =+Z38 -> 0 | AA43: =+AA38 -> 0 | AB43: 0 | AC43: =+AC38+AC41 -> 0 | AD43: =+AD38+AD41 -> 0 | AE43: =+AE38+AE41 -> 0 | AF43: =+AF38+AF41 -> 0 | AG43: =+AG38+AG41 -> 0 | AH43: =+AH38+AH41 -> 0 | AI43: =+AI38+AI41 -> 0 | AJ43: =+AJ38+AJ41 -> 0 | ... AZ43: =+AZ38+AZ41 -> 0.0495 | BA43: =+AC43+AE43+AG43+AI43+AK43+AM43+AO43+AQ43+AS43+AU43+AW43+AY43 -> 0.495 | BB43: =+AC43+AE43+AG43+AI43+AK43+AM43+AO43+AQ43+AS43+AU43+AW43+AY43 -> 0.495 | BC43: =+AD43+AF43+AH43+AJ43+AL43+AN43+AP43+AR43+AT43+AV43+AX43+AZ43 -> 0.0495 | BD43: =+AC43+AE43+AG43+AI43+AK43+AM43+AO43+AQ43+AS43+AU43+AW43+AY43 -> 0.495 | BE43: =+AD43+AF43+AH43+AJ43+AL43+AN43+AP43+AR43+AT43+AV43+AX43+AZ43 -> 0.0495 | BF43: =+BF38+BF41 -> 0.8495 | BG43: 0 | BH43: =+BH38+BH41 -> 0 | BI43: =+BI38+BI41 -> 0.0224 | BJ43: =+BJ38+BJ41 -> 0.0101 | BK43: =+BK38+BK41 -> 0.0268 | BL43: =+BL38+BL41 -> 0.0349 | BM43: =+BM38+BM41 -> 0.0225 | BN43: =+BN38+BN41 -> 0.012 | BO43: =+BO38+BO41 -> 0.0225 | ... CC43: =+CC38+CC41 -> 0.1599 | CD43: 0.0034 | CE43: =+BG43+BI43+BK43+BM43+BO43+BQ43+BS43+BU43+BW43+BY43+CA43+CC43 -> 0.8495 | CF43: =BG43+BI43+BK43+BM43+BO43+BQ43+BS43+BU43+BW43+BY43+CA43+CC43 -> 0.8495 | CG43: =BH43+BJ43+BL43+BN43+BP43+BR43+BT43+BV43+BX43+BZ43+CB43+CD43 -> 0.084 | CH43: =+BG43+BI43+BK43+BM43+BO43+BQ43+BS43+BU43+BW43+BY43+CA43+CC43 -> 0.8495 | CI43: =+BH43+BJ43+BL43+BN43+BP43+BR43+BT43+BV43+BX43+BZ43+CB43+CD43 -> 0.084 | CJ43: =+CJ38+CJ41 -> 0.8665 | CK43: =+CK38+CK41 -> 0 | CL43: =+CL38+CL41 -> 0 | CM43: =+CM38+CM41 -> 0 | CN43: =+CN38+CN41 -> 0 | CO43: =+CO38+CO41 -> 0 | CP43: =+CP38+CP41 -> 0 | CQ43: =+CQ38+CQ41 -> 0 | ... DH43: =+DH38+DH41 -> 0 | DI43: =+CK43+CM43+CO43+CQ43+CS43+CU43+CW43+CY43+DA43+DC43+DE43+DG43 -> 0.8195 | DJ43: =CK43+CM43+CO43+CQ43+CS43+CU43+CW43+CY43+DA43 -> 0.3034 | DK43: =CL43+CN43+CP43+CR43+CT43+CV43+CX43+CZ43+DB43+DD43+DF43+DH43 -> 0 | DL43: =+CK43+CM43+CO43+CQ43+CS43+CU43+CW43+CY43+DA43+DC43+DE43+DG43 -> 0.8195 | DM43: =+CL43+CN43+CP43+CR43+CT43+CV43+CX43+CZ43+DB43+DD43+DF43+DH43 -> 0 | DN43: =DN38+DN41 -> 0.047 | ER43: =IFERROR(DB43/DA43,0) -> 0 | ES43: =IFERROR(DK43/DJ43,0) -> 0 | ET43: =DM43/DL43 -> 0 | EU43: =(AA43+BE43+CI43+DK43)/(Z43+BD43+CH43+DJ43) -> 0.081012197 | EV43: =(Y43+BE43+CI43+DM43)/G43 -> 0.1335
F44: TOTAL PRESUPUESTO DE LA META | G44: =+G39+G42 -> 7832051081 | H44: =+H39+H42 -> 0 | I44: =+I39+I42 -> 0 | J44: =+J39+J42 -> 0 | K44: =+K39+K42 -> 0 | L44: =+L39+L42 -> 0 | M44: =+M39+M42 -> 0 | N44: =+N39+N42 -> 0 | ... DN44: =+DN39+DN42 -> 0 | ER44: =IFERROR(DB44/DA44,0) -> 0 | ES44: =IFERROR(DK44/DJ44,0) -> 0.003371092 | ET44: =DM44/DL44 -> 0.003371092 | EU44: =(AA44+BE44+CI44+DK44)/(Z44+BD44+CH44+DJ44) -> 0.36545522 | EV44: =(Y44+BE44+CI44+DM44)/G44 -> 0.46557191
A45: TOTAL PROYECTO | F45: TOTAL PRESUPUESTO VIGENCIA DEL PROYECTO | G45: =+G11+G18+G25+G32+G39 -> 49466745410 | H45: =+H11+H18+H25+H32+H39 -> 12631000000 | I45: =+I11+I18+I25+I32+I39 -> 0 | J45: =+J11+J18+J25+J32+J39 -> 0 | K45: =+K11+K18+K25+K32+K39 -> 12631000000 | L45: =+L11+L18+L25+L32+L39 -> 30690000 | M45: =+M11+M18+M25+M32+M39 -> 12631000000 | N45: =+N11+N18+N25+N32+N39 -> 180817068 | ... DN45: =+DN11+DN18+DN25+DN32+DN39 -> 300000000
F46: TOTAL RESERVA PRESUPUESTAL DEL PROYECTO | G46: =G14+G21+G28+G35+G42 -> 3340274603 | H46: =H14+H21+H28+H35+H42 -> 0 | I46: =I14+I21+I28+I35+I42 -> 0 | J46: =J14+J21+J28+J35+J42 -> 0 | K46: =K14+K21+K28+K35+K42 -> 0 | L46: =L14+L21+L28+L35+L42 -> 0 | M46: =M14+M21+M28+M35+M42 -> 0 | N46: =N14+N21+N28+N35+N42 -> 0 | ... DN46: =DN14+DN21+DN28+DN35+DN42 -> 0
F47: TOTAL PROYECTO VIGENCIA + RESERVAS | G47: =+G45+G46 -> 52807020013 | H47: =+H45+H46 -> 12631000000 | I47: =+I45+I46 -> 0 | J47: =+J45+J46 -> 0 | K47: =+K45+K46 -> 12631000000 | L47: =+L45+L46 -> 30690000 | M47: =+M45+M46 -> 12631000000 | N47: =+N45+N46 -> 180817068 | ... DN47: =+DN45+DN46 -> 300000000
BM48: =BM12+BM19+BM26+BM33+BM40 -> 1212670572 | BN48: =BN12+BN19+BN26+BN33+BN40 -> 182915072 | BP48: =BP12+BP19+BP26+BP33+BP40 -> 929852613
F49: CONTROL DE CAMBIOS | BF49: =+BD38-BE38 -> 0.4455 | BM49: =BM14+BM21+BM28+BM35+BM42 -> 226160758 | BN49: =BN14+BN21+BN28+BN35+BN42 -> 6940000
F50: Versión | G50: Descripción de la Modificación | N50: No. Acto Administrativo y fecha
F51: 13 | G51: Se crea hoja de SPI | N51: Radicado 2020IE191541 del 29 de octubre de 2020
F52: 14 | G52: Se agregan en el componente de gestión y de inversión nuevas columnas para establecer más patrones de medición

Sheet ACTIVIDADES
D1: DIRECCIONAMIENTO ESTRATÉGICO
D2: Formato: Programación, Actualización y Seguimiento del Plan de Acción - Componente de Actividades
D3: Codigo:PE01-PR02-F2 | V3: Versión: 14
A4: DEPENDENCIA: | D4: DIRECCIÓN DE GESTIÓN CORPORATIVA
A5: CÓDIGO Y NOMBRE PROYECTO: | D5: 7816- Construcción de Espacios de calidad para el Sector Ambiental Bogotá
A7: 1, LÍNEA DE ACCIÓN | B7: 2, META DE PROYECTO | C7: 3, CÓDIGO Y NOMBRE DE LA ACTIVIDAD | D7: 4, SE EJECUTA CON RECURSOS DE: | F7: 5, PONDERACIÓN HORIZONTAL AÑO: 2023 | T7: 6,PONDERACIÓN VERTICAL | V7: 7, LOGROS CORTE A SEPTIEMBRE 2023
D8: 4,1 VIGENCIA | E8: 4,2 RESERVA | F8: VARIABLES | G8: Ene | H8: Feb | I8: Mar | J8: Abr | K8: May | L8: Jun | M8: Jul | N8: Ago | O8: Sep | P8: Oct | Q8: Nov | R8: Dic | S8: Total | T8: 6,1 META | U8: 6,2 ACTIVIDAD
A9: INFRAESTRUCTURA | B9: 1. CONSTRUIR EL 32% DEL CENTRO DE PROTECCIÓN Y BIENESTAR ANIMAL - CASA ECOLÓGICA DE LOS ANIMALES | C9: 1. REALIZAR SEGUIMIENTO CONTRACTUAL, ADMINISTRATIVO, TÉCNICO Y FINANCIERO AL CONTRATO INTERADMINSITRATIVO PARA DESARROLLAR LA EJECUCIÓN DEL PROYECTO DE LA CASA ECOLOGICA DE LOS ANIMALES | D9: X | E9: X | F9: Programado | G9: 0 | H9: 0.02 | I9: 0.02 | J9: 0.02 | K9: 0.02 | L9: 0.02 | M9: 0.15 | N9: 0.15 | O9: 0.15 | P9: 0.15 | Q9: 0.15 | R9: 0.15 | S9: =SUM(G9:R9) -> 1 | T9: 0.41 | U9: 0.1 | V9: En el marco del contrato interadministrativo No. SDA-20221996 en la vigencia 2023, se han ejecutaron las siguientes actividades: - En el mes de marzo FINDETER publicó la convocatoria para la selección de los contratistas de obra e interventoría, la cual se declaró desierta. - Findeter adelantó la convocatoria pública No. PAF-ATSDA-O-021-2023, con la participación de 4 proponentes. -El 12 de mayo, se llevó a cabo Comité Fiduciario Extraordinario para adjudicar los procesos, en los siguientes términos: Obra al CONSORCIO JFIGC FUNZA, por un valor de $16.197.359.020; Interventoría CONSORCIO GC 012 $542.306.560. -El 24 de mayo se adelantó visita al CAV, con participación de los adjudicatarios, IDIPYBA, Findeter y la SDA, con el propósito de realizar presentación formal. -El 20 de junio se suscribió acta de inicio de los contratos No.111259-001-2023 (obra) y No.111259-002-2023 (interventoría). - El 21 de julio se adelantó socialización del diagnóstico, con participación de la interventoría, el contratista de obra, Findeter, IDPYBA y la SDA. - El 11 de agosto, se adelantó reunión con profesionales del Consorcio Ecocasa (contratista anterior), Consorcio JFIGC Funza (contratista actual), Consorcio GC 012 (interventoría actual), SDA e IDPYBA, para socializar y entregar información referente a la ejecución del proyecto. - Se emitió requerimiento al presupuesto remitido por Findeter, bajo radicado SDA 2023EE194975 del 24/08/2023. -El 4, 17, 24, 29 de agosto de 2023, se hicieron observaciones del presupuesto general definitivo de la obra, de los compromisos Findeter entrega: memorias de cantidades completas, presupuesto general. El 5 de septiembre de 2023, se llevó a cabo visita de seguimiento por parte de profesionales de la SDA y el IDPYBA (acta adjunta). El 7, 11, 18 y 19 de septiembre de 2023, la SDA y el IDPYBA elevaron requerimiento a Findeter, con base en las situaciones observadas en el presupuesto presentado.
F10: Ejecutado | G10: 0 | H10: 0.02 | I10: 0.02 | J10: 0.02 | K10: 0.02 | L10: 0.02 | M10: 0.15 | N10: 0.15 | O10: 0.15 | S10: =SUM(G10:R10) -> 0.55
C11: 2. REALIZAR SEGUIMIENTO CONTRACTUAL, ADMINISTRATIVO, TÉCNICO Y FINANCIERO A LA INTERVENTORIA DE LA CONSTRUCCIÓN DE LA CEA | D11: X | E11: X | F11: Programado | G11: 0 | H11: 0 | I11: 0 | J11: 0 | K11: 0 | L11: 0 | M11: 0.1664 | N11: 0.1667 | O11: 0.1667 | P11: 0.1667 | Q11: 0.1667 | R11: 0.1668 | S11: =SUM(G11:R11) -> 1 | U11: 0.3 | V11: -En la vigencia 2023 se han adelantado las siguientes actividaes: El 28 de julio se realizó reunión de socialización del presupuesto de actividades preliminares, en el que se indicó que el valor total proyectado para el desarrollo de esta etapa es de $922.000.000, incluido AIU. No obstante, la interventoría aclaró que los precios presentados se encontraban sujetos a modificación. -El 1 de agosto, se dio inicio a las actividades preliminares, cuyo desarrollo se extendió hasta el 31/08/2023. En relación con el presupuesto “Versión 10” y sus soportes, se informa que fue objeto de revisión en mesa de trabajo desarrollada el 27 septiembre de 2023. Como resultado del ejercicio, se realizaron algunas observaciones, las cuales fueron atendidas por Findeter mediante correo electrónico del 29 de septiembre de 2023. Actualmente, la SDA y el IDPYBA se encuentran revisando la información aportada por Findeter. Finalmente, según último informe semanal de Findeter, se presenta un avance del 6,81% de ejecución. Los avances se encuentran materializados en los módulos de acceso, aislamientos de perros y gatos, etología, alojamientos de perros y gatos y actividades generales en obra. Como producto de la etapa de diagnóstico, se identificó la necesidad de realizar ensayos y pruebas a las estructuras existentes y a las redes eléctricas, hidráulicas y sanitarias, con el fin de determinar su funcionalidad y poder proceder con la intervención de los módulos. La obra inicio hasta el primero de agosto, por lo que, el cronograma establecido inicialmente en el plan de acción se extendió y esto va a generar retrasos a lo largo de la vigencia.
F12: Ejecutado | G12: 0 | H12: 0 | I12: 0 | J12: 0 | K12: 0 | L12: 0 | M12: 0 | N12: 0.09 | O12: 0.121 | S12: =SUM(G12:R12) -> 0.211
B13: 3. CONSTRUIR (1) UNA OBRA NUEVA DE INFRAESTRUCTURA | C13: 3. REALIZAR SEGUIMIENTO CONTRACTUAL, ADMINISTRATIVO, TÉCNICO Y FINANCIERO AL CONTRATO INTERADMINISTRATIVO PARA DESARROLLAR LA EJECUCIÓN DEL PROYECTO DE LA II FASE DEL CAVFFS | D13: X | F13: Programado | G13: 0 | H13: 0.02 | I13: 0.02 | J13: 0.1067 | K13: 0.1067 | L13: 0.1067 | M13: 0.1067 | N13: 0.1067 | O13: 0.1067 | P13: 0.1067 | Q13: 0.1067 | R13: 0.1064 | S13: =SUM(G13:R13) -> 1 | T13: 0.43 | U13: 0.1 | V13: En el marco del contrato interadministrativo No. SDA-20211595, de enero a septiembre, se ejecutaron las siguientes actividades: - Se seleccionaron los contratistas de obra e interventoría y se suscribieron los contratos derivados. - Se llevó a cabo mesa de trabajo interinstitucional (SDA, FINDETER, DADEP y Constructora Urbansa) para fijar la entrega formal del predio. - El contratista presenta propuesta de diseños arquitectónicos de la bodega de maderables y sede administrativa de la II fase del CAVFFS. - Se realiza la revisión de informe de gestión comprendido entre el 6 de marzo y el 5 de abril de 2023. - Revisión de informe de gestión comprendido entre el 6 de abril y el 5 de mayo de 2023. - Aprobación de pago por asistencia técnica, con ocasión del cumplimiento de los hitos 1 y 2 establecidos en el contrato interadministrativo. -El contratista logró ingresar al predio desde el pasado 08/06/2023, adelantando los estudios de suelos y eléctricos. - El 22 de junio se llevó a cabo socialización con la comunidad cercana al proyecto y se aplicó la metodología de Cartografía social. -La Curaduría urbana 4 emitió concepto no favorable para el uso del suelo, en tal sentido, el 04/07/2023, el contratista requirió a la Dirección de Planes Maestros y Complementarios de la SDP, aclaración del concepto favorable que emitió el 18/07/2022, y sobre el cual se adelantaron los procesos de contratación de la obra y la interventoría. -El 14 de agosto, la Dirección de Planes Maestros de la SDP, emitió respuesta a solicitud realizada por el contratista de obra. -La SDA emitió radicado de la SDP No. 1-2023-68982 del 31/08/2023, mediante el cual se solicita concepto jurídico para el uso del suelo. -El 26 de septiembre, se celebró comité técnico para aprobar la Prórroga 2 a la Suspensión 1, por término de un (1) mes, considerando que, a la fecha, no se habían superado las situaciones que conllevaron a la suscripción de la Suspensión 1.
F14: Ejecutado | G14: 0 | H14: 0.02 | I14: 0.02 | J14: 0.1067 | K14: 0.1067 | L14: 0.1067 | M14: 0.1067 | N14: 0 | O14: 0 | S14: =SUM(G14:R14) -> 0.4668
C15: 4. REALIZAR SEGUIMIENTO CONTRACTUAL, ADMINISTRATIVO, TÉCNICO Y FINANCIERO AL CONTRATO DE OBRA DE LA FASE DOS DEL CAVFFS. | D15: X | F15: Programado | G15: 0 | H15: 0 | I15: 0 | J15: 0.0611 | K15: 0.0611 | L15: 0.1254 | M15: 0.1254 | N15: 0.1254 | O15: 0.1254 | P15: 0.1254 | Q15: 0.1254 | R15: 0.1254 | S15: =SUM(G15:R15) -> 1 | U15: 0.3 | V15: -En el marco del contrato de obra No 3-1-101844-01 PAF-ATSDA-O-115-2022 de enero a septiembre se desarrollaron los comités No. 6, del 25-04-2023, y No. 7, del 26-04-2023, mediante los cuales se socializaron ajustes al esquema básico de implantación del CAVFF II. En el último comité, se dio aprobación al esquema presentado, con el fin de dar continuidad a la etapa de estudios y diseños (anteproyecto). -Desarrollo de comités No. 9, del 11-05-2023, y No. 10, del 26-05-2023, mediante los cuales se revisaron los avances en relación con la etapa de anteproyecto. -Desarrollo de comités No. 11, del 6-06-2023, No. 12, del 16-06-2023, y No. 13, del 23-06-2023, mediante los cuales se revisaron los avances en relación con la etapa de anteproyecto. Conforme con lo informado en el último comité, el contratista realizó estudios topográficos de suelos y eléctrico, y avanzó con los anteproyectos arquitectónico, estructural, eléctrico y de redes hidrosanitarias, de aguas lluvias y contra incendios. -Desarrollo de comité No. 14, del 17/07/23, en el cual se revisaron los avances en relación con la etapa de anteproyecto. Por inconvenientes con el acceso al predio donde se realizará la obra, el contratista no pudo avanzar conforme con el cronograma de obra establecido. Los inconvenientes obedecieron a que el predio en el que se implantará el proyecto no fue entregado materialmente a tiempo por el urbanizador - Urbansa a el DADEP. -El 6 de agosto se llevó a cabo comité técnico para aprobación de la Prórroga 1 a la Suspensión 1, por término de un (1) mes. En ese sentido, durante el periodo no se reportaron avances en el proyecto, manteniéndose la ejecución en un 87%, en relación con la Etapa I - Estudios y diseños. -El 28 de septiembre, mediante radicado No. 2023ER226678, la SDP allegó concepto favorable para el uso del suelo, el cual fue trasladado a Findeter, con el fin de adelantar las gestiones tendientes al reinicio de los contratos de obra e interventoría.
F16: Ejecutado | G16: 0 | H16: 0 | I16: 0 | J16: 0.003 | K16: 0.0001 | L16: 0.0959 | M16: 0.03 | N16: 0 | O16: 0 | S16: =SUM(G16:R16) -> 0.129
A17: MANTENIMIENTO DE LA INFRAESTRUCTURA | B17: 4. REALIZAR EL 100% DEL MANTENIMIENTO DE LA INFRAESTRUCTURA AMBIENTAL PRIORIZADA. | C17: 5. REALIZAR SEGUIMIENTO CONTRACTUAL, ADMINISTRATIVO, TÉCNICO Y FINANCIERO AL MANTENIMIENTO DE LA INFRAESTRUCTURA AMBIENTAL | D17: X | E17: X | F17: Programado | G17: 0 | H17: 0 | I17: 0 | J17: 0 | K17: 0 | L17: 0.1429 | M17: 0.1429 | N17: 0.1429 | O17: 0.1429 | P17: 0.1429 | Q17: 0.1429 | R17: 0.1426 | S17: =SUM(G17:R17) -> 1 | T17: 0.04 | U17: 0.1 | V17: La Dirección de Gestión Corporativa se encuentra estructurando los documentos precontractuales conforme a las necesidades identificadas en la infraestructura de la Entidad. Con el fin de dismuir el costo administrativo y optimizar los recursos publicos, se decidio unir el proceso de obra de mantenimiento y de adecuaciones. Se presenta retraso en la estructuración del proceso de contratación de mantenimiento y adecuaciones, debido a la complejidad en la consolidacion de los requirimientos tecnicos conforme al estado actual de las sedes de la SDA.
F18: Ejecutado | G18: 0 | H18: 0 | I18: 0 | J18: 0 | K18: 0 | L18: 0 | M18: 0 | N18: 0 | O18: 0 | S18: =SUM(G18:R18) -> 0
B19: 5. REALIZAR EL 100% DE LAS ADECUACIONES Y REPARACIONES LOCATIVAS DE LA INFRAESTRUCTURA AMBIENTAL PRIORIZADA. | C19: 6. REALIZAR SEGUIMIENTO CONTRACTUAL, ADMINISTRATIVO, TÉCNICO Y FINANCIERO A LAS ADECUACIONES Y REPARACIONES LOCATIVAS DE LA INFRAESTRUCTURA AMBIENTAL PRIORIZADA | D19: X | F19: Programado | G19: 0 | H19: 0 | I19: 0 | J19: 0 | K19: 0 | L19: 0 | M19: 0.0667 | N19: 0.0667 | O19: 0.2167 | P19: 0.2167 | Q19: 0.2167 | R19: 0.2165 | S19: =SUM(G19:R19) -> 1 | T19: 0.12 | U19: 0.1 | V19: La Dirección de Gestión Corporativa se encuentra estructurando los documentos precontractuales conforme a las necesidades identificadas en la infraestructura de la Entidad. Con el fin de dismuir el costo administrativo y optimizar los recursos publicos, se decidio unir el proceso de obra de mantenimiento y de adecuaciones.
F20: Ejecutado | G20: 0 | H20: 0 | I20: 0 | J20: 0 | K20: 0 | L20: 0 | M20: 0 | N20: 0 | O20: 0 | S20: =SUM(G20:R20) -> 0
A21: TOTAL | T21: =SUM(T9:T20) -> 1 | U21: =SUM(U9:U20) -> 1
I23: =+J23*#REF!/#REF! -> #REF! | J23: 0.15
B24: Versión | C24: Descripción de la Modificación | J24: No. Acto Administrativo y fecha
B25: 13 | C25: Se crea hoja de SPI | J25: Radicado 2020IE191541 del 29 de octubre de 2020
B26: 14 | C26: Se agregan en el componente de gestión y de inversión nuevas columnas para establecer más patrones de medición | J26: Radicado No. 2021IE106063 del 31 de mayo del 2021.

Sheet TERRITORIALIZACIÓN
E1: DIRECCIONAMIENTO ESTRATÉGICO
E2: Formato: Programación, Actualización y Seguimiento del Plan de Acción - Componente de Territorialización
E3: Codigo:PE01-PR02-F2 | AE3: Versión: 14
A4: DEPENDENCIA: | E4: DIRECCIÓN DE GESTIÓN CORPORATIVA
A5: CÓDIGO Y NOMBRE PROYECTO: | E5: 7816- Construcción de Espacios de calidad para el Sector Ambiental Bogotá
A6: PERIODO: | E6: CORTE A SEPTIEMBRE DEL 2023
A8: 1 INFORMACIÓN META DE PROYECTO | G8: 2, ACTUALIZACIÓN | T8: 3. EJECUTADO | AG8: 4. LOCALIZACIÓN GEOGRÁFICA | AL8: 5, ORIENTACIÓN | AN8: 6. POBLACIÓN | AY8: 7, LECCIONES APRENDIDAS - OBSERVACIONES
A9: 1,1 COD. META | B9: 1,2, Meta Proyecto | C9: 1,3. Identificación del punto de invesión | D9: 1,4, Variable | E9: 1, 5. PROGRAMACIÓN INICIAL AÑO 2023 | F9: 1.6.REPROGRAMACIÓN VIGENCIA | G9: Ene | H9: Feb | I9: Mar | J9: Abr | K9: May | L9: Jun | M9: Jul | N9: Ago | O9: Sep | P9: Oct | Q9: Nov | R9: Dic | S9: Observaciones | T9: Ene | U9: Feb | V9: Mar | W9: Abr | X9: May | Y9: Jun | Z9: Jul | AA9: Ago | AB9: Sep | AC9: Oct | AD9: Nov | AE9: Dic | AF9: Observaciones y/o descripcion de acciones en el punto de inversión | AG9: 4,1 LOCALIDAD(ES) | AH9: 4.2 UPZ(S) | AI9: 4,3 BARRIO(S) | AJ9: 4,4 GEORREFERENCIACIÓN | AK9: 4,5 ÁREA DE INFLUENCIA E INCIDENCIA | AL9: 5,1 POLÍGONO DE MEJORAMIENTO INTEGRAL | AM9: 5,2 POLÍTICA | AN9: 6.1 POBLACIÓN RELACIONADA A LA LOCALIZACIÓN | AO9: 6.2 NÚMERO DE HOMBRES | AP9: 6.3 NÚMERO DE MUJERES | AQ9: 6.4 NÚMERO INTERSEXUAL | AR9: 6.5 GRUPO ETARIO | AS9: 6.6 NÚMERO PERSONAS POR GRUPO ETARIO | AT9: 6.7 CONDICION POBLACIONAL | AU9: 6.8 NUMERO PERSONAS POR CONDICIÓN POBLACIONAL | AV9: 6.9 GRUPOS ETNICOS | AW9: 6.10 NÚMERO DE PERSONAS POR GRUPOS ETNICOS | AX9: 6.11 SEGUIMIENTO A LA POBLACIÓN PERSONAS/CANTIDAD
A10: 1 | B10: Construir el 32% del Centro de Protección y Bienestar Animal - Casa ecológica de los animales | C10: Distriral:La construcción de la Casa Ecológica de los Animales, es un proyecto que busca reivindicar el espacio ideal para los animales domésticos que sufren alguna condición de maltrato en el Distrito Capital, en el cual se les brinde los escenarios apropiados para que los animales puedan realizar su proceso de recuperación en óptimas circunstancias, garantizándoles calidad de vida. | D10: MAGNITUD FÍSICA | E10: 0.0649 | F10: 0.0649 | G10: 0.0649 | H10: 0.0649 | I10: 0.0649 | J10: 0.0649 | K10: 0.0649 | L10: 0.0649 | M10: 0.0649 | N10: 0.0649 | O10: =INVERSIÓN!DL10 -> 0.061 | T10: 0 | U10: 0 | V10: 0 | W10: 0 | X10: 0 | Y10: 0 | Z10: 0 | AA10: 0.0063 | AB10: 0.0142 | AG10: N/A | AH10: N/A | AI10: N/A | AJ10: KM 4 VIA ENGATIVA COTA (FUNZA) | AK10: BOGOTA DC (La construcción de la Casa Ecológica de los Animales, es un proyecto que busca reivindicar el espacio ideal para los animales domésticos que sufren alguna condición de maltrato en el Distrito Capital, en el cual se les brinde los escenarios apropiados para que los animales puedan realizar su proceso de recuperación en óptimas circunstancias, garantizándoles calidad de vida.) | AN10: 7804660.3 | AO10: 3721767 | AP10: 4082893.3 | AQ10: N/A | AR10: TODOS | AS10: 7804660.3 | AT10: TODOS | AU10: 7804660.3 | AV10: COMUNIDAD EN GENERAL | AW10: 7804660.3 | AX10: 7804660.3
D11: PRESUPUESTO VIGENCIA | E11: 17228190000 | F11: 17228190000 | G11: 17228190000 | H11: 17228190000 | I11: 17228190000 | J11: 15181761910 | K11: 15170561910 | L11: 15170561910 | M11: 15107566910 | N11: 15107566910 | O11: =INVERSIÓN!DL11 -> 15107566910 | T11: 15100487910 | U11: 15100487910 | V11: 15100487910 | W11: 15100487910 | X11: 15100487910 | Y11: 15100487910 | Z11: 15100487910 | AA11: 15100487910 | AB11: 15100487910
D12: MAGNITUD FÍSICA RESERVAS | E12: 0 | F12: 0 | G12: 0 | H12: 0 | I12: 0 | J12: 0 | K12: 0 | L12: 0 | M12: 0 | N12: 0 | O12: =INVERSIÓN!DL13 -> 0 | T12: 0 | U12: 0 | V12: 0 | W12: 0 | X12: 0 | Y12: 0 | Z12: 0 | AA12: 0 | AB12: 0
D13: RESERVA PRESUPUESTAL | E13: 164979010 | F13: 164979010 | G13: 164979010 | H13: 164979010 | I13: 164979010 | J13: 164979010 | K13: 164979010 | L13: 164979010 | M13: 164979010 | N13: 164979010 | O13: =INVERSIÓN!DL14 -> 164979010 | T13: 0 | U13: 0 | V13: 0 | W13: 0 | X13: 57207465 | Y13: 57207465 | Z13: 57207465 | AA13: 57207465 | AB13: 57207465
D14: TOTAL MAGNITUD FÍSICA | E14: 0.0649 | F14: 0.0649 | G14: 0.0649 | H14: 0.0649 | I14: 0.0649 | J14: 0.0649 | K14: 0.0649 | L14: 0.0649 | M14: 0.0649 | N14: 0.0649 | O14: =O10+O12 -> 0.061 | T14: 0 | U14: 0 | V14: 0 | W14: 0 | X14: 0 | Y14: 0 | Z14: 0 | AA14: 0.0063 | AB14: 0.0142
D15: TOTAL PRESUPUESTO DE LA META | E15: 17393169010 | F15: 17393169010 | G15: 17393169010 | H15: 17393169010 | I15: 17393169010 | J15: 15346740920 | K15: 15346740920 | L15: 15335540920 | M15: =+M11+M13 -> 15272545920 | N15: =+N11+N13 -> 15272545920 | O15: =O11+O13 -> 15272545920 | T15: 15100487910 | U15: 15100487910 | V15: 15100487910 | W15: 15100487910 | X15: 15157695375 | Y15: 15157695375 | Z15: 15157695375 | AA15: 15157695375 | AB15: 15157695375
A16: 2 | B16: Construir y dotar el 6% del Centro de Recepción y Rehabilitación de Flora y Fauna Silvestre. | C16: Regional : Contar con un centro de manejo de flora y fauna silvestre, debidamente diseñado y dotado para recepción y rehabilitación de especímenes de flora y fauna, de acuerdo con la normatividad ambiental y los requerimientos arquitectónicos correspondientes. Para la recepción de animales silvestres decomisados, originarios de todas las regiones naturales del país, para su evaluación, tratamiento y posterior diagnóstico; y la implementación de procesos de rehabilitación y recuperación con fines de liberación o reubicación. | D16: MAGNITUD FÍSICA | E16: 0 | F16: 0 | G16: 0 | H16: 0 | I16: 0 | J16: 0 | K16: 0 | L16: 0 | M16: 0 | N16: 0 | O16: 0 | T16: 0 | U16: 0 | V16: 0 | W16: 0 | X16: 0 | Y16: 0 | Z16: 0 | AA16: 0 | AB16: 0 | AG16: ENGATIVA | AH16: UPZ 74 ENGATIVA | AI16: ENGATIVA | AJ16: CALLE 6A No. 128-10/50 ENGATIVA | AK16: BOGOTA DC CON INCIDENCIA REGIONAL (Contar con un centro de manejo de flora y fauna silvestre, debidamente diseñado y dotado para recepción y rehabilitación de especímenes de flora y fauna, de acuerdo con la normatividad ambiental y los requerimientos arquitectónicos correspondientes. Para la recepción de animales silvestres decomisados, originarios de todas las regiones naturales del país, para su evaluación, tratamiento y posterior diagnóstico; y la implementación de procesos de rehabilitación y recuperación con fines de liberación o reubicación) | AN16: 7804660.3 | AO16: 3721767 | AP16: 4082893.3 | AQ16: N/A | AR16: TODOS | AS16: 7804660.3 | AT16: TODOS | AU16: 7804660.3 | AV16: COMUNIDAD EN GENERAL | AW16: 7804660.3 | AX16: 7804660.3
D17: PRESUPUESTO VIGENCIA | E17: 0 | F17: 0 | G17: 0 | H17: 0 | I17: 0 | J17: 0 | K17: 0 | L17: 0 | M17: 0 | N17: 0 | O17: 0 | T17: 0 | U17: 0 | V17: 0 | W17: 0 | X17: 0 | Y17: 0 | Z17: 0 | AA17: 0 | AB17: 0
D18: MAGNITUD FÍSICA RESERVAS | E18: 0 | F18: 0 | G18: 0 | H18: 0 | I18: 0 | J18: 0 | K18: 0 | L18: 0 | M18: 0 | N18: 0 | O18: 0 | T18: 0 | U18: 0 | V18: 0 | W18: 0 | X18: 0 | Y18: 0 | Z18: 0 | AA18: 0 | AB18: 0
D19: RESERVA PRESUPUESTAL | E19: 0 | F19: 0 | G19: 0 | H19: 0 | I19: 0 | J19: 0 | K19: 0 | L19: 0 | M19: 0 | N19: 0 | O19: 0 | T19: 0 | U19: 0 | V19: 0 | W19: 0 | X19: 0 | Y19: 0 | Z19: 0 | AA19: 0 | AB19: 0
D20: TOTAL MAGNITUD FÍSICA | E20: 0 | F20: 0 | G20: 0 | H20: 0 | I20: 0 | J20: 0 | K20: 0 | L20: 0 | M20: 0 | N20: 0 | O20: 0 | T20: 0 | U20: 0 | V20: 0 | W20: 0 | X20: 0 | Y20: 0 | Z20: 0 | AA20: 0 | AB20: 0
D21: TOTAL PRESUPUESTO DE LA META | E21: 0 | F21: 0 | G21: 0 | H21: 0 | I21: 0 | J21: 0 | K21: 0 | L21: 0 | M21: 0 | N21: 0 | O21: 0 | T21: 0 | U21: 0 | V21: 0 | W21: 0 | X21: 0 | Y21: 0 | Z21: 0 | AA21: 0 | AB21: 0
A22: 3 | B22: Construir (1) una obra nueva de infraestructura | C22: Regional : La contrucción de un espacio para la guarda y custodia de las maderas aprehendidas o decomisadas por la Secretaria Distrital de Ambiente, permite fortalecer el ejercicio de control a la tenencia, uso y/o comercialización de la flora maderable. Acción ejercida con el objeto de proteger y conservar el recurso, buscando disminuir la presión sobre este, permitiendo a la comunidad el goce y disfrute de los ecosistemas en las condiciones adecuadas. | D22: MAGNITUD FÍSICA | E22: 0.03 | F22: 0.03 | G22: 0.03 | H22: 0.03 | I22: 0.03 | J22: 0.03 | K22: 0.03 | L22: 0.03 | M22: 0.03 | N22: 0.03 | O22: =INVERSIÓN!DL24 -> 0.02 | T22: 0 | U22: 0 | V22: 0 | W22: 0 | X22: 0 | Y22: 0 | Z22: 0 | AA22: 0 | AB22: 0 | AG22: N/A | AH22: N/A | AI22: N/A | AJ22: N/A | AK22: BOGOTA DC CON INCIDENCIA REGIONAL (La contrucción de un espacio para la guarda y custodia de las maderas aprehendidas o decomisadas por la Secretaria Distrital de Ambiente, permite fortalecer el ejercicio de control a la tenencia, uso y/o comercialización de la flora maderable. Acción ejercida con el objeto de proteger y conservar el recurso, buscando disminuir la presión sobre este, permitiendo a la comunidad el goce y disfrute de los ecosistemas en las condiciones adecuadas) | AN22: 7804660.3 | AO22: 3721767 | AP22: 4082893.3 | AQ22: N/A | AR22: TODOS | AS22: 7804660.3 | AT22: TODOS | AU22: 7804660.3 | AV22: COMUNIDAD EN GENERAL | AW22: 7804660.3 | AX22: 7804660.3
D23: PRESUPUESTO VIGENCIA | E23: 154564000 | F23: 154564000 | G23: 154564000 | H23: 154564000 | I23: 154564000 | J23: 154564000 | K23: 154564000 | L23: 154564000 | M23: 129968544 | N23: 129968544 | O23: =INVERSIÓN!DL25 -> 129968544 | T23: 78692534 | U23: 146179000 | V23: 78692534 | W23: 113964534 | X23: 113964534 | Y23: 113964534 | Z23: 113964534 | AA23: 113964534 | AB23: 113964534
D24: MAGNITUD FÍSICA RESERVAS | E24: 0.61 | F24: 0.61 | G24: 0.61 | H24: 0.61 | I24: 0.61 | J24: 0.61 | K24: 0.61 | L24: 0.61 | M24: 0.61 | N24: 0.61 | O24: =INVERSIÓN!DL27 -> 0.61 | T24: 0 | U24: 0 | V24: 0 | W24: 0.04 | X24: 0.04 | Y24: 0.06 | Z24: 0.08 | AA24: 0.08 | AB24: 0.08
D25: RESERVA PRESUPUESTAL | E25: 168258834 | F25: 168258834 | G25: 168258834 | H25: 168258834 | I25: 168258834 | J25: 168258834 | K25: 168258834 | L25: 168258834 | M25: 168258834 | N25: 168258834 | O25: 168258834 | T25: 0 | U25: 8258833 | V25: 8258834 | W25: 8258834 | X25: 8258834 | Y25: 8258834 | Z25: 8258834 | AA25: 8258834 | AB25: 8258834
D26: TOTAL MAGNITUD FÍSICA | E26: 0.64 | F26: 0.64 | G26: 0.64 | H26: 0.64 | I26: 0.64 | J26: 0.64 | K26: 0.64 | L26: 0.64 | M26: 0.64 | N26: 0.64 | O26: =O22+O24 -> 0.63 | T26: 0 | U26: 0 | V26: 0 | W26: 0.04 | X26: 0.04 | Y26: 0.06 | Z26: 0.08 | AA26: 0.08 | AB26: 0.08
D27: TOTAL PRESUPUESTO DE LA META | E27: 322822834 | F27: 322822834 | G27: 322822834 | H27: 322822834 | I27: 322822834 | J27: 322822834 | K27: 322822834 | L27: 322822834 | M27: =+M23+M25 -> 298227378 | N27: =+N23+N25 -> 298227378 | O27: =O23+O25 -> 298227378 | T27: 78692534 | U27: 154437833 | V27: 86951368 | W27: 122223368 | X27: 122223368 | Y27: 122223368 | Z27: 122223368 | AA27: 122223368 | AB27: 122223368
A28: 4 | B28: Realizar el 100% del mantenimiento de la Infraestructura Ambiental priorizada. | C28: ENTIDAD - SEDE ADMINISTRATIVA SDA Fortalecer la infraestructura y modernización para brindar a todos sus colaboradores espacios de alta calidad | D28: MAGNITUD FÍSICA | E28: 0.25 | F28: 0.25 | G28: 0.25 | H28: 0.25 | I28: 0.25 | J28: 0.25 | K28: 0.25 | L28: 0.25 | M28: 0.25 | N28: 0.25 | O28: 0.25 | T28: 0 | U28: 0 | V28: 0 | W28: 0 | X28: 0 | Y28: 0 | Z28: 0 | AA28: 0 | AB28: 0 | AG28: CHAPINERO | AH28: (No. 99) Chapinero Centro | AI28: Chapinero Central, | AJ28: Av. Caracas #54-38, Bogotá, Cundinamarca | AK28: BOGOTA DC (Fortalecer la infraestructura y modernización de la SDA para brindar a todos los ciudadanos y colaboradores espacios de alta calidad) | AN28: 7804660.3 | AO28: 3721767 | AP28: 4082893.3 | AQ28: N/A | AR28: TODOS | AS28: 7804660.3 | AT28: TODOS | AU28: 7804660.3 | AV28: COMUNIDAD EN GENERAL | AW28: 7804660.3 | AX28: 7804660.3
D29: PRESUPUESTO VIGENCIA | E29: 639048000 | F29: 639048000 | G29: 639048000 | H29: 639048000 | I29: 639048000 | J29: 639048000 | K29: 650248000 | L29: 650248000 | M29: 737838456 | N29: 737838456 | O29: 737838456 | T29: 38577000 | U29: 38577000 | V29: 38577000 | W29: 38577000 | X29: 49662000 | Y29: 49662000 | Z29: 49662000 | AA29: 49662000 | AB29: 72432000
D30: MAGNITUD FÍSICA RESERVAS | E30: 0 | F30: 0 | G30: 0 | H30: 0 | I30: 0 | J30: 0 | K30: 0 | L30: 0 | M30: 0 | N30: 0 | O30: 0 | T30: 0 | U30: 0 | V30: 0 | W30: 0 | X30: 0 | Y30: 0 | Z30: 0 | AA30: 0 | AB30: 0
D31: RESERVA PRESUPUESTAL | E31: 141609820 | F31: 141609820 | G31: 141609820 | H31: 141609820 | I31: 141609820 | J31: 141609820 | K31: 141609820 | L31: 141609820 | M31: 123210707 | N31: 123210707 | O31: 123210707 | T31: 0 | U31: 0 | V31: 41877881 | W31: 41877881 | X31: 41877881 | Y31: 123210707 | Z31: 123210707 | AA31: 123210707 | AB31: 123210707
D32: TOTAL MAGNITUD FÍSICA | E32: 0.25 | F32: 0.25 | G32: 0.25 | H32: 0.25 | I32: 0.25 | J32: 0.25 | K32: 0.25 | L32: 0.25 | M32: 0.25 | N32: 0.25 | O32: 0.25 | T32: 0 | U32: 0 | V32: 0 | W32: 0 | X32: 0 | Y32: 0 | Z32: 0 | AA32: 0 | AB32: 0
D33: TOTAL PRESUPUESTO DE LA META | E33: 780657820 | F33: 780657820 | G33: 780657820 | H33: 780657820 | I33: 780657820 | J33: 780657820 | K33: 780657820 | L33: 791857820 | M33: =+M29+M31 -> 861049163 | N33: =+N29+N31 -> 861049163 | O33: 861049163 | T33: 38577000 | U33: 0 | V33: 80454881 | W33: 80454881 | X33: 91539881 | Y33: 172872707 | Z33: 172872707 | AA33: 172872707 | AB33: 195642707
A34: 5 | B34: Realizar el 100% de las adecuaciones y reparaciones locativas de la Infraestructura Ambiental priorizada. | C34: ENTIDAD - SEDE ADMINISTRATIVA SDA Fortalecer la infraestructura y modernización para brindar a todos sus colaboradores espacios de alta calidad | D34: MAGNITUD FÍSICA | E34: 0.101 | F34: 0.101 | G34: 0.101 | H34: 0.101 | I34: 0.101 | J34: 0.101 | K34: 0.101 | L34: 0.101 | M34: 0.101 | N34: 0.101 | O34: =INVERSIÓN!DL38 -> 0.054 | T34: 0 | U34: 0 | V34: 0 | W34: 0 | X34: 0 | Y34: 0 | Z34: 0 | AA34: 0 | AB34: 0 | AG34: CHAPINERO | AH34: (No. 99) Chapinero Centro | AI34: Chapinero Central, | AJ34: Av. Caracas #54-38, Bogotá, Cundinamarca | AK34: BOGOTA DC (Fortalecer la infraestructura y modernización de la SDA para brindar a todos los ciudadanos y colaboradores espacios de alta calidad) | AN34: 7804660.3 | AO34: 3721767 | AP34: 4082893.3 | AQ34: N/A | AR34: TODOS | AS34: 7804660.3 | AT34: TODOS | AU34: 7804660.3 | AV34: COMUNIDAD EN GENERAL | AW34: 7804660.3 | AX34: 7804660.3
D35: PRESUPUESTO VIGENCIA | E35: 600000000 | F35: 600000000 | G35: 600000000 | H35: 600000000 | I35: 600000000 | J35: 2646428090 | K35: 2646428090 | L35: 2646428090 | M35: 2646428090 | N35: 2646428090 | O35: =INVERSIÓN!DL39 -> 2646428090 | T35: 0 | U35: 0 | V35: 0 | W35: 0 | X35: 0 | Y35: 0 | Z35: 0 | AA35: 14158000 | AB35: 14158000
D36: MAGNITUD FÍSICA RESERVAS | E36: 0.7655 | F36: 0.7655 | G36: 0.7655 | H36: 0.7655 | I36: 0.7655 | J36: 0.7655 | K36: 0.7655 | L36: 0.7655 | M36: 0.7655 | N36: 0.7655 | O36: 0.7655 | T36: 0 | U36: 0 | V36: 0 | W36: 0 | X36: 0 | Y36: 0 | Z36: 0 | AA36: 0 | AB36: 0
D37: RESERVA PRESUPUESTAL | E37: 1553398000 | F37: 1553398000 | G37: 1553398000 | H37: 1553398000 | I37: 1553398000 | J37: 1553398000 | K37: 1553398000 | L37: 1553398000 | M37: 1553398000 | N37: 1553398000 | O37: 1553398000 | T37: 0 | U37: 0 | V37: 0 | W37: 0 | X37: 0 | Y37: 0 | Z37: 0 | AA37: 0 | AB37: 0
D38: TOTAL MAGNITUD FÍSICA | E38: 0.8665 | F38: 0.8665 | G38: 0.8665 | H38: 0.8665 | I38: 0.8665 | J38: 0.8665 | K38: 0.8665 | L38: 0.8665 | M38: 0.8665 | N38: 0.8665 | O38: =O34+O36 -> 0.8195 | T38: 0 | U38: 0 | V38: 0 | W38: 0 | X38: 0 | Y38: 0 | Z38: 0 | AA38: 0 | AB38: 0
D39: TOTAL PRESUPUESTO DE LA META | E39: 2153398000 | F39: 2153398000 | G39: 2153398000 | H39: 2153398000 | I39: 2153398000 | J39: 4199826090 | K39: 4199826090 | L39: 4199826090 | M39: =+M35+M37 -> 4199826090 | N39: =+N35+N37 -> 4199826090 | O39: =O35+O37 -> 4199826090 | T39: 0 | U39: 0 | V39: 0 | W39: 0 | X39: 0 | Y39: 0 | Z39: 0 | AA39: 0 | AB39: 14158000
A40: TOTALES - PROYECTO | D40: TOTALES Rec. Vigencia | E40: 18621802000 | F40: 18621802000 | G40: 18621802000 | H40: 18621802000 | I40: 18621802000 | J40: 18621802000 | K40: 18621802000 | L40: 18621802000 | M40: =+M11+M23+M29+M35 -> 18621802000 | N40: =+N11+N23+N29+N35 -> 18621802000 | O40: 18621802000 | P40: 0 | Q40: 0 | R40: 0 | S40: 0 | T40: 15217757444 | U40: 15285243910 | V40: 15217757444 | W40: 15253029444 | X40: 15264114444 | Y40: 15264114444 | Z40: 15264114444 | AA40: =+AA11+AA17+AA23+AA29+AA35 -> 15278272444 | AB40: =+AB11+AB17+AB23+AB29+AB35 -> 15301042444 | AE40: 0
D41: TOTALES Rec. Reservas | E41: 2028245664 | F41: 2028245664 | G41: 2028245664 | H41: 2028245664 | I41: 2028245664 | J41: 2028245664 | K41: 2028245664 | L41: 2028245664 | M41: =+M13+M25+M31+M37 -> 2009846551 | N41: =+N13+N25+N31+N37 -> 2009846551 | O41: 2009846551 | P41: 0 | Q41: 0 | R41: 0 | S41: 0 | T41: 0 | U41: 8258833 | V41: 50136715 | W41: 50136715 | X41: 107344180 | Y41: 188677006 | Z41: 188677006 | AA41: =+AA13+AA25+AA31+AA37 -> 188677006 | AB41: =+AB13+AB25+AB31+AB37 -> 188677006 | AE41: 0
D42: TOTAL PRESUPUESTO | E42: 20650047664 | F42: 20650047664 | G42: 20650047664 | H42: 20650047664 | I42: 20650047664 | J42: 20650047664 | K42: 20650047664 | L42: 20650047664 | M42: =+M40+M41 -> 20631648551 | N42: =+N40+N41 -> 20631648551 | O42: 20631648551 | P42: 0 | Q42: 0 | R42: 0 | S42: 0 | T42: 15217757444 | U42: 15293502743 | V42: 15267894159 | W42: 15303166159 | X42: 15371458624 | Y42: 15452791450 | Z42: 15452791450 | AA42: =AA40+AA41 -> 15466949450 | AB42: =AB40+AB41 -> 15489719450 | AE42: 0
B44: CONTROL DE CAMBIOS | I44: =+J44*I43/J43 -> #DIV/0! | J44: 0.15
B45: Versión | C45: Descripción de la Modificación | J45: No. Acto Administrativo y fecha
B46: 13 | C46: Se crea hoja de SPI | J46: Radicado 2020IE191541 del 29 de octubre de 2020
B47: 14 | C47: Se agregan en el componente de gestión y de inversión nuevas columnas para establecer más patrones de medición | J47: Radicado No. 2021IE106063 del 31 de mayo del 2021.

Sheet SPI
C1: DIRECCIONAMIENTO ESTRATÉGICO
C2: Formato: Programación, Actualización y Seguimiento al Sistema de Información de Seguimiento a los Proyectos de Inversión Pública -SPI
C3: Codigo:PE01-PR02-F2 | H3: Versión: 14
A4: DEPENDENCIA: | C4: DIRECCIÓN DE GESTIÓN CORPORATIVA
A5: CÓDIGO Y NOMBRE PROYECTO: | C5: 7816- Construcción de Espacios de calidad para el Sector Ambiental Bogotá
A7: I PRESUPUESTAL VIGENCIA 2020
A8: AÑO 2020 | B8: FUENTE | C8: APROPIACION INICIAL | D8: APROPIACION VIGENTE | E8: COMPROMISOS | F8: OBLIGACIÓN | G8: PAGO | H8: %PAGO
A9: JULIO
A10: AGOSTO
A11: SEPTIEMBRE
A12: OCTUBRE | B12: 12- OTROS DISTRITOS | C12: 12631000000 | D12: 12631000000 | E12: 1743303304 | F12: 1743303304 | G12: 1249375191 | H12: 0.71667115
A13: NOVIEMBRE | B13: 12- OTROS DISTRITOS | C13: 12631000000 | D13: 12631000000 | E13: 1743303304 | F13: 1743303304 | G13: 1249375191 | H13: 0.71667115
A14: DICIEMBRE | B14: 12- OTROS DISTRITOS | C14: 12631000000 | D14: 12631000000 | E14: 11235201532 | F14: 11235201532 | G14: 2199058005 | H14: 0.19572929
A16: I PRESUPUESTAL VIGENCIA 2021
A17: AÑO 2021 | B17: FUENTE | C17: APROPIACION INICIAL | D17: APROPIACION VIGENTE | E17: COMPROMISOS | F17: OBLIGACIÓN | G17: PAGO | H17: %PAGO
A18: ENERO | B18: Municipios - 11001 - BOGOTA D.C. [BOGOTA] - Propios | C18: 12146350000 | D18: 12146350000 | E18: 0 | F18: 0 | G18: 0 | H18: 0
A19: FEBRERO | B19: Municipios - 11001 - BOGOTA D.C. [BOGOTA] - Propios | C19: 12146350000 | D19: 12146350000 | E19: 0 | F19: 0 | G19: 0 | H19: 0
A20: MARZO | B20: Municipios - 11001 - BOGOTA D.C. [BOGOTA] - Propios | C20: 12146350000 | D20: 12146350000 | E20: 81508773 | F20: 992773 | G20: =+F20 -> 992773 | H20: =+G20/E20 -> 0.012179953
A21: ABRIL | B21: Municipios - 11001 - BOGOTA D.C. [BOGOTA] - Propios | C21: 8542659590 | D21: 12146350000 | E21: 195329892 | F21: 8844373 | G21: 8844373 | H21: 0.045279158
A22: MAYO | B22: Municipios - 11001 - BOGOTA D.C. [BOGOTA] - Propios | C22: 8542659590 | D22: 12146350000 | E22: 195329892 | F22: 15580206 | G22: 15580206 | H22: 0.079763552
A23: JUNIO | B23: Municipios - 11001 - BOGOTA D.C. [BOGOTA] - Propios | C23: 8542659591 | D23: 12146350000 | E23: 195329892 | F23: 56184439 | G23: 56184439 | H23: =+G23/E23 -> 0.28763871
A24: JULIO | B24: Municipios - 11001 - BOGOTA D.C. [BOGOTA] - Propios | C24: 8542659591 | D24: 12146350000 | E24: 420810660 | F24: 333041893 | G24: 333041893 | H24: =+G24/E24 -> 0.79142932
A25: AGOSTO | B25: Municipios - 11001 - BOGOTA D.C. [BOGOTA] - Propios | C25: 8542659591 | D25: 12151014184 | E25: 420810660 | F25: 350335493 | G25: 350335493 | H25: =+G25/E25 -> 0.83252523
A26: SEPTIEMBRE | B26: Municipios - 11001 - BOGOTA D.C. [BOGOTA] - Propios | C26: 8542659591 | D26: 12151014184 | E26: 655996905 | F26: 367385393 | G26: 367385393 | H26: =+G26/E26 -> 0.56004135
A27: OCTUBRE | B27: Municipios - 11001 - BOGOTA D.C. [BOGOTA] - Propios | C27: 8542659591 | D27: 12151014184 | E27: 7559884927 | F27: 702906236 | G27: 702906236 | H27: =+G27/E27 -> 0.092978431
A28: NOVIEMBRE | B28: Municipios - 11001 - BOGOTA D.C. [BOGOTA] - Propios | C28: =+D27 -> 12151014184 | D28: 12151014184 | E28: =+[1]INVERSIÓN!BC45 -> 8151384927 | F28: 1242456231 | G28: 1242456231 | H28: =+G28/E28 -> 0.15242272
A29: DICIEMBRE | B29: Municipios - 11001 - BOGOTA D.C. [BOGOTA] - Propios | C29: =+D28 -> 12151014184 | D29: 11411014184 | E29: 11223089870 | F29: 8223142105 | G29: 8223142105 | H29: =+G29/E29 -> 0.73269859
A31: I PRESUPUESTAL VIGENCIA 2022
A32: AÑO 2022 | B32: FUENTE | C32: APROPIACION INICIAL | D32: APROPIACION VIGENTE | E32: COMPROMISOS | F32: OBLIGACIÓN | G32: PAGO | H32: %PAGO
A33: ENERO | B33: Municipios - 11001 - BOGOTA D.C. [BOGOTA] - Propios | C33: 4463100000 | D33: =+C33 -> 4463100000 | E33: 3603745816 | F33: 0 | G33: 0 | H33: 0
A34: FEBRERO | B34: Municipios - 11001 - BOGOTA D.C. [BOGOTA] - Propios | C34: 4463100000 | D34: =+C34 -> 4463100000 | E34: 3603745816 | F34: 2595633 | G34: =+F34 -> 2595633 | H34: =G34/E34 -> 0.00072025973
A35: MARZO | B35: Municipios - 11001 - BOGOTA D.C. [BOGOTA] - Propios | C35: 5303100000 | D35: 5463100000 | E35: 3633620826 | F35: 16045733 | G35: 16045733 | H35: =G35/E35 -> 0.0044159074
A36: ABRIL | B36: Municipios - 11001 - BOGOTA D.C. [BOGOTA] - Propios | C36: 5463100000 | D36: 5463100000 | E36: 3941021398 | F36: 198960805 | G36: 16045733 | H36: =G36/E36 -> 0.0040714656
A37: MAYO | B37: Municipios - 11001 - BOGOTA D.C. [BOGOTA] - Propios | C37: 5463100000 | D37: 5463100000 | E37: 4856716011 | F37: 1128813418 | G37: 1128813418 | H37: =G37/E37 -> 0.23242319
A38: JUNIO | B38: Municipios - 11001 - BOGOTA D.C. [BOGOTA] - Propios | C38: 5463100000 | D38: 5873100000 | E38: 4906293889 | F38: 1192549296 | G38: 1192549296 | H38: =G38/E38 -> 0.2430652
A39: JULIO | B39: Municipios - 11001 - BOGOTA D.C. [BOGOTA] - Propios | C39: 5463100000 | D39: 5873100000 | E39: 4906293889 | F39: 1206707296 | G39: 1206707296 | H39: =G39/E39 -> 0.24595088
A40: AGOSTO | B40: Municipios - 11001 - BOGOTA D.C. [BOGOTA] - Propios | C40: 5463100000 | D40: 5873100000 | E40: 4906293889 | F40: 1217797729 | G40: 1217797729 | H40: =G40/E40 -> 0.24821133
A41: SEPTIEMBRE | B41: Municipios - 11001 - BOGOTA D.C. [BOGOTA] - Propios | C41: 5463100000 | D41: 5873100000 | E41: 5327478752 | F41: 1445834220 | G41: 1445834220 | H41: =G41/E41 -> 0.27139183
A42: OCTUBRE | B42: Municipios - 11001 - BOGOTA D.C. [BOGOTA] - Propios | C42: 5463100000 | D42: 7980457084 | E42: 5327478752 | F42: 1452913220 | G42: 1452913220 | H42: =G42/E42 -> 0.2727206
A43: NOVIEMBRE | B43: Municipios - 11001 - BOGOTA D.C. [BOGOTA] - Propios | C43: 5463100000 | D43: 8130457084 | E43: 5490474155 | F43: 1571237600 | G43: 1571237600 | H43: =G43/E43 -> 0.28617521
A44: DICIEMBRE | B44: Municipios - 11001 - BOGOTA D.C. [BOGOTA] - Propios | C44: 5463100000 | D44: 8130457084 | E44: 8086652008 | F44: 6058406344 | G44: 6058406344 | H44: =G44/E44 -> 0.74918598
A46: I PRESUPUESTAL VIGENCIA 2023
A47: AÑO 2022 | B47: FUENTE | C47: APROPIACION INICIAL | D47: APROPIACION VIGENTE | E47: COMPROMISOS | F47: OBLIGACIÓN | G47: PAGO | H47: %PAGO
A48: ENERO | B48: Municipios - 11001 - BOGOTA D.C. [BOGOTA] - Propios | C48: 18621802000 | D48: 18621802000 | E48: 15214453910 | F48: 0 | G48: 0 | H48: =+G48/E48 -> 0
A49: FEBRERO | B49: Municipios - 11001 - BOGOTA D.C. [BOGOTA] - Propios | C49: 18621802000 | D49: 18621802000 | E49: 15285243910 | F49: 4068900 | G49: 4068900 | H49: 0.00026619791
A50: MARZO | B50: Municipios - 11001 - BOGOTA D.C. [BOGOTA] - Propios | C50: 18621802000 | D50: =+D49 -> 18621802000 | E50: =+[2]INVERSIÓN!DK45 -> 15301042444 | F50: 15055718277 | G50: 15055718277 | H50: =+G50/E50 -> 0.98396683
A51: ABRIL | B51: Municipios - 11001 - BOGOTA D.C. [BOGOTA] - Propios | C51: 18621802000 | D51: 18621802000 | E51: 15253029444 | F51: 15076961844 | G51: 15076961844 | H51: =+G51/E51 -> 0.98845688
A52: MAYO | B52: Municipios - 11001 - BOGOTA D.C. [BOGOTA] - Propios | C52: 18621802000 | D52: 18621802000 | E52: 15264114444 | F52: 15108280377 | G52: 15108280377 | H52: =+G52/E52 -> 0.98979082
A53: JUNIO | B53: Municipios - 11001 - BOGOTA D.C. [BOGOTA] - Propios | C53: 18621802000 | D53: 18621802000 | E53: 15264114444 | F53: 15130865377 | G53: 15130865377 | H53: =+G53/E53 -> 0.99127044
A54: JULIO | B54: Municipios - 11001 - BOGOTA D.C. [BOGOTA] - Propios | C54: 18621802000 | D54: 18621802000 | E54: 15264114444 | F54: 15153450377 | G54: 15153450377 | H54: =+G54/E54 -> 0.99275005
A55: AGOSTO | B55: Municipios - 11001 - BOGOTA D.C. [BOGOTA] - Propios | C55: 18621802000 | D55: 18621802000 | E55: 15278272444 | F55: 15176035377 | G55: 15176035377 | H55: =+G55/E55 -> 0.99330834
A56: SEPTIEMBRE | B56: Municipios - 11001 - BOGOTA D.C. [BOGOTA] - Propios | C56: 18621802000 | D56: 18621802000 | E56: 15301042444 | F56: 15201923910 | G56: 15201923910 | H56: =+G56/E56 -> 0.99352211
A57: OCTUBRE | B57: Municipios - 11001 - BOGOTA D.C. [BOGOTA] - Propios | C57: 18621802000
A58: NOVIEMBRE | B58: Municipios - 11001 - BOGOTA D.C. [BOGOTA] - Propios | C58: 18621802000
A59: DICIEMBRE | B59: Municipios - 11001 - BOGOTA D.C. [BOGOTA] - Propios | C59: 18621802000
A61: I PRESUPUESTAL VIGENCIA 2024
A62: AÑO 2024 | B62: FUENTE | C62: APROPIACION INICIAL | D62: APROPIACION VIGENTE | E62: COMPROMISOS | F62: OBLIGACIÓN | G62: PAGO | H62: %PAGO
A63: ENERO
A64: FEBRERO
A65: MARZO
A66: ABRIL
A67: MAYO
A68: JUNIO
A69: JULIO
A70: AGOSTO
A71: SEPTIEMBRE
A72: OCTUBRE
A73: NOVIEMBRE
A74: DICIEMBRE | H74: =G74/E74 -> #DIV/0!
A78: II PRODUCTO (FÍSICO) VIGENCIA 2020
A79: AÑO 2020 | B79: OBJETIVO ESPECÍFICO | C79: PRODUCTO MGA | D79: INDICADOR DE PRODUCTO | E79: UNIDAD DE MEDIDA | F79: % PESO 2020 | G79: META TOTAL PROYECTO 2020-2024 | H79: META VIGENCIA 2020 | I79: AVANCE VIGENCIA 2020 | J79: % AVANCE VIGENCIA 2020 | K79: META REZAGADA | L79: AVANCE REZAGADO | M79: %AVANCE RESERVA | N79: OBSERVACIÓN MENSUAL (200 Caracteres)
A80: JULIO | O80: .
A81: AGOSTO
A82: SEPTIEMBRE | O82: .
A83: OCTUBRE | B83: Aumentar la infraestructura para garantizar la ejecución de las actividades propias de la SDA | C83: Sedes construidas | D83: Sedes construidas | E83: Número - Número: Cantidad | F83: 100 | G83: 3 | H83: 2 | I83: 0.25 | J83: 0.125
A84: NOVIEMBRE | B84: Aumentar la infraestructura para garantizar la ejecución de las actividades propias de la SDA | C84: Sedes construidas | D84: Sedes construidas | E84: Número - Número: Cantidad | F84: 100 | G84: 3 | H84: 2 | I84: 0.25 | J84: 0.125 | O84: .
A85: DICIEMBRE | B85: Aumentar la infraestructura para garantizar la ejecución de las actividades propias de la SDA | C85: Sedes construidas | D85: Sedes construidas | E85: Número - Número: Cantidad | F85: 100 | G85: 3 | H85: 2 | I85: 0.25 | J85: 0.125
A87: II PRODUCTO (FÍSICO) VIGENCIA 2021
A88: AÑO 2021 | B88: OBJETIVO ESPECÍFICO | C88: PRODUCTO MGA | D88: INDICADOR DE PRODUCTO | E88: UNIDAD DE MEDIDA | F88: % PESO 2021 | G88: META TOTAL PROYECTO 2020-2024 | H88: META VIGENCIA 2021 | I88: AVANCE VIGENCIA 2021 | J88: % AVANCE VIGENCIA 2021 | K88: META REZAGADA | L88: AVANCE REZAGADO | M88: %AVANCE RESERVA | N88: OBSERVACIÓN MENSUAL (200 Caracteres)
A89: ENERO | B89: Aumentar la infraestructura para garantizar la ejecución de las actividades propias de la SDA | C89: Sedes construidas | D89: Sedes construidas | E89: Número - Número: Cantidad | F89: 100 | G89: 3 | H89: 0 | I89: 0 | J89: 0 | K89: 0.25 | L89: 0 | M89: 0 | N89: Se presenta la descripción del avance en el Resumen Ejecutivo. | O89: .
B90: Adecuar y mejorar las condiciones de la infraestructura del sector ambiente | C90: Sedes mantenidas | D90: Sedes mantenidas | E90: Número - Número: Cantidad | F90: 100 | G90: 1 | H90: 1 | I90: 0 | J90: 0 | K90: 0.68 | L90: 0 | M90: =+L90/K90 -> 0
B91: Diagnosticar, adecuar y mejorar la infraestructura existente general del Sector Ambiente | C91: Sedes adecuadas | D91: Sedes adecuadas | E91: Número - Número: Cantidad | F91: 100 | G91: 1 | H91: 1 | I91: 0 | J91: 0 | O91: .
A92: FEBRERO | B92: Aumentar la infraestructura para garantizar la ejecución de las actividades propias de la SDA | C92: Sedes construidas | D92: Sedes construidas | E92: Número - Número: Cantidad | F92: 100 | G92: 3 | H92: 0 | I92: 0 | J92: 0 | K92: 0.25 | L92: 0 | M92: 0 | N92: Se presenta la descripción del avance en el Resumen Ejecutivo. | O92: .
B93: Adecuar y mejorar las condiciones de la infraestructura del sector ambiente | C93: Sedes mantenidas | D93: Sedes mantenidas | E93: Número - Número: Cantidad | F93: 100 | G93: 1 | H93: 1 | I93: 0 | J93: 0 | K93: 0.68 | L93: 0.06 | M93: =+L93/K93 -> 0.088235294 | O93: .
B94: Diagnosticar, adecuar y mejorar la infraestructura existente general del Sector Ambiente | C94: Sedes adecuadas | D94: Sedes adecuadas | E94: Número - Número: Cantidad | F94: 100 | G94: 1 | H94: 1 | I94: 0 | J94: 0 | O94: .
A95: MARZO | B95: Aumentar la infraestructura para garantizar la ejecución de las actividades propias de la SDA | C95: Sedes construidas | D95: Sedes construidas | E95: Número - Número: Cantidad | F95: 100 | G95: 3 | H95: 0 | I95: 0.02 | J95: 0 | K95: 0.25 | L95: 0 | M95: 0 | N95: Se presenta la descripción del avance en el Resumen Ejecutivo. | O95: .
B96: Adecuar y mejorar las condiciones de la infraestructura del sector ambiente | C96: Sedes mantenidas | D96: Sedes mantenidas | E96: Número - Número: Cantidad | F96: 100 | G96: 1 | H96: 1 | I96: 0 | J96: 0 | K96: 0.68 | L96: 0.49064615 | M96: =+L96/K96 -> 0.72153846 | O96: .
B97: Diagnosticar, adecuar y mejorar la infraestructura existente general del Sector Ambiente | C97: Sedes adecuadas | D97: Sedes adecuadas | E97: Número - Número: Cantidad | F97: 100 | G97: 1 | H97: 1 | I97: 0 | J97: 0 | O97: .
A98: ABRIL | B98: Aumentar la infraestructura para garantizar la ejecución de las actividades propias de la SDA | C98: Sedes construidas | D98: Sedes construidas | E98: Número - Número: Cantidad | F98: 100 | G98: 3 | H98: 0 | I98: 0.03 | J98: 0 | K98: 0.25 | L98: 0 | M98: =+L98/K98 -> 0 | N98: Se presenta la descripción del avance en el Resumen Ejecutivo. | O98: .
B99: Adecuar y mejorar las condiciones de la infraestructura del sector ambiente | C99: Sedes mantenidas | D99: Sedes mantenidas | E99: Número - Número: Cantidad | F99: 100 | G99: 1 | H99: 1 | I99: 0 | J99: =+I99/H99 -> 0 | K99: 0.68 | L99: 0.612 | M99: =+L99/K99 -> 0.9 | O99: .
B100: Diagnosticar, adecuar y mejorar la infraestructura existente general del Sector Ambiente | C100: Sedes adecuadas | D100: Sedes adecuadas | E100: Número - Número: Cantidad | F100: 100 | G100: 1 | H100: 1 | I100: 0 | J100: =+I100/H100 -> 0 | O100: .
A101: MAYO | B101: Aumentar la infraestructura para garantizar la ejecución de las actividades propias de la SDA | C101: Sedes construidas | D101: Sedes construidas | E101: Número - Número: Cantidad | F101: 100 | G101: 3 | H101: 0 | I101: 0.03 | J101: 0 | K101: 0.25 | L101: 0 | M101: =+L101/K101 -> 0 | N101: Se presenta la descripción del avance en el Resumen Ejecutivo.
B102: Adecuar y mejorar las condiciones de la infraestructura del sector ambiente | C102: Sedes mantenidas | D102: Sedes mantenidas | E102: Número - Número: Cantidad | F102: 100 | G102: 1 | H102: 1 | I102: 0 | J102: =+I102/H102 -> 0 | K102: 0.68 | L102: 0.68 | M102: 1
B103: Diagnosticar, adecuar y mejorar la infraestructura existente general del Sector Ambiente | C103: Sedes adecuadas | D103: Sedes adecuadas | E103: Número - Número: Cantidad | F103: 100 | G103: 1 | H103: 1 | I103: 0 | J103: =+I103/H103 -> 0
A104: JUNNIO | B104: Aumentar la infraestructura para garantizar la ejecución de las actividades propias de la SDA | C104: Sedes construidas | D104: Sedes construidas | E104: Número - Número: Cantidad | F104: 100 | G104: 3 | H104: 0 | I104: 0.03 | J104: 0 | K104: 0.25 | L104: 0 | M104: =+L104/K104 -> 0 | N104: Se presenta la descripción del avance en el Resumen Ejecutivo.
B105: Adecuar y mejorar las condiciones de la infraestructura del sector ambiente | C105: Sedes mantenidas | D105: Sedes mantenidas | E105: Número - Número: Cantidad | F105: 100 | G105: 1 | H105: 1 | I105: 0 | J105: =+I105/H105 -> 0 | K105: 0.68 | L105: 0.68 | M105: 1
B106: Diagnosticar, adecuar y mejorar la infraestructura existente general del Sector Ambiente | C106: Sedes adecuadas | D106: Sedes adecuadas | E106: Número - Número: Cantidad | F106: 100 | G106: 1 | H106: 1 | I106: 0 | J106: =+I106/H106 -> 0 | O106: .
A107: JUNNIO | B107: Aumentar la infraestructura para garantizar la ejecución de las actividades propias de la SDA | C107: Sedes construidas | D107: Sedes construidas | E107: Número - Número: Cantidad | F107: 100 | G107: 3 | H107: 0 | I107: 0.07 | J107: =+I107/G107 -> 0.023333333 | K107: 0.25 | L107: 0 | M107: =+L107/K107 -> 0 | N107: Se presenta la descripción del avance en el Resumen Ejecutivo.
B108: Adecuar y mejorar las condiciones de la infraestructura del sector ambiente | C108: Sedes mantenidas | D108: Sedes mantenidas | E108: Número - Número: Cantidad | F108: 100 | G108: 1 | H108: 1 | I108: =+F253/E253 -> 0.094331326 | J108: =+I108/G108 -> 0.094331326 | K108: 0.68 | L108: 0.68 | M108: 1
B109: Diagnosticar, adecuar y mejorar la infraestructura existente general del Sector Ambiente | C109: Sedes adecuadas | D109: Sedes adecuadas | E109: Número - Número: Cantidad | F109: 100 | G109: 1 | H109: 1 | I109: 0 | J109: =+I109/G109 -> 0
...
